Workbook
Name Alcance6: '[1]Presupuesto Contrato'!#REF!
Name JHHHHH: #REF!
Name JHHHHH: #REF!
Name JHHHHH: #REF!
Name JHHHHH: #REF!
Name JHHHHH: #REF!
Name JHHHHH: #REF!
Name JHHHHH: 'Cuadro A - Presupuesto'!#REF!
Name JHHHHH: #REF!
Name JHHHHH: #REF!
Name jjjj: #REF!

Sheet POI Fisico
F2: CONTROL DE CUMPLIMIENTO DE EJECUCIÓN FÍSICA | L2: Versión 01
L3: Fecha Versión:
C6: CONTRATO 110-CNT2011-148
C7: Objeto | D7: Formulación de los Planes de Ordenamiento del Recurso Hídrico en cuerpos de agua priorizados por la Corporación
C8: Fecha de Inicio | D8: 44152
C9: Fecha de Vencimiento | D9: 44912
C10: Fecha de corte | D10: 44152
C11: Porcentaje de Ejecución | D11: =+(D10-D8)/(D9-D8) -> 0
C12: OBSERVACIONES:
C13: CONVENCIONES: P=Meta Proyectada, E=Ejecución
B15: Descripción | E15: Cantidad | F15: Producto | G15: % de Importancia | H15: Mes (1) 17/11/2020 al 16/12/2020 | M15: Mes (2) 17/12/2020 al 16/01/2021 | R15: Mes (3) 17/01/2021 al 16/02/2021 | W15: Mes (4) 17/02/2021 al 16/03/2021 | AB15: Mes (5) 17/03/2021 al 16/04/2021 | AG15: Mes (6) 17/04/2021 al 16/05/2021 | AL15: Mes (7) 17/05/2021 al 16/06/2021 | AQ15: Mes (8) 17/06/2021 al 16/07/2021 | AV15: Mes (9) 17/07/2021 al 16/08/2021 | BA15: Mes (10) 17/08/2021 al 16/09/2021 | BF15: Mes (11) 17/09/2021 al 16/10/2021 | BK15: Mes (12) 17/10/2021 al 16/11/2021 | BP15: Mes (13) 17/11/2021 al 16/12/2021 | BU15: Mes (14) 17/12/2021 al 16/01/2022 | BZ15: TOTALES
H16: P | I16: E | J16: cumplim. | K16: eficacia | L16: Observación Cualitativas | M16: P | N16: E | O16: cumplim. | P16: eficacia | Q16: Observación Cualitativas | R16: P | S16: E | T16: C | U16: eficacia | V16: Observación Cualitativas | W16: P | X16: E | Y16: C | Z16: eficacia | AA16: Observación Cualitativas | AB16: P | AC16: E | AD16: C | AE16: eficacia | AF16: Observación Cualitativas | AG16: P | AH16: E | AI16: C | AJ16: eficacia | AK16: Observación Cualitativas | AL16: P | AM16: E | AN16: C | AO16: eficacia | AP16: Observación Cualitativas | AQ16: P | AR16: E | AS16: C | AT16: eficacia | AU16: Observación Cualitativas | AV16: P | AW16: E | AX16: C | AY16: eficacia | AZ16: Observación Cualitativas | BA16: P | BB16: E | BC16: C | BD16: eficacia | BE16: Observación Cualitativas | BF16: P | BG16: E | BH16: C | BI16: eficacia | BJ16: Observación Cualitativas | BK16: P | BL16: E | BM16: C | BN16: eficacia | BO16: Observación Cualitativas | BP16: P | BQ16: E | BR16: C | BS16: eficacia | BT16: Observación Cualitativas | BU16: P | BV16: E | BW16: C | BX16: eficacia | BY16: Observación Cualitativas | BZ16: Meta Proyectada | CA16: Meta Ejecutada | CB16: Cumplimiento | CC16: eficacia
B17: 1 | C17: ALCANCE 1 | D17: FASE DE DECLARATORIA | E17: =SUM(E18:E20) -> 112 | F17: Actos administrativos | G17: 0.1
B18: 1.1 | C18: Actividad 1.1 | D18: Realizar la Declaratoria en ordenamient de las corrientes R. Dolores, R. Yarumalito, Q. La Noque, Q. Sbaleta Trinidad y Q. La vívora | E18: 5 | F18: Doumentos acto administrativo | G18: 0.3 | H18: 5 | J18: =IF(H18="",0,I18/H18) -> 0 | K18: =IFERROR(IF(H18="",0,($G18*(I18/$E18))),0) -> 0 | O18: =IF(M18="",0,N18/M18) -> 0 | P18: =IFERROR(IF(M18="",0,($G18*(N18/$E18))),0) -> 0 | T18: =IF(R18="",0,S18/R18) -> 0 | U18: =IFERROR(IF(R18="",0,($G18*(S18/$E18))),0) -> 0 | Y18: =IF(W18="",0,X18/W18) -> 0 | Z18: =IFERROR(IF(W18="",0,($G18*(X18/$E18))),0) -> 0 | AD18: =IF(AB18="",0,AC18/AB18) -> 0 | AE18: =IFERROR(IF(AB18="",0,($G18*(AC18/$E18))),0) -> 0 | AI18: =IF(AG18="",0,AH18/AG18) -> 0 | AJ18: =IFERROR(IF(AG18="",0,($G18*(AH18/$E18))),0) -> 0 | AN18: =IF(AL18="",0,AM18/AL18) -> 0 | AO18: =IFERROR(IF(AL18="",0,($G18*(AM18/$E18))),0) -> 0 | AS18: =IF(AQ18="",0,AR18/AQ18) -> 0 | AT18: =IFERROR(IF(AQ18="",0,($G18*(AR18/$E18))),0) -> 0 | AX18: =IF(AV18="",0,AW18/AV18) -> 0 | AY18: =IFERROR(IF(AV18="",0,($G18*(AW18/$E18))),0) -> 0 | BC18: =IF(BA18="",0,BB18/BA18) -> 0 | BD18: =IFERROR(IF(BA18="",0,($G18*(BB18/$E18))),0) -> 0 | BH18: =IF(BF18="",0,BG18/BF18) -> 0 | BI18: =IFERROR(IF(BF18="",0,($G18*(BG18/$E18))),0) -> 0 | BM18: =IF(BK18="",0,BL18/BK18) -> 0 | BN18: =IFERROR(IF(BK18="",0,($G18*(BL18/$E18))),0) -> 0 | BR18: =IF(BP18="",0,BQ18/BP18) -> 0 | BS18: =IFERROR(IF(BP18="",0,($G18*(BQ18/$E18))),0) -> 0 | BW18: =IF(BU18="",0,BV18/BU18) -> 0 | BX18: =IFERROR(IF(BU18="",0,($G18*(BV18/$E18))),0) -> 0 | BZ18: =H18+M18+R18+W18+AB18+AG18+AL18+AQ18+AV18+BA18+BF18+BK18+BP18+BU18 -> 5 | CA18: =I18+N18+S18+X18+AC18+AH18+AM18+AR18+AW18+BB18+BG18+BL18+BQ18+BV18 -> 0 | CB18: =IF(BZ18="",0,CA18/BZ18) -> 0 | CC18: =IFERROR(IF(BZ18="",0,($G18*(CA18/$E18))),0) -> 0
B19: 1.2 | C19: Actividad 1.2 | D19: Socialización del proyecto y diligenciamiento del RURH (Incluye 100 refrigerios, gatos de viaje, transporte de tres personas) | E19: 7 | F19: Talleres | G19: 0.1 | J19: =IF(H19="",0,I19/H19) -> 0 | K19: =IFERROR(IF(H19="",0,($G19*(I19/$E19))),0) -> 0 | M19: 7 | O19: =IF(M19="",0,N19/M19) -> 0 | P19: =IFERROR(IF(M19="",0,($G19*(N19/$E19))),0) -> 0 | T19: =IF(R19="",0,S19/R19) -> 0 | U19: =IFERROR(IF(R19="",0,($G19*(S19/$E19))),0) -> 0 | Y19: =IF(W19="",0,X19/W19) -> 0 | Z19: =IFERROR(IF(W19="",0,($G19*(X19/$E19))),0) -> 0 | AD19: =IF(AB19="",0,AC19/AB19) -> 0 | AE19: =IFERROR(IF(AB19="",0,($G19*(AC19/$E19))),0) -> 0 | AI19: =IF(AG19="",0,AH19/AG19) -> 0 | AJ19: =IFERROR(IF(AG19="",0,($G19*(AH19/$E19))),0) -> 0 | AN19: =IF(AL19="",0,AM19/AL19) -> 0 | AO19: =IFERROR(IF(AL19="",0,($G19*(AM19/$E19))),0) -> 0 | AS19: =IF(AQ19="",0,AR19/AQ19) -> 0 | AT19: =IFERROR(IF(AQ19="",0,($G19*(AR19/$E19))),0) -> 0 | AX19: =IF(AV19="",0,AW19/AV19) -> 0 | AY19: =IFERROR(IF(AV19="",0,($G19*(AW19/$E19))),0) -> 0 | BC19: =IF(BA19="",0,BB19/BA19) -> 0 | BD19: =IFERROR(IF(BA19="",0,($G19*(BB19/$E19))),0) -> 0 | BH19: =IF(BF19="",0,BG19/BF19) -> 0 | BI19: =IFERROR(IF(BF19="",0,($G19*(BG19/$E19))),0) -> 0 | BM19: =IF(BK19="",0,BL19/BK19) -> 0 | BN19: =IFERROR(IF(BK19="",0,($G19*(BL19/$E19))),0) -> 0 | BR19: =IF(BP19="",0,BQ19/BP19) -> 0 | BS19: =IFERROR(IF(BP19="",0,($G19*(BQ19/$E19))),0) -> 0 | BW19: =IF(BU19="",0,BV19/BU19) -> 0 | BX19: =IFERROR(IF(BU19="",0,($G19*(BV19/$E19))),0) -> 0 | BZ19: =H19+M19+R19+W19+AB19+AG19+AL19+AQ19+AV19+BA19+BF19+BK19+BP19+BU19 -> 7 | CA19: =I19+N19+S19+X19+AC19+AH19+AM19+AR19+AW19+BB19+BG19+BL19+BQ19+BV19 -> 0 | CB19: =IF(BZ19="",0,CA19/BZ19) -> 0 | CC19: =IFERROR(IF(BZ19="",0,($G19*(CA19/$E19))),0) -> 0
A20: 0 | B20: 1.3 | C20: Actividad 1.3 | D20: Primer acercamiento y diligenciamiento del RURH (incluye gastos de viaje, transporte urbano, transporte rural de dos personas del equipo). | E20: 100 | F20: Recorridos | G20: 0.6 | H20: 20 | J20: =IF(H20="",0,I20/H20) -> 0 | K20: =IFERROR(IF(H20="",0,($G20*(I20/$E20))),0) -> 0 | M20: 80 | O20: =IF(M20="",0,N20/M20) -> 0 | P20: =IFERROR(IF(M20="",0,($G20*(N20/$E20))),0) -> 0 | T20: =IF(R20="",0,S20/R20) -> 0 | U20: =IFERROR(IF(R20="",0,($G20*(S20/$E20))),0) -> 0 | Y20: =IF(W20="",0,X20/W20) -> 0 | Z20: =IFERROR(IF(W20="",0,($G20*(X20/$E20))),0) -> 0 | AD20: =IF(AB20="",0,AC20/AB20) -> 0 | AE20: =IFERROR(IF(AB20="",0,($G20*(AC20/$E20))),0) -> 0 | AI20: =IF(AG20="",0,AH20/AG20) -> 0 | AJ20: =IFERROR(IF(AG20="",0,($G20*(AH20/$E20))),0) -> 0 | AN20: =IF(AL20="",0,AM20/AL20) -> 0 | AO20: =IFERROR(IF(AL20="",0,($G20*(AM20/$E20))),0) -> 0 | AS20: =IF(AQ20="",0,AR20/AQ20) -> 0 | AT20: =IFERROR(IF(AQ20="",0,($G20*(AR20/$E20))),0) -> 0 | AX20: =IF(AV20="",0,AW20/AV20) -> 0 | AY20: =IFERROR(IF(AV20="",0,($G20*(AW20/$E20))),0) -> 0 | BC20: =IF(BA20="",0,BB20/BA20) -> 0 | BD20: =IFERROR(IF(BA20="",0,($G20*(BB20/$E20))),0) -> 0 | BH20: =IF(BF20="",0,BG20/BF20) -> 0 | BI20: =IFERROR(IF(BF20="",0,($G20*(BG20/$E20))),0) -> 0 | BM20: =IF(BK20="",0,BL20/BK20) -> 0 | BN20: =IFERROR(IF(BK20="",0,($G20*(BL20/$E20))),0) -> 0 | BR20: =IF(BP20="",0,BQ20/BP20) -> 0 | BS20: =IFERROR(IF(BP20="",0,($G20*(BQ20/$E20))),0) -> 0 | BW20: =IF(BU20="",0,BV20/BU20) -> 0 | BX20: =IFERROR(IF(BU20="",0,($G20*(BV20/$E20))),0) -> 0 | BZ20: =H20+M20+R20+W20+AB20+AG20+AL20+AQ20+AV20+BA20+BF20+BK20+BP20+BU20 -> 100 | CA20: =I20+N20+S20+X20+AC20+AH20+AM20+AR20+AW20+BB20+BG20+BL20+BQ20+BV20 -> 0 | CB20: =IF(BZ20="",0,CA20/BZ20) -> 0 | CC20: =IFERROR(IF(BZ20="",0,($G20*(CA20/$E20))),0) -> 0
C21: TOTAL ALCANCE 1 | E21: =SUM(E18:E20) -> 112 | G21: =SUM(G18:G20) -> 1 | H21: =SUM(H18:H20) -> 25 | I21: =SUM(I18:I20) -> 0 | J21: =IFERROR(IF(H21="",0,I21/H21),0) -> 0 | K21: =SUM(K18:K19)*$G17 -> 0 | M21: =SUM(M18:M20) -> 87 | N21: =SUM(N18:N20) -> 0 | O21: =IFERROR(IF(M21="",0,N21/M21),0) -> 0 | P21: =SUM(P18:P20)*$G17 -> 0 | R21: =SUM(R18:R20) -> 0 | S21: =SUM(S18:S20) -> 0 | T21: =IFERROR(IF(R21="",0,S21/R21),0) -> 0 | U21: =SUM(U18:U20)*$G17 -> 0 | W21: =SUM(W18:W20) -> 0 | X21: =SUM(X18:X20) -> 0 | Y21: =IFERROR(IF(W21="",0,X21/W21),0) -> 0 | Z21: =SUM(Z18:Z20)*$G17 -> 0 | AB21: =SUM(AB18:AB20) -> 0 | AC21: =SUM(AC18:AC20) -> 0 | AD21: =IFERROR(IF(AB21="",0,AC21/AB21),0) -> 0 | AE21: =SUM(AE18:AE20)*$G17 -> 0 | AG21: =SUM(AG18:AG20) -> 0 | AH21: =SUM(AH18:AH20) -> 0 | AI21: =IFERROR(IF(AG21="",0,AH21/AG21),0) -> 0 | AJ21: =SUM(AJ18:AJ20)*$G17 -> 0 | AL21: =SUM(AL18:AL20) -> 0 | AM21: =SUM(AM18:AM20) -> 0 | AN21: =IFERROR(IF(AL21="",0,AM21/AL21),0) -> 0 | AO21: =SUM(AO18:AO20)*$G17 -> 0 | AQ21: =SUM(AQ18:AQ20) -> 0 | AR21: =SUM(AR18:AR20) -> 0 | AS21: =IFERROR(IF(AQ21="",0,AR21/AQ21),0) -> 0 | AT21: =SUM(AT18:AT20)*$G17 -> 0 | AV21: =SUM(AV18:AV20) -> 0 | AW21: =SUM(AW18:AW20) -> 0 | AX21: =IFERROR(IF(AV21="",0,AW21/AV21),0) -> 0 | AY21: =SUM(AY18:AY20)*$G17 -> 0 | BA21: =SUM(BA18:BA20) -> 0 | BB21: =SUM(BB18:BB20) -> 0 | BC21: =IFERROR(IF(BA21="",0,BB21/BA21),0) -> 0 | BD21: =SUM(BD18:BD20)*$G17 -> 0 | BF21: =SUM(BF18:BF20) -> 0 | BG21: =SUM(BG18:BG20) -> 0 | BH21: =IFERROR(IF(BF21="",0,BG21/BF21),0) -> 0 | BI21: =SUM(BI18:BI20)*$G17 -> 0 | BK21: =SUM(BK18:BK20) -> 0 | BL21: =SUM(BL18:BL20) -> 0 | BM21: =IFERROR(IF(BK21="",0,BL21/BK21),0) -> 0 | BN21: =SUM(BN18:BN20)*$G17 -> 0 | BP21: =SUM(BP18:BP20) -> 0 | BQ21: =SUM(BQ18:BQ20) -> 0 | BR21: =IFERROR(IF(BP21="",0,BQ21/BP21),0) -> 0 | BS21: =SUM(BS18:BS20)*$G17 -> 0 | BU21: =SUM(BU18:BU20) -> 0 | BV21: =SUM(BV18:BV20) -> 0 | BW21: =IFERROR(IF(BU21="",0,BV21/BU21),0) -> 0 | BX21: =SUM(BX18:BX20)*$G17 -> 0 | BZ21: =SUM(BZ18:BZ20) -> 112 | CA21: =SUM(CA18:CA20) -> 0 | CB21: =IF(BZ21="",0,CA21/BZ21) -> 0 | CC21: =SUM(CC18:CC20)*$G17 -> 0
B22: 2 | C22: ALCANCE 2 | D22: FASE DE DIAGNÓSTICO | G22: 0.25
B23: 2.1 | C23: Actividad 2.1 | D23: Presentar documento de metodología del Diagnóstico | E23: 5 | F23: Documentos | G23: 0.3 | H23: 5 | J23: =IF(H23="",0,I23/H23) -> 0 | K23: =IFERROR(IF(H23="",0,($G23*(I23/$E23))),0) -> 0 | O23: =IF(M23="",0,N23/M23) -> 0 | P23: =IFERROR(IF(M23="",0,($G23*(N23/$E23))),0) -> 0 | T23: =IF(R23="",0,S23/R23) -> 0 | U23: =IFERROR(IF(R23="",0,($G23*(S23/$E23))),0) -> 0 | Y23: =IF(W23="",0,X23/W23) -> 0 | Z23: =IFERROR(IF(W23="",0,($G23*(X23/$E23))),0) -> 0 | AD23: =IF(AB23="",0,AC23/AB23) -> 0 | AE23: =IFERROR(IF(AB23="",0,($G23*(AC23/$E23))),0) -> 0 | AI23: =IF(AG23="",0,AH23/AG23) -> 0 | AJ23: =IFERROR(IF(AG23="",0,($G23*(AH23/$E23))),0) -> 0 | AN23: =IF(AL23="",0,AM23/AL23) -> 0 | AO23: =IFERROR(IF(AL23="",0,($G23*(AM23/$E23))),0) -> 0 | AS23: =IF(AQ23="",0,AR23/AQ23) -> 0 | AT23: =IFERROR(IF(AQ23="",0,($G23*(AR23/$E23))),0) -> 0 | AX23: =IF(AV23="",0,AW23/AV23) -> 0 | AY23: =IFERROR(IF(AV23="",0,($G23*(AW23/$E23))),0) -> 0 | BC23: =IF(BA23="",0,BB23/BA23) -> 0 | BD23: =IFERROR(IF(BA23="",0,($G23*(BB23/$E23))),0) -> 0 | BH23: =IF(BF23="",0,BG23/BF23) -> 0 | BI23: =IFERROR(IF(BF23="",0,($G23*(BG23/$E23))),0) -> 0 | BM23: =IF(BK23="",0,BL23/BK23) -> 0 | BN23: =IFERROR(IF(BK23="",0,($G23*(BL23/$E23))),0) -> 0 | BR23: =IF(BP23="",0,BQ23/BP23) -> 0 | BS23: =IFERROR(IF(BP23="",0,($G23*(BQ23/$E23))),0) -> 0 | BW23: =IF(BU23="",0,BV23/BU23) -> 0 | BX23: =IFERROR(IF(BU23="",0,($G23*(BV23/$E23))),0) -> 0 | BZ23: =H23+M23+R23+W23+AB23+AG23+AL23+AQ23+AV23+BA23+BF23+BK23+BP23+BU23 -> 5 | CA23: =I23+N23+S23+X23+AC23+AH23+AM23+AR23+AW23+BB23+BG23+BL23+BQ23+BV23 -> 0 | CB23: =IF(BZ23="",0,CA23/BZ23) -> 0 | CC23: =IFERROR(IF(BZ23="",0,($G23*(CA23/$E23))),0) -> 0
D24: Realizar el Diagnóstico Participativo (1 taller por Cuerpo de agua por 3 profesionales incluye gastos de viaje) | E24: 15 | F24: Viajes | G24: 0.3 | J24: =IF(H24="",0,I24/H24) -> 0 | K24: =IFERROR(IF(H24="",0,($G24*(I24/$E24))),0) -> 0 | O24: =IF(M24="",0,N24/M24) -> 0 | P24: =IFERROR(IF(M24="",0,($G24*(N24/$E24))),0) -> 0 | R24: 15 | T24: =IF(R24="",0,S24/R24) -> 0 | U24: =IFERROR(IF(R24="",0,($G24*(S24/$E24))),0) -> 0 | Y24: =IF(W24="",0,X24/W24) -> 0 | Z24: =IFERROR(IF(W24="",0,($G24*(X24/$E24))),0) -> 0 | AD24: =IF(AB24="",0,AC24/AB24) -> 0 | AE24: =IFERROR(IF(AB24="",0,($G24*(AC24/$E24))),0) -> 0 | AI24: =IF(AG24="",0,AH24/AG24) -> 0 | AJ24: =IFERROR(IF(AG24="",0,($G24*(AH24/$E24))),0) -> 0 | AN24: =IF(AL24="",0,AM24/AL24) -> 0 | AO24: =IFERROR(IF(AL24="",0,($G24*(AM24/$E24))),0) -> 0 | AS24: =IF(AQ24="",0,AR24/AQ24) -> 0 | AT24: =IFERROR(IF(AQ24="",0,($G24*(AR24/$E24))),0) -> 0 | AX24: =IF(AV24="",0,AW24/AV24) -> 0 | AY24: =IFERROR(IF(AV24="",0,($G24*(AW24/$E24))),0) -> 0 | BC24: =IF(BA24="",0,BB24/BA24) -> 0 | BD24: =IFERROR(IF(BA24="",0,($G24*(BB24/$E24))),0) -> 0 | BH24: =IF(BF24="",0,BG24/BF24) -> 0 | BI24: =IFERROR(IF(BF24="",0,($G24*(BG24/$E24))),0) -> 0 | BM24: =IF(BK24="",0,BL24/BK24) -> 0 | BN24: =IFERROR(IF(BK24="",0,($G24*(BL24/$E24))),0) -> 0 | BR24: =IF(BP24="",0,BQ24/BP24) -> 0 | BS24: =IFERROR(IF(BP24="",0,($G24*(BQ24/$E24))),0) -> 0 | BW24: =IF(BU24="",0,BV24/BU24) -> 0 | BX24: =IFERROR(IF(BU24="",0,($G24*(BV24/$E24))),0) -> 0 | BZ24: =H24+M24+R24+W24+AB24+AG24+AL24+AQ24+AV24+BA24+BF24+BK24+BP24+BU24 -> 15 | CA24: =I24+N24+S24+X24+AC24+AH24+AM24+AR24+AW24+BB24+BG24+BL24+BQ24+BV24 -> 0 | CB24: =IF(BZ24=0,0,CA24/BZ24) -> 0 | CC24: =IFERROR(IF(BZ24="",0,($G24*(CA24/$E24))),0) -> 0
B25: 2.2 | C25: Actividad 2.2 | D25: Realizar recorridos de diagnostico, Visita a usuarios, estructuras y demás aspectos del diagnóstico por municipio (10 días por cuerpo de agua por 3 profesionales) (Incluye Gastos de viaje , transporte rural y urbano) | E25: 150 | F25: Recorridos | G25: 0.3 | J25: =IF(H25="",0,I25/H25) -> 0 | K25: =IFERROR(IF(H25="",0,($G25*(I25/$E25))),0) -> 0 | O25: =IF(M25="",0,N25/M25) -> 0 | P25: =IFERROR(IF(M25="",0,($G25*(N25/$E25))),0) -> 0 | R25: 50 | T25: =IF(R25="",0,S25/R25) -> 0 | U25: =IFERROR(IF(R25="",0,($G25*(S25/$E25))),0) -> 0 | W25: 100 | Y25: =IF(W25="",0,X25/W25) -> 0 | Z25: =IFERROR(IF(W25="",0,($G25*(X25/$E25))),0) -> 0 | AD25: =IF(AB25="",0,AC25/AB25) -> 0 | AE25: =IFERROR(IF(AB25="",0,($G25*(AC25/$E25))),0) -> 0 | AI25: =IF(AG25="",0,AH25/AG25) -> 0 | AJ25: =IFERROR(IF(AG25="",0,($G25*(AH25/$E25))),0) -> 0 | AN25: =IF(AL25="",0,AM25/AL25) -> 0 | AO25: =IFERROR(IF(AL25="",0,($G25*(AM25/$E25))),0) -> 0 | AS25: =IF(AQ25="",0,AR25/AQ25) -> 0 | AT25: =IFERROR(IF(AQ25="",0,($G25*(AR25/$E25))),0) -> 0 | AX25: =IF(AV25="",0,AW25/AV25) -> 0 | AY25: =IFERROR(IF(AV25="",0,($G25*(AW25/$E25))),0) -> 0 | BC25: =IF(BA25="",0,BB25/BA25) -> 0 | BD25: =IFERROR(IF(BA25="",0,($G25*(BB25/$E25))),0) -> 0 | BH25: =IF(BF25="",0,BG25/BF25) -> 0 | BI25: =IFERROR(IF(BF25="",0,($G25*(BG25/$E25))),0) -> 0 | BM25: =IF(BK25="",0,BL25/BK25) -> 0 | BN25: =IFERROR(IF(BK25="",0,($G25*(BL25/$E25))),0) -> 0 | BR25: =IF(BP25="",0,BQ25/BP25) -> 0 | BS25: =IFERROR(IF(BP25="",0,($G25*(BQ25/$E25))),0) -> 0 | BW25: =IF(BU25="",0,BV25/BU25) -> 0 | BX25: =IFERROR(IF(BU25="",0,($G25*(BV25/$E25))),0) -> 0 | BZ25: =H25+M25+R25+W25+AB25+AG25+AL25+AQ25+AV25+BA25+BF25+BK25+BP25+BU25 -> 150 | CA25: =I25+N25+S25+X25+AC25+AH25+AM25+AR25+AW25+BB25+BG25+BL25+BQ25+BV25 -> 0 | CB25: =IF(BZ25=0,0,CA25/BZ25) -> 0 | CC25: =IFERROR(IF(BZ25="",0,($G25*(CA25/$E25))),0) -> 0
D26: Entrega documento Diagnostico | E26: 5 | F26: Documentos | G26: 0.1 | J26: =IF(H26="",0,I26/H26) -> 0 | K26: =IFERROR(IF(H26="",0,($G26*(I26/$E26))),0) -> 0 | O26: =IF(M26="",0,N26/M26) -> 0 | P26: =IFERROR(IF(M26="",0,($G26*(N26/$E26))),0) -> 0 | T26: =IF(R26="",0,S26/R26) -> 0 | U26: =IFERROR(IF(R26="",0,($G26*(S26/$E26))),0) -> 0 | W26: 5 | Y26: =IF(W26="",0,X26/W26) -> 0 | Z26: =IFERROR(IF(W26="",0,($G26*(X26/$E26))),0) -> 0 | AD26: =IF(AB26="",0,AC26/AB26) -> 0 | AE26: =IFERROR(IF(AB26="",0,($G26*(AC26/$E26))),0) -> 0 | AI26: =IF(AG26="",0,AH26/AG26) -> 0 | AJ26: =IFERROR(IF(AG26="",0,($G26*(AH26/$E26))),0) -> 0 | AN26: =IF(AL26="",0,AM26/AL26) -> 0 | AO26: =IFERROR(IF(AL26="",0,($G26*(AM26/$E26))),0) -> 0 | AS26: =IF(AQ26="",0,AR26/AQ26) -> 0 | AT26: =IFERROR(IF(AQ26="",0,($G26*(AR26/$E26))),0) -> 0 | AX26: =IF(AV26="",0,AW26/AV26) -> 0 | AY26: =IFERROR(IF(AV26="",0,($G26*(AW26/$E26))),0) -> 0 | BC26: =IF(BA26="",0,BB26/BA26) -> 0 | BD26: =IFERROR(IF(BA26="",0,($G26*(BB26/$E26))),0) -> 0 | BH26: =IF(BF26="",0,BG26/BF26) -> 0 | BI26: =IFERROR(IF(BF26="",0,($G26*(BG26/$E26))),0) -> 0 | BM26: =IF(BK26="",0,BL26/BK26) -> 0 | BN26: =IFERROR(IF(BK26="",0,($G26*(BL26/$E26))),0) -> 0 | BR26: =IF(BP26="",0,BQ26/BP26) -> 0 | BS26: =IFERROR(IF(BP26="",0,($G26*(BQ26/$E26))),0) -> 0 | BW26: =IF(BU26="",0,BV26/BU26) -> 0 | BX26: =IFERROR(IF(BU26="",0,($G26*(BV26/$E26))),0) -> 0 | BZ26: =H26+M26+R26+W26+AB26+AG26+AL26+AQ26+AV26+BA26+BF26+BK26+BP26+BU26 -> 5 | CA26: =I26+N26+S26+X26+AC26+AH26+AM26+AR26+AW26+BB26+BG26+BL26+BQ26+BV26 -> 0 | CB26: =IF(BZ26=0,0,CA26/BZ26) -> 0 | CC26: =IFERROR(IF(BZ26="",0,($G26*(CA26/$E26))),0) -> 0
C27: Total ALCANCE 2 | E27: =SUM(E23:E26) -> 175 | G27: =SUM(G23:G26) -> 1 | H27: =SUM(H24:H25) -> 0 | I27: =SUM(I24:I25) -> 0 | J27: =IFERROR(IF(H27="",0,I27/H27),0) -> 0 | K27: =SUM(K24:K25)*$G22 -> 0 | M27: =SUM(M24:M25) -> 0 | N27: =SUM(N24:N25) -> 0 | O27: =IFERROR(IF(M27="",0,N27/M27),0) -> 0 | P27: =SUM(P24:P25)*$G$22 -> 0 | R27: =SUM(R24:R26) -> 65 | S27: =SUM(S24:S25) -> 0 | T27: =IF(R27="",0,S27/R27) -> 0 | U27: =SUM(U24:U25)*$G$22 -> 0 | W27: =SUM(W24:W26) -> 105 | X27: =SUM(X24:X26) -> 0 | Y27: =IFERROR(IF(W27="",0,X27/W27),0) -> 0 | Z27: =SUM(Z24:Z25)*$G$22 -> 0 | AB27: =SUM(AB24:AB25) -> 0 | AC27: =SUM(AC24:AC25) -> 0 | AD27: =IFERROR(IF(AB27="",0,AC27/AB27),0) -> 0 | AE27: =SUM(AE24:AE25)*$G$22 -> 0 | AG27: =SUM(AG24:AG25) -> 0 | AH27: =SUM(AH24:AH25) -> 0 | AI27: =IFERROR(IF(AG27="",0,AH27/AG27),0) -> 0 | AJ27: =SUM(AJ24:AJ25)*$G$22 -> 0 | AL27: =SUM(AL24:AL25) -> 0 | AM27: =SUM(AM24:AM25) -> 0 | AN27: =IFERROR(IF(AL27="",0,AM27/AL27),0) -> 0 | AO27: =SUM(AO24:AO25)*$G$22 -> 0 | AQ27: =SUM(AQ24:AQ26) -> 0 | AR27: =SUM(AR24:AR26) -> 0 | AS27: =IFERROR(IF(AQ27="",0,AR27/AQ27),0) -> 0 | AT27: =SUM(AT24:AT26) -> 0 | AV27: =SUM(AV24:AV26) -> 0 | AW27: =SUM(AW24:AW26) -> 0 | AX27: =IFERROR(IF(AV27="",0,AW27/AV27),0) -> 0 | AY27: =SUM(AY24:AY26)*$G$22 -> 0 | BA27: =SUM(BA24:BA26) -> 0 | BB27: =SUM(BB24:BB26) -> 0 | BC27: =IFERROR(IF(BA27="",0,BB27/BA27),0) -> 0 | BD27: =SUM(BD24:BD26)*$G$22 -> 0 | BF27: =SUM(BF24:BF26) -> 0 | BG27: =SUM(BG24:BG26) -> 0 | BH27: =IFERROR(IF(BF27="",0,BG27/BF27),0) -> 0 | BI27: =SUM(BI24:BI26)*$G$22 -> 0 | BK27: =SUM(BK24:BK26) -> 0 | BL27: =SUM(BL24:BL26) -> 0 | BM27: =IFERROR(IF(BK27="",0,BL27/BK27),0) -> 0 | BN27: =SUM(BN24:BN26)*$G$22 -> 0 | BP27: =SUM(BP24:BP26) -> 0 | BQ27: =SUM(BQ24:BQ26) -> 0 | BR27: =IFERROR(IF(BP27="",0,BQ27/BP27),0) -> 0 | BS27: =SUM(BS24:BS26)*$G$22 -> 0 | BU27: =SUM(BU24:BU26) -> 0 | BV27: =SUM(BV24:BV26) -> 0 | BW27: =IFERROR(IF(BU27="",0,BV27/BU27),0) -> 0 | BX27: =SUM(BX24:BX26)*$G$22 -> 0 | BZ27: =SUM(BZ23:BZ26) -> 175 | CA27: =SUM(CA24:CA26) -> 0 | CB27: =IF(BZ27=0,0,CA27/BZ27) -> 0 | CC27: =SUM(CC24:CC26)*$G22 -> 0
B28: 3 | C28: ALCANCE 3 | D28: FASE DE IDENTIFICACIÓN DE LOS USOS POTENCIALES DEL RECURSO. | F28: Documento | G28: 0.25
B29: 3.1 | C29: Actividad 3.1 | D29: Presentar documento de metodología de la fase de identificación de los usos potenciales | E29: 5 | F29: Documentos | G29: 0.2 | H29: 5 | J29: =IF(H29="",0,I29/H29) -> 0 | K29: =IFERROR(IF(H29="",0,($G29*(I29/$E29))),0) -> 0 | O29: =IF(M29="",0,N29/M29) -> 0 | P29: =IFERROR(IF(M29="",0,($G29*(N29/$E29))),0) -> 0 | T29: =IF(R29="",0,S29/R29) -> 0 | U29: =IFERROR(IF(R29="",0,($G29*(S29/$E29))),0) -> 0 | Y29: =IF(W29="",0,X29/W29) -> 0 | Z29: =IFERROR(IF(W29="",0,($G29*(X29/$E29))),0) -> 0 | AD29: =IF(AB29="",0,AC29/AB29) -> 0 | AE29: =IFERROR(IF(AB29="",0,($G29*(AC29/$E29))),0) -> 0 | AI29: =IF(AG29="",0,AH29/AG29) -> 0 | AJ29: =IFERROR(IF(AG29="",0,($G29*(AH29/$E29))),0) -> 0 | AN29: =IF(AL29="",0,AM29/AL29) -> 0 | AO29: =IFERROR(IF(AL29="",0,($G29*(AM29/$E29))),0) -> 0 | AS29: =IF(AQ29="",0,AR29/AQ29) -> 0 | AT29: =IFERROR(IF(AQ29="",0,($G29*(AR29/$E29))),0) -> 0 | AX29: =IF(AV29="",0,AW29/AV29) -> 0 | AY29: =IFERROR(IF(AV29="",0,($G29*(AW29/$E29))),0) -> 0 | BC29: =IF(BA29="",0,BB29/BA29) -> 0 | BD29: =IFERROR(IF(BA29="",0,($G29*(BB29/$E29))),0) -> 0 | BH29: =IF(BF29="",0,BG29/BF29) -> 0 | BI29: =IFERROR(IF(BF29="",0,($G29*(BG29/$E29))),0) -> 0 | BM29: =IF(BK29="",0,BL29/BK29) -> 0 | BN29: =IFERROR(IF(BK29="",0,($G29*(BL29/$E29))),0) -> 0 | BR29: =IF(BP29="",0,BQ29/BP29) -> 0 | BS29: =IFERROR(IF(BP29="",0,($G29*(BQ29/$E29))),0) -> 0 | BW29: =IF(BU29="",0,BV29/BU29) -> 0 | BX29: =IFERROR(IF(BU29="",0,($G29*(BV29/$E29))),0) -> 0 | BZ29: =H29+M29+R29+W29+AB29+AG29+AL29+AQ29+AV29+BA29+BF29+BK29+BP29+BU29 -> 5 | CA29: =I29+N29+S29+X29+AC29+AH29+AM29+AR29+AW29+BB29+BG29+BL29+BQ29+BV29 -> 0 | CB29: =IF(BZ29="",0,CA29/BZ29) -> 0 | CC29: =IFERROR(IF(BZ29="",0,($G29*(CA29/$E29))),0) -> 0
D30: Fortalecimiento en modelción y Planificacion - Capacitación en modelación (5 talleres de dos dias por cuerpo de agua, se ajustará presupuestos con otras actividades para la logística, incluye kit del taller, memorias, 4 refrigerios y dos almuerzo para 20 personas en cada cuenca ) | E30: 10 | F30: Talleres | G30: 0.1 | J30: =IF(H30="",0,I30/H30) -> 0 | K30: =IFERROR(IF(H30="",0,($G30*(I30/$E30))),0) -> 0 | O30: =IF(M30="",0,N30/M30) -> 0 | P30: =IFERROR(IF(M30="",0,($G30*(N30/$E30))),0) -> 0 | T30: =IF(R30="",0,S30/R30) -> 0 | U30: =IFERROR(IF(R30="",0,($G30*(S30/$E30))),0) -> 0 | Y30: =IF(W30="",0,X30/W30) -> 0 | Z30: =IFERROR(IF(W30="",0,($G30*(X30/$E30))),0) -> 0 | AD30: =IF(AB30="",0,AC30/AB30) -> 0 | AE30: =IFERROR(IF(AB30="",0,($G30*(AC30/$E30))),0) -> 0 | AI30: =IF(AG30="",0,AH30/AG30) -> 0 | AJ30: =IFERROR(IF(AG30="",0,($G30*(AH30/$E30))),0) -> 0 | AN30: =IF(AL30="",0,AM30/AL30) -> 0 | AO30: =IFERROR(IF(AL30="",0,($G30*(AM30/$E30))),0) -> 0 | AS30: =IF(AQ30="",0,AR30/AQ30) -> 0 | AT30: =IFERROR(IF(AQ30="",0,($G30*(AR30/$E30))),0) -> 0 | AX30: =IF(AV30="",0,AW30/AV30) -> 0 | AY30: =IFERROR(IF(AV30="",0,($G30*(AW30/$E30))),0) -> 0 | BA30: 6 | BC30: =IF(BA30="",0,BB30/BA30) -> 0 | BD30: =IFERROR(IF(BA30="",0,($G30*(BB30/$E30))),0) -> 0 | BF30: 4 | BH30: =IF(BF30="",0,BG30/BF30) -> 0 | BI30: =IFERROR(IF(BF30="",0,($G30*(BG30/$E30))),0) -> 0 | BM30: =IF(BK30="",0,BL30/BK30) -> 0 | BN30: =IFERROR(IF(BK30="",0,($G30*(BL30/$E30))),0) -> 0 | BR30: =IF(BP30="",0,BQ30/BP30) -> 0 | BS30: =IFERROR(IF(BP30="",0,($G30*(BQ30/$E30))),0) -> 0 | BW30: =IF(BU30="",0,BV30/BU30) -> 0 | BX30: =IFERROR(IF(BU30="",0,($G30*(BV30/$E30))),0) -> 0 | BZ30: =H30+M30+R30+W30+AB30+AG30+AL30+AQ30+AV30+BA30+BF30+BK30+BP30+BU30 -> 10 | CA30: =I30+N30+S30+X30+AC30+AH30+AM30+AR30+AW30+BB30+BG30+BL30+BQ30+BV30 -> 0 | CB30: =IF(BZ30="",0,CA30/BZ30) -> 0 | CC30: =IFERROR(IF(BZ30="",0,($G30*(CA30/$E30))),0) -> 0
B31: 3.2 | C31: Actividad 3.2 | D31: Definición de usos actuales y potenciales participativo - Creación de las Mesas temáticas (un taller por cuerpo de agua)(Incluye gastos de viaje y de transporte de tres profesionales) | E31: 15 | F31: Talleres | G31: 0.2 | J31: =IF(H31="",0,I31/H31) -> 0 | K31: =IFERROR(IF(H31="",0,($G31*(I31/$E31))),0) -> 0 | O31: =IF(M31="",0,N31/M31) -> 0 | P31: =IFERROR(IF(M31="",0,($G31*(N31/$E31))),0) -> 0 | T31: =IF(R31="",0,S31/R31) -> 0 | U31: =IFERROR(IF(R31="",0,($G31*(S31/$E31))),0) -> 0 | Y31: =IF(W31="",0,X31/W31) -> 0 | Z31: =IFERROR(IF(W31="",0,($G31*(X31/$E31))),0) -> 0 | AB31: 15 | AD31: =IF(AB31="",0,AC31/AB31) -> 0 | AE31: =IFERROR(IF(AB31="",0,($G31*(AC31/$E31))),0) -> 0 | AI31: =IF(AG31="",0,AH31/AG31) -> 0 | AJ31: =IFERROR(IF(AG31="",0,($G31*(AH31/$E31))),0) -> 0 | AN31: =IF(AL31="",0,AM31/AL31) -> 0 | AO31: =IFERROR(IF(AL31="",0,($G31*(AM31/$E31))),0) -> 0 | AS31: =IF(AQ31="",0,AR31/AQ31) -> 0 | AT31: =IFERROR(IF(AQ31="",0,($G31*(AR31/$E31))),0) -> 0 | AX31: =IF(AV31="",0,AW31/AV31) -> 0 | AY31: =IFERROR(IF(AV31="",0,($G31*(AW31/$E31))),0) -> 0 | BC31: =IF(BA31="",0,BB31/BA31) -> 0 | BD31: =IFERROR(IF(BA31="",0,($G31*(BB31/$E31))),0) -> 0 | BH31: =IF(BF31="",0,BG31/BF31) -> 0 | BI31: =IFERROR(IF(BF31="",0,($G31*(BG31/$E31))),0) -> 0 | BM31: =IF(BK31="",0,BL31/BK31) -> 0 | BN31: =IFERROR(IF(BK31="",0,($G31*(BL31/$E31))),0) -> 0 | BR31: =IF(BP31="",0,BQ31/BP31) -> 0 | BS31: =IFERROR(IF(BP31="",0,($G31*(BQ31/$E31))),0) -> 0 | BW31: =IF(BU31="",0,BV31/BU31) -> 0 | BX31: =IFERROR(IF(BU31="",0,($G31*(BV31/$E31))),0) -> 0 | BZ31: =H31+M31+R31+W31+AB31+AG31+AL31+AQ31+AV31+BA31+BF31+BK31+BP31+BU31 -> 15 | CA31: =I31+N31+S31+X31+AC31+AH31+AM31+AR31+AW31+BB31+BG31+BL31+BQ31+BV31 -> 0 | CB31: =IF(BZ31="",0,CA31/BZ31) -> 0 | CC31: =IFERROR(IF(BZ31="",0,($G31*(CA31/$E31))),0) -> 0
B32: 3.3 | C32: Actividad 3.3 | D32: Recorridos por Cuerpo de agua (cinco días, de tres profesionales, incluye gastos de viaje y transporte urbano y rural) | E32: 75 | F32: Recorridos | G32: 0.4 | J32: =IF(H32="",0,I32/H32) -> 0 | K32: =IFERROR(IF(H32="",0,($G32*(I32/$E32))),0) -> 0 | O32: =IF(M32="",0,N32/M32) -> 0 | P32: =IFERROR(IF(M32="",0,($G32*(N32/$E32))),0) -> 0 | T32: =IF(R32="",0,S32/R32) -> 0 | U32: =IFERROR(IF(R32="",0,($G32*(S32/$E32))),0) -> 0 | Y32: =IF(W32="",0,X32/W32) -> 0 | Z32: =IFERROR(IF(W32="",0,($G32*(X32/$E32))),0) -> 0 | AD32: =IF(AB32="",0,AC32/AB32) -> 0 | AE32: =IFERROR(IF(AB32="",0,($G32*(AC32/$E32))),0) -> 0 | AG32: 45 | AI32: =IF(AG32="",0,AH32/AG32) -> 0 | AJ32: =IFERROR(IF(AG32="",0,($G32*(AH32/$E32))),0) -> 0 | AL32: 30 | AN32: =IF(AL32="",0,AM32/AL32) -> 0 | AO32: =IFERROR(IF(AL32="",0,($G32*(AM32/$E32))),0) -> 0 | AS32: =IF(AQ32="",0,AR32/AQ32) -> 0 | AT32: =IFERROR(IF(AQ32="",0,($G32*(AR32/$E32))),0) -> 0 | AX32: =IF(AV32="",0,AW32/AV32) -> 0 | AY32: =IFERROR(IF(AV32="",0,($G32*(AW32/$E32))),0) -> 0 | BC32: =IF(BA32="",0,BB32/BA32) -> 0 | BD32: =IFERROR(IF(BA32="",0,($G32*(BB32/$E32))),0) -> 0 | BH32: =IF(BF32="",0,BG32/BF32) -> 0 | BI32: =IFERROR(IF(BF32="",0,($G32*(BG32/$E32))),0) -> 0 | BM32: =IF(BK32="",0,BL32/BK32) -> 0 | BN32: =IFERROR(IF(BK32="",0,($G32*(BL32/$E32))),0) -> 0 | BW32: =IF(BU32="",0,BV32/BU32) -> 0 | BX32: =IFERROR(IF(BU32="",0,($G32*(BV32/$E32))),0) -> 0 | BZ32: =H32+M32+R32+W32+AB32+AG32+AL32+AQ32+AV32+BA32+BF32+BK32+BP32+BU32 -> 75 | CA32: =I32+N32+S32+X32+AC32+AH32+AM32+AR32+AW32+BB32+BG32+BL32+BQ32+BV32 -> 0 | CB32: =IF(BZ32="",0,CA32/BZ32) -> 0 | CC32: =IFERROR(IF(BZ32="",0,($G32*(CA32/$E32))),0) -> 0
B33: 3.4 | C33: Actividad 3.4 | D33: Entrega del Documento de Definición de usos | E33: 5 | F33: Documentos | G33: 0.1 | J33: =IF(H33="",0,I33/H33) -> 0 | K33: =IFERROR(IF(H33="",0,($G33*(I33/$E33))),0) -> 0 | O33: =IF(M33="",0,N33/M33) -> 0 | P33: =IFERROR(IF(M33="",0,($G33*(N33/$E33))),0) -> 0 | T33: =IF(R33="",0,S33/R33) -> 0 | U33: =IFERROR(IF(R33="",0,($G33*(S33/$E33))),0) -> 0 | Y33: =IF(W33="",0,X33/W33) -> 0 | Z33: =IFERROR(IF(W33="",0,($G33*(X33/$E33))),0) -> 0 | AD33: =IF(AB33="",0,AC33/AB33) -> 0 | AE33: =IFERROR(IF(AB33="",0,($G33*(AC33/$E33))),0) -> 0 | AI33: =IF(AG33="",0,AH33/AG33) -> 0 | AJ33: =IFERROR(IF(AG33="",0,($G33*(AH33/$E33))),0) -> 0 | AN33: =IF(AL33="",0,AM33/AL33) -> 0 | AO33: =IFERROR(IF(AL33="",0,($G33*(AM33/$E33))),0) -> 0 | AS33: =IF(AQ33="",0,AR33/AQ33) -> 0 | AT33: =IFERROR(IF(AQ33="",0,($G33*(AR33/$E33))),0) -> 0 | AX33: =IF(AV33="",0,AW33/AV33) -> 0 | AY33: =IFERROR(IF(AV33="",0,($G33*(AW33/$E33))),0) -> 0 | BC33: =IF(BA33="",0,BB33/BA33) -> 0 | BD33: =IFERROR(IF(BA33="",0,($G33*(BB33/$E33))),0) -> 0 | BF33: 5 | BH33: =IF(BF33="",0,BG33/BF33) -> 0 | BI33: =IFERROR(IF(BF33="",0,($G33*(BG33/$E33))),0) -> 0 | BM33: =IF(BK33="",0,BL33/BK33) -> 0 | BN33: =IFERROR(IF(BK33="",0,($G33*(BL33/$E33))),0) -> 0 | BR33: =IF(BP33="",0,BQ33/BP33) -> 0 | BS33: =IFERROR(IF(BP33="",0,($G33*(BQ33/$E33))),0) -> 0 | BW33: =IF(BU33="",0,BV33/BU33) -> 0 | BX33: =IFERROR(IF(BU33="",0,($G33*(BV33/$E33))),0) -> 0 | BZ33: =H33+M33+R33+W33+AB33+AG33+AL33+AQ33+AV33+BA33+BF33+BK33+BP33+BU33 -> 5 | CA33: =I33+N33+S33+X33+AC33+AH33+AM33+AR33+AW33+BB33+BG33+BL33+BQ33+BV33 -> 0 | CB33: =IF(BZ33="",0,CA33/BZ33) -> 0 | CC33: =IFERROR(IF(BZ33="",0,($G33*(CA33/$E33))),0) -> 0
C34: Total ALCANCE 3 | E34: =SUM(E29:E33) -> 110 | G34: =SUM(G29:G33) -> 1 | H34: =SUM(H30:H33) -> 0 | I34: =SUM(I30:I33) -> 0 | J34: =IFERROR(IF(H34="",0,I34/H34),0) -> 0 | K34: =SUM(K30:K33)*$G28 -> 0 | M34: =SUM(M30:M33) -> 0 | N34: =SUM(N30:N33) -> 0 | O34: =IFERROR(IF(M34="",0,N34/M34),0) -> 0 | P34: =SUM(P30:P33)*$G28 -> 0 | R34: =SUM(R30:R33) -> 0 | S34: =SUM(S30:S33) -> 0 | T34: =IFERROR(IF(R34="",0,S34/R34),0) -> 0 | U34: =SUM(U30:U33)*$G28 -> 0 | W34: =SUM(W30:W33) -> 0 | X34: =SUM(X30:X33) -> 0 | Y34: =IFERROR(IF(W34="",0,X34/W34),0) -> 0 | Z34: =SUM(Z30:Z33)*$G28 -> 0 | AB34: =SUM(AB30:AB33) -> 15 | AC34: =SUM(AC30:AC33) -> 0 | AD34: =IFERROR(IF(AB34="",0,AC34/AB34),0) -> 0 | AE34: =SUM(AE30:AE33)*$G28 -> 0 | AG34: =SUM(AG30:AG33) -> 45 | AH34: =SUM(AH30:AH33) -> 0 | AI34: =IFERROR(IF(AG34="",0,AH34/AG34),0) -> 0 | AJ34: =SUM(AJ30:AJ33)*$G28 -> 0 | AL34: =SUM(AL30:AL33) -> 30 | AM34: =SUM(AM30:AM33) -> 0 | AN34: =IFERROR(IF(AL34="",0,AM34/AL34),0) -> 0 | AO34: =SUM(AO30:AO33)*$G28 -> 0 | AQ34: =SUM(AQ30:AQ33) -> 0 | AR34: =SUM(AR30:AR33) -> 0 | AS34: =IFERROR(IF(AQ34="",0,AR34/AQ34),0) -> 0 | AT34: =SUM(AT30:AT33)*$G28 -> 0 | AV34: =SUM(AV30:AV33) -> 0 | AW34: =SUM(AW30:AW33) -> 0 | AX34: =IFERROR(IF(AV34="",0,AW34/AV34),0) -> 0 | AY34: =SUM(AY30:AY33)*$G28 -> 0 | BA34: =SUM(BA30:BA33) -> 6 | BB34: =SUM(BB30:BB33) -> 0 | BC34: =IFERROR(IF(BA34="",0,BB34/BA34),0) -> 0 | BD34: =SUM(BD30:BD33)*$G28 -> 0 | BF34: =SUM(BF30:BF33) -> 9 | BG34: =SUM(BG30:BG33) -> 0 | BH34: =IFERROR(IF(BF34="",0,BG34/BF34),0) -> 0 | BI34: =SUM(BI30:BI33)*$G28 -> 0 | BK34: =SUM(BK30:BK33) -> 0 | BL34: =SUM(BL30:BL33) -> 0 | BM34: =IFERROR(IF(BK34="",0,BL34/BK34),0) -> 0 | BN34: =SUM(BN30:BN33)*$G28 -> 0 | BP34: =SUM(BP30:BP33) -> 0 | BQ34: =SUM(BQ30:BQ33) -> 0 | BR34: =IFERROR(IF(BP34="",0,BQ34/BP34),0) -> 0 | BS34: =SUM(BS30:BS33)*$G28 -> 0 | BU34: =SUM(BU30:BU33) -> 0 | BV34: =SUM(BV30:BV33) -> 0 | BW34: =IFERROR(IF(BU34="",0,BV34/BU34),0) -> 0 | BX34: =SUM(BX30:BX33)*$G28 -> 0 | BZ34: =SUM(BZ29:BZ33) -> 110 | CA34: =SUM(CA30:CA33) -> 0 | CB34: =IFERROR(IF(BZ34="",0,CA34/BZ34),0) -> 0 | CC34: =SUM(CC30:CC33) -> 0
B35: 4 | C35: ALCANCE 4 | D35: FASE DE FORMULACIÓN | E35: 5 | G35: 0.22
B36: 4.1 | C36: Actividad 4.1 | D36: Presentar documento de metodología de la fase de Formulación | E36: 5 | F36: Documentos | G36: 0.2 | H36: 5 | J36: =IF(H36="",0,I36/H36) -> 0 | K36: =IFERROR(IF(H36="",0,($G36*(I36/$E36))),0) -> 0 | O36: =IF(M36="",0,N36/M36) -> 0 | P36: =IFERROR(IF(M36="",0,($G36*(N36/$E36))),0) -> 0 | T36: =IF(R36="",0,S36/R36) -> 0 | U36: =IFERROR(IF(R36="",0,($G36*(S36/$E36))),0) -> 0 | Y36: =IF(W36="",0,X36/W36) -> 0 | Z36: =IFERROR(IF(W36="",0,($G36*(X36/$E36))),0) -> 0 | AD36: =IF(AB36="",0,AC36/AB36) -> 0 | AE36: =IFERROR(IF(AB36="",0,($G36*(AC36/$E36))),0) -> 0 | AI36: =IF(AG36="",0,AH36/AG36) -> 0 | AJ36: =IFERROR(IF(AG36="",0,($G36*(AH36/$E36))),0) -> 0 | AN36: =IF(AL36="",0,AM36/AL36) -> 0 | AO36: =IFERROR(IF(AL36="",0,($G36*(AM36/$E36))),0) -> 0 | AS36: =IF(AQ36="",0,AR36/AQ36) -> 0 | AT36: =IFERROR(IF(AQ36="",0,($G36*(AR36/$E36))),0) -> 0 | AX36: =IF(AV36="",0,AW36/AV36) -> 0 | AY36: =IFERROR(IF(AV36="",0,($G36*(AW36/$E36))),0) -> 0 | BC36: =IF(BA36="",0,BB36/BA36) -> 0 | BD36: =IFERROR(IF(BA36="",0,($G36*(BB36/$E36))),0) -> 0 | BH36: =IF(BF36="",0,BG36/BF36) -> 0 | BI36: =IFERROR(IF(BF36="",0,($G36*(BG36/$E36))),0) -> 0 | BM36: =IF(BK36="",0,BL36/BK36) -> 0 | BN36: =IFERROR(IF(BK36="",0,($G36*(BL36/$E36))),0) -> 0 | BR36: =IF(BP36="",0,BQ36/BP36) -> 0 | BS36: =IFERROR(IF(BP36="",0,($G36*(BQ36/$E36))),0) -> 0 | BW36: =IF(BU36="",0,BV36/BU36) -> 0 | BX36: =IFERROR(IF(BU36="",0,($G36*(BV36/$E36))),0) -> 0 | BZ36: =H36+M36+R36+W36+AB36+AG36+AL36+AQ36+AV36+BA36+BF36+BK36+BP36+BU36 -> 5 | CA36: =I36+N36+S36+X36+AC36+AH36+AM36+AR36+AW36+BB36+BG36+BL36+BQ36+BV36 -> 0 | CB36: =IF(BZ36=0,0,CA36/BZ36) -> 0 | CC36: =IFERROR(IF(BZ36="",0,($G36*(CA36/$E36))),0) -> 0
D37: Realizar la fase de Formulación Participativa por cuerpo de agua (un taller por cuerpo de agua Ficha T pag 41, incluye refrigerios y gastos de 3 profesionales) | E37: 5 | F37: Talleres | G37: 0.1 | J37: =IF(H37="",0,I37/H37) -> 0 | K37: =IFERROR(IF(H37="",0,($G37*(I37/$E37))),0) -> 0 | O37: =IF(M37="",0,N37/M37) -> 0 | P37: =IFERROR(IF(M37="",0,($G37*(N37/$E37))),0) -> 0 | T37: =IF(R37="",0,S37/R37) -> 0 | U37: =IFERROR(IF(R37="",0,($G37*(S37/$E37))),0) -> 0 | Y37: =IF(W37="",0,X37/W37) -> 0 | Z37: =IFERROR(IF(W37="",0,($G37*(X37/$E37))),0) -> 0 | AD37: =IF(AB37="",0,AC37/AB37) -> 0 | AE37: =IFERROR(IF(AB37="",0,($G37*(AC37/$E37))),0) -> 0 | AI37: =IF(AG37="",0,AH37/AG37) -> 0 | AJ37: =IFERROR(IF(AG37="",0,($G37*(AH37/$E37))),0) -> 0 | AN37: =IF(AL37="",0,AM37/AL37) -> 0 | AO37: =IFERROR(IF(AL37="",0,($G37*(AM37/$E37))),0) -> 0 | AS37: =IF(AQ37="",0,AR37/AQ37) -> 0 | AT37: =IFERROR(IF(AQ37="",0,($G37*(AR37/$E37))),0) -> 0 | AX37: =IF(AV37="",0,AW37/AV37) -> 0 | AY37: =IFERROR(IF(AV37="",0,($G37*(AW37/$E37))),0) -> 0 | BC37: =IF(BA37="",0,BB37/BA37) -> 0 | BD37: =IFERROR(IF(BA37="",0,($G37*(BB37/$E37))),0) -> 0 | BH37: =IF(BF37="",0,BG37/BF37) -> 0 | BI37: =IFERROR(IF(BF37="",0,($G37*(BG37/$E37))),0) -> 0 | BK37: 5 | BM37: =IF(BK37="",0,BL37/BK37) -> 0 | BN37: =IFERROR(IF(BK37="",0,($G37*(BL37/$E37))),0) -> 0 | BR37: =IF(BP37="",0,BQ37/BP37) -> 0 | BS37: =IFERROR(IF(BP37="",0,($G37*(BQ37/$E37))),0) -> 0 | BW37: =IF(BU37="",0,BV37/BU37) -> 0 | BX37: =IFERROR(IF(BU37="",0,($G37*(BV37/$E37))),0) -> 0 | BZ37: =H37+M37+R37+W37+AB37+AG37+AL37+AQ37+AV37+BA37+BF37+BK37+BP37+BU37 -> 5 | CA37: =I37+N37+S37+X37+AC37+AH37+AM37+AR37+AW37+BB37+BG37+BL37+BQ37+BV37 -> 0 | CB37: =IF(BZ37=0,0,CA37/BZ37) -> 0 | CC37: =IFERROR(IF(BZ37="",0,($G37*(CA37/$E37))),0) -> 0
B38: 4.2 | C38: Actividad 4.2 | D38: Recorridos (incluyen gastos de viaje de 3 profesionales por 5 dias, recorridos urbanos y rurales) | E38: 75 | F38: Recorridos | G38: 0.5 | J38: =IF(H38="",0,I38/H38) -> 0 | K38: =IFERROR(IF(H38="",0,($G38*(I38/$E38))),0) -> 0 | O38: =IF(M38="",0,N38/M38) -> 0 | P38: =IFERROR(IF(M38="",0,($G38*(N38/$E38))),0) -> 0 | T38: =IF(R38="",0,S38/R38) -> 0 | U38: =IFERROR(IF(R38="",0,($G38*(S38/$E38))),0) -> 0 | Y38: =IF(W38="",0,X38/W38) -> 0 | Z38: =IFERROR(IF(W38="",0,($G38*(X38/$E38))),0) -> 0 | AD38: =IF(AB38="",0,AC38/AB38) -> 0 | AE38: =IFERROR(IF(AB38="",0,($G38*(AC38/$E38))),0) -> 0 | AI38: =IF(AG38="",0,AH38/AG38) -> 0 | AJ38: =IFERROR(IF(AG38="",0,($G38*(AH38/$E38))),0) -> 0 | AN38: =IF(AL38="",0,AM38/AL38) -> 0 | AO38: =IFERROR(IF(AL38="",0,($G38*(AM38/$E38))),0) -> 0 | AS38: =IF(AQ38="",0,AR38/AQ38) -> 0 | AT38: =IFERROR(IF(AQ38="",0,($G38*(AR38/$E38))),0) -> 0 | AX38: =IF(AV38="",0,AW38/AV38) -> 0 | AY38: =IFERROR(IF(AV38="",0,($G38*(AW38/$E38))),0) -> 0 | BC38: =IF(BA38="",0,BB38/BA38) -> 0 | BD38: =IFERROR(IF(BA38="",0,($G38*(BB38/$E38))),0) -> 0 | BF38: 45 | BH38: =IF(BF38="",0,BG38/BF38) -> 0 | BI38: =IFERROR(IF(BF38="",0,($G38*(BG38/$E38))),0) -> 0 | BK38: 30 | BM38: =IF(BK38="",0,BL38/BK38) -> 0 | BN38: =IFERROR(IF(BK38="",0,($G38*(BL38/$E38))),0) -> 0 | BR38: =IF(BP38="",0,BQ38/BP38) -> 0 | BS38: =IFERROR(IF(BP38="",0,($G38*(BQ38/$E38))),0) -> 0 | BW38: =IF(BU38="",0,BV38/BU38) -> 0 | BX38: =IFERROR(IF(BU38="",0,($G38*(BV38/$E38))),0) -> 0 | BZ38: =H38+M38+R38+W38+AB38+AG38+AL38+AQ38+AV38+BA38+BF38+BK38+BP38+BU38 -> 75 | CA38: =I38+N38+S38+X38+AC38+AH38+AM38+AR38+AW38+BB38+BG38+BL38+BQ38+BV38 -> 0 | CB38: =IF(BZ38=0,0,CA38/BZ38) -> 0 | CC38: =IFERROR(IF(BZ38="",0,($G38*(CA38/$E38))),0) -> 0
B39: 4.3 | C39: Actividad 4.3 | D39: Entregar documento de fase de formulación y PORH | E39: 5 | F39: Documentos | G39: 0.2 | J39: =IF(H39="",0,I39/H39) -> 0 | K39: =IFERROR(IF(H39="",0,($G39*(I39/$E39))),0) -> 0 | O39: =IF(M39="",0,N39/M39) -> 0 | P39: =IFERROR(IF(M39="",0,($G39*(N39/$E39))),0) -> 0 | T39: =IF(R39="",0,S39/R39) -> 0 | U39: =IFERROR(IF(R39="",0,($G39*(S39/$E39))),0) -> 0 | Y39: =IF(W39="",0,X39/W39) -> 0 | Z39: =IFERROR(IF(W39="",0,($G39*(X39/$E39))),0) -> 0 | AD39: =IF(AB39="",0,AC39/AB39) -> 0 | AE39: =IFERROR(IF(AB39="",0,($G39*(AC39/$E39))),0) -> 0 | AI39: =IF(AG39="",0,AH39/AG39) -> 0 | AJ39: =IFERROR(IF(AG39="",0,($G39*(AH39/$E39))),0) -> 0 | AN39: =IF(AL39="",0,AM39/AL39) -> 0 | AO39: =IFERROR(IF(AL39="",0,($G39*(AM39/$E39))),0) -> 0 | AS39: =IF(AQ39="",0,AR39/AQ39) -> 0 | AT39: =IFERROR(IF(AQ39="",0,($G39*(AR39/$E39))),0) -> 0 | AX39: =IF(AV39="",0,AW39/AV39) -> 0 | AY39: =IFERROR(IF(AV39="",0,($G39*(AW39/$E39))),0) -> 0 | BC39: =IF(BA39="",0,BB39/BA39) -> 0 | BD39: =IFERROR(IF(BA39="",0,($G39*(BB39/$E39))),0) -> 0 | BH39: =IF(BF39="",0,BG39/BF39) -> 0 | BI39: =IFERROR(IF(BF39="",0,($G39*(BG39/$E39))),0) -> 0 | BM39: =IF(BK39="",0,BL39/BK39) -> 0 | BN39: =IFERROR(IF(BK39="",0,($G39*(BL39/$E39))),0) -> 0 | BR39: =IF(BP39="",0,BQ39/BP39) -> 0 | BS39: =IFERROR(IF(BP39="",0,($G39*(BQ39/$E39))),0) -> 0 | BU39: 5 | BW39: =IF(BU39="",0,BV39/BU39) -> 0 | BX39: =IFERROR(IF(BU39="",0,($G39*(BV39/$E39))),0) -> 0 | BZ39: =H39+M39+R39+W39+AB39+AG39+AL39+AQ39+AV39+BA39+BF39+BK39+BP39+BU39 -> 5 | CA39: =I39+N39+S39+X39+AC39+AH39+AM39+AR39+AW39+BB39+BG39+BL39+BQ39+BV39 -> 0 | CB39: =IF(BZ39=0,0,CA39/BZ39) -> 0 | CC39: =IFERROR(IF(BZ39="",0,($G39*(CA39/$E39))),0) -> 0
C40: Total ALCANCE 4 | E40: =SUM(E37:E39) -> 85 | G40: =SUM(G36:G39) -> 1 | H40: =SUM(H37:H39) -> 0 | I40: =SUM(I37:I39) -> 0 | J40: =IFERROR(IF(H40="",0,I40/H40),0) -> 0 | K40: =SUM(K37:K39)*$G35 -> 0 | M40: =SUM(M37:M39) -> 0 | N40: =SUM(N37:N39) -> 0 | O40: =IFERROR(IF(M40="",0,N40/M40),0) -> 0 | P40: =SUM(P37:P39)*$G35 -> 0 | R40: =SUM(R37:R39) -> 0 | S40: =SUM(S37:S39) -> 0 | T40: =IFERROR(IF(R40="",0,S40/R40),0) -> 0 | U40: =SUM(U37:U39)*$G35 -> 0 | W40: =SUM(W37:W39) -> 0 | X40: =SUM(X37:X39) -> 0 | Y40: =IFERROR(IF(W40="",0,X40/W40),0) -> 0 | Z40: =SUM(Z37:Z39)*$G35 -> 0 | AB40: =SUM(AB37:AB39) -> 0 | AC40: =SUM(AC37:AC39) -> 0 | AD40: =IFERROR(IF(AB40="",0,AC40/AB40),0) -> 0 | AE40: =SUM(AE37:AE39)*$G35 -> 0 | AG40: =SUM(AG37:AG39) -> 0 | AH40: =SUM(AH37:AH39) -> 0 | AI40: =IFERROR(IF(AG40="",0,AH40/AG40),0) -> 0 | AJ40: =SUM(AJ37:AJ39)*$G35 -> 0 | AL40: =SUM(AL37:AL39) -> 0 | AM40: =SUM(AM37:AM39) -> 0 | AN40: =IFERROR(IF(AL40="",0,AM40/AL40),0) -> 0 | AO40: =SUM(AO37:AO39)*$G35 -> 0 | AQ40: =SUM(AQ37:AQ39) -> 0 | AR40: =SUM(AR37:AR39) -> 0 | AS40: =IFERROR(IF(AQ40="",0,AR40/AQ40),0) -> 0 | AT40: =SUM(AT37:AT39)*$G35 -> 0 | AV40: =SUM(AV37:AV39) -> 0 | AW40: =SUM(AW37:AW39) -> 0 | AX40: =IFERROR(IF(AV40="",0,AW40/AV40),0) -> 0 | AY40: =SUM(AY37:AY39)*$G35 -> 0 | BA40: =SUM(BA37:BA39) -> 0 | BB40: =SUM(BB37:BB39) -> 0 | BC40: =IFERROR(IF(BA40="",0,BB40/BA40),0) -> 0 | BD40: =SUM(BD37:BD39)*$G35 -> 0 | BF40: =SUM(BF37:BF39) -> 45 | BG40: =SUM(BG37:BG39) -> 0 | BH40: =IFERROR(IF(BF40="",0,BG40/BF40),0) -> 0 | BI40: =SUM(BI37:BI39)*$G35 -> 0 | BK40: =SUM(BK37:BK39) -> 35 | BL40: =SUM(BL37:BL39) -> 0 | BM40: =IFERROR(IF(BK40="",0,BL40/BK40),0) -> 0 | BN40: =SUM(BN37:BN39)*$G35 -> 0 | BP40: =SUM(BP37:BP39) -> 0 | BQ40: =SUM(BQ37:BQ39) -> 0 | BR40: =IFERROR(IF(BP40="",0,BQ40/BP40),0) -> 0 | BS40: =SUM(BS37:BS39)*$G35 -> 0 | BU40: =SUM(BU37:BU39) -> 5 | BV40: =SUM(BV37:BV39) -> 0 | BW40: =IFERROR(IF(BU40="",0,BV40/BU40),0) -> 0 | BX40: =SUM(BX37:BX39)*$G35 -> 0 | BZ40: =SUM(BZ37:BZ39) -> 85 | CA40: =SUM(CA37:CA39) -> 0 | CB40: =IF(BZ40=0,0,CA40/BZ40) -> 0 | CC40: =SUM(CC37:CC39) -> 0
B41: 5 | C41: ALCANCE 5 | D41: CONSULTA PREVIA | G41: 0.15
B42: 5.1 | C42: Actividad 5.1 | D42: Presentar documento propuesta de ruta metodológica y diseño de la Consulta previa | E42: 1 | F42: Documento | G42: 0.2 | H42: 1 | J42: =IF(H42="",0,I42/H42) -> 0 | O42: =IFERROR(IF(M42="",0,N42/M42),0) -> 0 | T42: =IF(R42="",0,S42/R42) -> 0 | Y42: =IF(W42="",0,X42/W42) -> 0 | AD42: =IF(AB42="",0,AC42/AB42) -> 0 | AI42: =IF(AG42="",0,AH42/AG42) -> 0 | AN42: =IF(AL42="",0,AM42/AL42) -> 0 | AS42: =IF(AQ42="",0,AR42/AQ42) -> 0 | AX42: =IF(AV42="",0,AW42/AV42) -> 0 | AY42: =IFERROR(IF(AV42="",0,($G42*(AW42/$E42))),0) -> 0 | BC42: =IF(BA42="",0,BB42/BA42) -> 0 | BD42: =IFERROR(IF(BA42="",0,($G42*(BB42/$E42))),0) -> 0 | BH42: =IF(BF42="",0,BG42/BF42) -> 0 | BI42: =IFERROR(IF(BF42="",0,($G42*(BG42/$E42))),0) -> 0 | BM42: =IF(BK42="",0,BL42/BK42) -> 0 | BN42: =IFERROR(IF(BK42="",0,($G42*(BL42/$E42))),0) -> 0 | BR42: =IF(BP42="",0,BQ42/BP42) -> 0 | BS42: =IFERROR(IF(BP42="",0,($G42*(BQ42/$E42))),0) -> 0 | BW42: =IF(BU42="",0,BV42/BU42) -> 0 | BX42: =IFERROR(IF(BU42="",0,($G42*(BV42/$E42))),0) -> 0 | BZ42: =H42+M42+R42+W42+AB42+AG42+AL42+AQ42+AV42+BA42+BF42+BK42+BP42+BU42 -> 1 | CA42: =I42+N42+S42+X42+AC42+AH42+AM42+AR42+AW42+BB42+BG42+BL42+BQ42+BV42 -> 0 | CB42: =IF(BZ42=0,0,CA42/BZ42) -> 0 | CC42: =IFERROR(IF(BZ42="",0,($G42*(CA42/$E42))),0) -> 0
B43: 5.2 | C43: Actividad 5.2 | D43: Desarrolar y acompañar el proceso de consulta previa (incluye 240 alimentaciones, 6 registros audivisulaes, 12 gastos de logística, y 12 viajes al garante) | E43: 12 | F43: Encuentro | G43: 0.8 | J43: =IF(H43="",0,I43/H43) -> 0 | K43: =IFERROR(IF(H43="",0,($G43*(I43/$E43))),0) -> 0 | O43: =IFERROR(IF(M43="",0,N43/M43),0) -> 0 | P43: =IFERROR(IF(M43="",0,($G43*(N43/$E43))),0) -> 0 | T43: =IF(R43="",0,S43/R43) -> 0 | U43: =IFERROR(IF(R43="",0,($G43*(S43/$E43))),0) -> 0 | W43: 2 | Y43: =IF(W43="",0,X43/W43) -> 0 | Z43: =IFERROR(IF(W43="",0,($G43*(X43/$E43))),0) -> 0 | AB43: 2 | AD43: =IF(AB43="",0,AC43/AB43) -> 0 | AE43: =IFERROR(IF(AB43="",0,($G43*(AC43/$E43))),0) -> 0 | AI43: =IF(AG43="",0,AH43/AG43) -> 0 | AJ43: =IFERROR(IF(AG43="",0,($G43*(AH43/$E43))),0) -> 0 | AN43: =IF(AL43="",0,AM43/AL43) -> 0 | AO43: =IFERROR(IF(AL43="",0,($G43*(AM43/$E43))),0) -> 0 | AS43: =IF(AQ43="",0,AR43/AQ43) -> 0 | AT43: =IFERROR(IF(AQ43="",0,($G43*(AR43/$E43))),0) -> 0 | AV43: 2 | AX43: =IF(AV43="",0,AW43/AV43) -> 0 | AY43: =IFERROR(IF(AV43="",0,($G43*(AW43/$E43))),0) -> 0 | BA43: 2 | BC43: =IF(BA43="",0,BB43/BA43) -> 0 | BD43: =IFERROR(IF(BA43="",0,($G43*(BB43/$E43))),0) -> 0 | BH43: =IF(BF43="",0,BG43/BF43) -> 0 | BI43: =IFERROR(IF(BF43="",0,($G43*(BG43/$E43))),0) -> 0 | BK43: 2 | BM43: =IF(BK43="",0,BL43/BK43) -> 0 | BN43: =IFERROR(IF(BK43="",0,($G43*(BL43/$E43))),0) -> 0 | BP43: 2 | BR43: =IF(BP43="",0,BQ43/BP43) -> 0 | BS43: =IFERROR(IF(BP43="",0,($G43*(BQ43/$E43))),0) -> 0 | BW43: =IF(BU43="",0,BV43/BU43) -> 0 | BX43: =IFERROR(IF(BU43="",0,($G43*(BV43/$E43))),0) -> 0 | BZ43: =H43+M43+R43+W43+AB43+AG43+AL43+AQ43+AV43+BA43+BF43+BK43+BP43+BU43 -> 12 | CA43: =I43+N43+S43+X43+AC43+AH43+AM43+AR43+AW43+BB43+BG43+BL43+BQ43+BV43 -> 0 | CB43: =IF(BZ43=0,0,CA43/BZ43) -> 0 | CC43: =IFERROR(IF(BZ43="",0,($G43*(CA43/$E43))),0) -> 0
B44: 5.3 | C44: Actividad 5.3 | D44: Transporte promotores (uno por comunidad de consulta previa) y profesionales (2) a encuentros | E44: 12 | F44: Viaje | G44: 0.1 | J44: =IF(H44="",0,I44/H44) -> 0 | K44: =IFERROR(IF(H44="",0,($G44*(I44/$E44))),0) -> 0 | O44: =IF(M44="",0,N44/M44) -> 0 | P44: =IFERROR(IF(M44="",0,($G44*(N44/$E44))),0) -> 0 | T44: =IF(R44="",0,S44/R44) -> 0 | U44: =IFERROR(IF(R44="",0,($G44*(S44/$E44))),0) -> 0 | W44: 2 | Y44: =IF(W44="",0,X44/W44) -> 0 | Z44: =IFERROR(IF(W44="",0,($G44*(X44/$E44))),0) -> 0 | AB44: 2 | AD44: =IF(AB44="",0,AC44/AB44) -> 0 | AE44: =IFERROR(IF(AB44="",0,($G44*(AC44/$E44))),0) -> 0 | AI44: =IF(AG44="",0,AH44/AG44) -> 0 | AJ44: =IFERROR(IF(AG44="",0,($G44*(AH44/$E44))),0) -> 0 | AN44: =IF(AL44="",0,AM44/AL44) -> 0 | AO44: =IFERROR(IF(AL44="",0,($G44*(AM44/$E44))),0) -> 0 | AS44: =IF(AQ44="",0,AR44/AQ44) -> 0 | AT44: =IFERROR(IF(AQ44="",0,($G44*(AR44/$E44))),0) -> 0 | AV44: 2 | AX44: =IF(AV44="",0,AW44/AV44) -> 0 | AY44: =IFERROR(IF(AV44="",0,($G44*(AW44/$E44))),0) -> 0 | BA44: 2 | BC44: =IF(BA44="",0,BB44/BA44) -> 0 | BD44: =IFERROR(IF(BA44="",0,($G44*(BB44/$E44))),0) -> 0 | BH44: =IF(BF44="",0,BG44/BF44) -> 0 | BI44: =IFERROR(IF(BF44="",0,($G44*(BG44/$E44))),0) -> 0 | BK44: 2 | BM44: =IF(BK44="",0,BL44/BK44) -> 0 | BN44: =IFERROR(IF(BK44="",0,($G44*(BL44/$E44))),0) -> 0 | BP44: 2 | BR44: =IF(BP44="",0,BQ44/BP44) -> 0 | BS44: =IFERROR(IF(BP44="",0,($G44*(BQ44/$E44))),0) -> 0 | BW44: =IF(BU44="",0,BV44/BU44) -> 0 | BX44: =IFERROR(IF(BU44="",0,($G44*(BV44/$E44))),0) -> 0 | BZ44: =H44+M44+R44+W44+AB44+AG44+AL44+AQ44+AV44+BA44+BF44+BK44+BP44+BU44 -> 12 | CA44: =I44+N44+S44+X44+AC44+AH44+AM44+AR44+AW44+BB44+BG44+BL44+BQ44+BV44 -> 0 | CB44: =IF(BZ44=0,0,CA44/BZ44) -> 0 | CC44: =IFERROR(IF(BZ44="",0,($G44*(CA44/$E44))),0) -> 0
C45: Total ALCANCE 5 | E45: =SUM(E42:E44) -> 25 | G45: =SUM(G42:G43) -> 1 | H45: =SUM(H42:H44) -> 1 | I45: =SUM(I42:I44) -> 0 | J45: =IFERROR(IF(H45="",0,I45/H45),0) -> 0 | K45: =SUM(K42:K44) -> 0 | M45: =SUM(M42:M44) -> 0 | N45: =SUM(N42:N44) -> 0 | O45: =IFERROR(IF(M45="",0,N45/M45),0) -> 0 | P45: =SUM(P42:P44) -> 0 | R45: =SUM(R42:R44) -> 0 | S45: =SUM(S42:S44) -> 0 | T45: =IFERROR(IF(R45="",0,S45/R45),0) -> 0 | U45: =SUM(U42:U44) -> 0 | W45: =SUM(W42:W44) -> 4 | X45: =SUM(X42:X44) -> 0 | Y45: =IFERROR(IF(W45="",0,X45/W45),0) -> 0 | Z45: =SUM(Z42:Z44) -> 0 | AB45: =SUM(AB42:AB44) -> 4 | AC45: =SUM(AC42:AC44) -> 0 | AD45: =IFERROR(IF(AB45="",0,AC45/AB45),0) -> 0 | AE45: =SUM(AE42:AE44) -> 0 | AG45: =SUM(AG42:AG44) -> 0 | AH45: =SUM(AH42:AH44) -> 0 | AI45: =IFERROR(IF(AG45="",0,AH45/AG45),0) -> 0 | AJ45: =SUM(AJ42:AJ44) -> 0 | AL45: =SUM(AL42:AL44) -> 0 | AM45: =SUM(AM42:AM44) -> 0 | AN45: =IFERROR(IF(AL45="",0,AM45/AL45),0) -> 0 | AO45: =SUM(AO42:AO44) -> 0 | AQ45: =SUM(AQ42:AQ44) -> 0 | AR45: =SUM(AR42:AR44) -> 0 | AS45: =IFERROR(IF(AQ45="",0,AR45/AQ45),0) -> 0 | AT45: =SUM(AT42:AT44) -> 0 | AV45: =SUM(AV42:AV44) -> 4 | AW45: =SUM(AW42:AW44) -> 0 | AX45: =IFERROR(IF(AV45="",0,AW45/AV45),0) -> 0 | AY45: =SUM(AY42:AY44) -> 0 | BA45: =SUM(BA42:BA44) -> 4 | BB45: =SUM(BB42:BB44) -> 0 | BC45: =IFERROR(IF(BA45="",0,BB45/BA45),0) -> 0 | BD45: =SUM(BD42:BD44) -> 0 | BF45: =SUM(BF42:BF44) -> 0 | BG45: =SUM(BG42:BG44) -> 0 | BH45: =IFERROR(IF(BF45="",0,BG45/BF45),0) -> 0 | BI45: =SUM(BI42:BI44) -> 0 | BK45: =SUM(BK42:BK44) -> 4 | BL45: =SUM(BL42:BL44) -> 0 | BM45: =IFERROR(IF(BK45="",0,BL45/BK45),0) -> 0 | BN45: =SUM(BN42:BN44) -> 0 | BP45: =SUM(BP42:BP44) -> 4 | BQ45: =SUM(BQ42:BQ44) -> 0 | BR45: =IFERROR(IF(BP45="",0,BQ45/BP45),0) -> 0 | BS45: =SUM(BS42:BS44) -> 0 | BU45: =SUM(BU42:BU44) -> 0 | BV45: =SUM(BV42:BV44) -> 0 | BW45: =IFERROR(IF(BU45="",0,BV45/BU45),0) -> 0 | BX45: =SUM(BX42:BX44) -> 0 | BZ45: =SUM(BZ42:BZ44) -> 25 | CA45: =SUM(CA42:CA44) -> 0 | CB45: =IFERROR(IF(BZ45="",0,CA45/BZ45),0) -> 0 | CC45: =SUM(CC42:CC44)*$G41 -> 0
D46: PLAN DE COMUNICACIONES Y PLAN DE MEDIOS | G46: 0.03
B47: 6.1 | C47: Actividad 6.1 | D47: Formular la estrategía de comunicaciones | E47: 1 | F47: Documento | G47: 0.4 | H47: =1/13 -> 0.076923077 | J47: =IF(H47="",0,I47/H47) -> 0 | K47: =IFERROR(IF(H47="",0,($G47*(I47/$E47))),0) -> 0 | M47: =1/13 -> 0.076923077 | O47: =IF(M47="",0,N47/M47) -> 0 | P47: =IFERROR(IF(M47="",0,($G47*(N47/$E47))),0) -> 0 | R47: =1/13 -> 0.076923077 | T47: =IF(R47="",0,S47/R47) -> 0 | U47: =IFERROR(IF(R47="",0,($G47*(S47/$E47))),0) -> 0 | W47: =1/13 -> 0.076923077 | Y47: =IF(W47="",0,X47/W47) -> 0 | Z47: =IFERROR(IF(W47="",0,($G47*(X47/$E47))),0) -> 0 | AB47: =1/13 -> 0.076923077 | AD47: =IF(AB47="",0,AC47/AB47) -> 0 | AE47: =IFERROR(IF(AB47="",0,($G47*(AC47/$E47))),0) -> 0 | AG47: =1/13 -> 0.076923077 | AI47: =IF(AG47="",0,AH47/AG47) -> 0 | AJ47: =IFERROR(IF(AG47="",0,($G47*(AH47/$E47))),0) -> 0 | AL47: =1/13 -> 0.076923077 | AN47: =IF(AL47="",0,AM47/AL47) -> 0 | AO47: =IFERROR(IF(AL47="",0,($G47*(AM47/$E47))),0) -> 0 | AQ47: =1/13 -> 0.076923077 | AS47: =IF(AQ47="",0,AR47/AQ47) -> 0 | AT47: =IFERROR(IF(AQ47="",0,($G47*(AR47/$E47))),0) -> 0 | AV47: =1/13 -> 0.076923077 | AX47: =IF(AV47="",0,AW47/AV47) -> 0 | AY47: =IFERROR(IF(AV47="",0,($G47*(AW47/$E47))),0) -> 0 | BA47: =1/13 -> 0.076923077 | BC47: =IF(BA47="",0,BB47/BA47) -> 0 | BD47: =IFERROR(IF(BA47="",0,($G47*(BB47/$E47))),0) -> 0 | BF47: =1/13 -> 0.076923077 | BH47: =IF(BF47="",0,BG47/BF47) -> 0 | BI47: =IFERROR(IF(BF47="",0,($G47*(BG47/$E47))),0) -> 0 | BK47: =1/13 -> 0.076923077 | BM47: =IF(BK47="",0,BL47/BK47) -> 0 | BN47: =IFERROR(IF(BK47="",0,($G47*(BL47/$E47))),0) -> 0 | BP47: =1/13 -> 0.076923077 | BR47: =IF(BP47="",0,BQ47/BP47) -> 0 | BS47: =IFERROR(IF(BP47="",0,($G47*(BQ47/$E47))),0) -> 0 | BW47: =IF(BU47="",0,BV47/BU47) -> 0 | BX47: =IFERROR(IF(BU47="",0,($G47*(BV47/$E47))),0) -> 0 | BZ47: =H47+M47+R47+W47+AB47+AG47+AL47+AQ47+AV47+BA47+BF47+BK47+BP47+BU47 -> 1 | CA47: =I47+N47+S47+X47+AC47+AH47+AM47+AR47+AW47+BB47+BG47+BL47+BQ47+BV47 -> 0 | CB47: =IF(BZ47=0,0,CA47/BZ47) -> 0 | CC47: =IFERROR(IF(BZ47="",0,($G47*(CA47/$E47))),0) -> 0
B48: 6.2 | C48: Actividad 6.2 | D48: Plan de medios | E48: 1 | F48: Documento | G48: 0.3 | H48: =1/13 -> 0.076923077 | J48: =IF(H48="",0,I48/H48) -> 0 | K48: =IFERROR(IF(H48="",0,($G48*(I48/$E48))),0) -> 0 | M48: =1/13 -> 0.076923077 | O48: =IF(M48="",0,N48/M48) -> 0 | P48: =IFERROR(IF(M48="",0,($G48*(N48/$E48))),0) -> 0 | R48: =1/13 -> 0.076923077 | T48: =IF(R48="",0,S48/R48) -> 0 | U48: =IFERROR(IF(R48="",0,($G48*(S48/$E48))),0) -> 0 | W48: =1/13 -> 0.076923077 | Y48: =IF(W48="",0,X48/W48) -> 0 | Z48: =IFERROR(IF(W48="",0,($G48*(X48/$E48))),0) -> 0 | AB48: =1/13 -> 0.076923077 | AD48: =IF(AB48="",0,AC48/AB48) -> 0 | AE48: =IFERROR(IF(AB48="",0,($G48*(AC48/$E48))),0) -> 0 | AG48: =1/13 -> 0.076923077 | AI48: =IF(AG48="",0,AH48/AG48) -> 0 | AJ48: =IFERROR(IF(AG48="",0,($G48*(AH48/$E48))),0) -> 0 | AL48: =1/13 -> 0.076923077 | AN48: =IF(AL48="",0,AM48/AL48) -> 0 | AO48: =IFERROR(IF(AL48="",0,($G48*(AM48/$E48))),0) -> 0 | AQ48: =1/13 -> 0.076923077 | AS48: =IF(AQ48="",0,AR48/AQ48) -> 0 | AT48: =IFERROR(IF(AQ48="",0,($G48*(AR48/$E48))),0) -> 0 | AV48: =1/13 -> 0.076923077 | AX48: =IF(AV48="",0,AW48/AV48) -> 0 | AY48: =IFERROR(IF(AV48="",0,($G48*(AW48/$E48))),0) -> 0 | BA48: =1/13 -> 0.076923077 | BC48: =IF(BA48="",0,BB48/BA48) -> 0 | BD48: =IFERROR(IF(BA48="",0,($G48*(BB48/$E48))),0) -> 0 | BF48: =1/13 -> 0.076923077 | BH48: =IF(BF48="",0,BG48/BF48) -> 0 | BI48: =IFERROR(IF(BF48="",0,($G48*(BG48/$E48))),0) -> 0 | BK48: =1/13 -> 0.076923077 | BM48: =IF(BK48="",0,BL48/BK48) -> 0 | BN48: =IFERROR(IF(BK48="",0,($G48*(BL48/$E48))),0) -> 0 | BP48: =1/13 -> 0.076923077 | BR48: =IF(BP48="",0,BQ48/BP48) -> 0 | BS48: =IFERROR(IF(BP48="",0,($G48*(BQ48/$E48))),0) -> 0 | BW48: =IF(BU48="",0,BV48/BU48) -> 0 | BX48: =IFERROR(IF(BU48="",0,($G48*(BV48/$E48))),0) -> 0 | BZ48: =H48+M48+R48+W48+AB48+AG48+AL48+AQ48+AV48+BA48+BF48+BK48+BP48+BU48 -> 1 | CA48: =I48+N48+S48+X48+AC48+AH48+AM48+AR48+AW48+BB48+BG48+BL48+BQ48+BV48 -> 0 | CB48: =IF(BZ48=0,0,CA48/BZ48) -> 0 | CC48: =IFERROR(IF(BZ48="",0,($G48*(CA48/$E48))),0) -> 0
B49: 6.3 | C49: Actividad 6.3 | D49: Entregar distintivos al equipo consultor | E49: 26 | F49: Kit Distintivos | G49: 0.3 | H49: 26 | J49: =IF(H49="",0,I49/H49) -> 0 | K49: =IFERROR(IF(H49="",0,($G49*(I49/$E49))),0) -> 0 | O49: =IF(M49="",0,N49/M49) -> 0 | P49: =IFERROR(IF(M49="",0,($G49*(N49/$E49))),0) -> 0 | T49: =IF(R49="",0,S49/R49) -> 0 | U49: =IFERROR(IF(R49="",0,($G49*(S49/$E49))),0) -> 0 | Y49: =IF(W49="",0,X49/W49) -> 0 | Z49: =IFERROR(IF(W49="",0,($G49*(X49/$E49))),0) -> 0 | AD49: =IF(AB49="",0,AC49/AB49) -> 0 | AE49: =IFERROR(IF(AB49="",0,($G49*(AC49/$E49))),0) -> 0 | AI49: =IF(AG49="",0,AH49/AG49) -> 0 | AJ49: =IFERROR(IF(AG49="",0,($G49*(AH49/$E49))),0) -> 0 | AN49: =IF(AL49="",0,AM49/AL49) -> 0 | AO49: =IFERROR(IF(AL49="",0,($G49*(AM49/$E49))),0) -> 0 | AS49: =IF(AQ49="",0,AR49/AQ49) -> 0 | AT49: =IFERROR(IF(AQ49="",0,($G49*(AR49/$E49))),0) -> 0 | AX49: =IF(AV49="",0,AW49/AV49) -> 0 | AY49: =IFERROR(IF(AV49="",0,($G49*(AW49/$E49))),0) -> 0 | BC49: =IF(BA49="",0,BB49/BA49) -> 0 | BD49: =IFERROR(IF(BA49="",0,($G49*(BB49/$E49))),0) -> 0 | BH49: =IF(BF49="",0,BG49/BF49) -> 0 | BI49: =IFERROR(IF(BF49="",0,($G49*(BG49/$E49))),0) -> 0 | BM49: =IF(BK49="",0,BL49/BK49) -> 0 | BN49: =IFERROR(IF(BK49="",0,($G49*(BL49/$E49))),0) -> 0 | BR49: =IF(BP49="",0,BQ49/BP49) -> 0 | BS49: =IFERROR(IF(BP49="",0,($G49*(BQ49/$E49))),0) -> 0 | BW49: =IF(BU49="",0,BV49/BU49) -> 0 | BX49: =IFERROR(IF(BU49="",0,($G49*(BV49/$E49))),0) -> 0 | BZ49: =H49+M49+R49+W49+AB49+AG49+AL49+AQ49+AV49+BA49+BF49+BK49+BP49+BU49 -> 26 | CA49: =I49+N49+S49+X49+AC49+AH49+AM49+AR49+AW49+BB49+BG49+BL49+BQ49+BV49 -> 0 | CB49: =IF(BZ49=0,0,CA49/BZ49) -> 0 | CC49: =IFERROR(IF(BZ49="",0,($G49*(CA49/$E49))),0) -> 0
C50: Total PLAN | E50: =SUM(E47:E49) -> 28 | G50: =SUM(G47:G49) -> 1 | H50: =SUM(H47:H49) -> 26.153846 | I50: =SUM(I47:I49) -> 0 | J50: =IFERROR(IF(H50="",0,I50/H50),0) -> 0 | K50: =SUM(K47:K49)*$G46 -> 0 | M50: =SUM(M47:M49) -> 0.15384615 | N50: =SUM(N47:N49) -> 0 | O50: =IFERROR(IF(M50="",0,N50/M50),0) -> 0 | P50: =SUM(P47:P49)*$G46 -> 0 | R50: =SUM(R47:R49) -> 0.15384615 | S50: =SUM(S47:S49) -> 0 | T50: =IFERROR(IF(R50="",0,S50/R50),0) -> 0 | U50: =SUM(U47:U49)*$G46 -> 0 | W50: =SUM(W47:W49) -> 0.15384615 | X50: =SUM(X47:X49) -> 0 | Y50: =IFERROR(IF(W50="",0,X50/W50),0) -> 0 | Z50: =SUM(Z47:Z49)*$G46 -> 0 | AB50: =SUM(AB47:AB49) -> 0.15384615 | AC50: =SUM(AC47:AC49) -> 0 | AD50: =IFERROR(IF(AB50="",0,AC50/AB50),0) -> 0 | AE50: =SUM(AE47:AE49)*$G46 -> 0 | AG50: =SUM(AG47:AG49) -> 0.15384615 | AH50: =SUM(AH47:AH49) -> 0 | AI50: =IFERROR(IF(AG50="",0,AH50/AG50),0) -> 0 | AJ50: =SUM(AJ47:AJ49)*$G46 -> 0 | AL50: =SUM(AL47:AL49) -> 0.15384615 | AM50: =SUM(AM47:AM49) -> 0 | AN50: =IFERROR(IF(AL50="",0,AM50/AL50),0) -> 0 | AO50: =SUM(AO47:AO49)*$G46 -> 0 | AQ50: =SUM(AQ47:AQ49) -> 0.15384615 | AR50: =SUM(AR47:AR49) -> 0 | AS50: =IFERROR(IF(AQ50="",0,AR50/AQ50),0) -> 0 | AT50: =SUM(AT47:AT49)*$G46 -> 0 | AV50: =SUM(AV47:AV49) -> 0.15384615 | AW50: =SUM(AW47:AW49) -> 0 | AX50: =IFERROR(IF(AV50="",0,AW50/AV50),0) -> 0 | AY50: =SUM(AY47:AY49)*$G46 -> 0 | BA50: =SUM(BA47:BA49) -> 0.15384615 | BB50: =SUM(BB47:BB49) -> 0 | BC50: =IFERROR(IF(BA50="",0,BB50/BA50),0) -> 0 | BD50: =SUM(BD47:BD49)*$G46 -> 0 | BF50: =SUM(BF47:BF49) -> 0.15384615 | BG50: =SUM(BG47:BG49) -> 0 | BH50: =IFERROR(IF(BF50="",0,BG50/BF50),0) -> 0 | BI50: =SUM(BI47:BI49)*$G46 -> 0 | BK50: =SUM(BK47:BK49) -> 0.15384615 | BL50: =SUM(BL47:BL49) -> 0 | BM50: =IFERROR(IF(BK50="",0,BL50/BK50),0) -> 0 | BN50: =SUM(BN47:BN49)*$G46 -> 0 | BP50: =SUM(BP47:BP49) -> 0.15384615 | BQ50: =SUM(BQ47:BQ49) -> 0 | BR50: =IFERROR(IF(BP50="",0,BQ50/BP50),0) -> 0 | BS50: =SUM(BS47:BS49)*$G46 -> 0 | BU50: =SUM(BU47:BU49) -> 0 | BV50: =SUM(BV47:BV49) -> 0 | BW50: =IFERROR(IF(BU50="",0,BV50/BU50),0) -> 0 | BX50: =SUM(BX47:BX49)*$G46 -> 0 | BZ50: =SUM(BZ47:BZ49) -> 28 | CA50: =SUM(CA47:CA49) -> 0 | CB50: =IF(BZ50=0,0,CA50/BZ50) -> 0 | CC50: =SUM(CC47:CC49) -> 0
C51: PORCENTAJES TOTALES DEL CONTRATO | G51: =G46+G41+G35+G28+G22+G17 -> 1 | H51: =H50+H45+H40+H34+H27+H21 -> 52.153846 | I51: =I50+I45+I40+I34+I27+I21 -> 0 | J51: =IFERROR(IF(H51="",0,I51/H51),0) -> 0 | K51: =K50+K45+K40+K34+K27+K21 -> 0 | M51: =M50+M45+M40+M34+M27+M21 -> 87.153846 | N51: =N50+N45+N40+N34+N27+N21 -> 0 | O51: =IFERROR(IF(M51="",0,N51/M51),0) -> 0 | P51: =P50+P45+P40+P34+P27+P21 -> 0 | R51: =R50+R45+R40+R34+R27+R21 -> 65.153846 | S51: =S50+S45+S40+S34+S27+S21 -> 0 | T51: =IFERROR(IF(R51="",0,S51/R51),0) -> 0 | U51: =U50+U45+U40+U34+U27+U21 -> 0 | W51: =W50+W45+W40+W34+W27+W21 -> 109.15385 | X51: =X50+X45+X40+X34+X27+X21 -> 0 | Y51: =IFERROR(IF(W51="",0,X51/W51),0) -> 0 | Z51: =Z50+Z45+Z40+Z34+Z27+Z21 -> 0 | AB51: =AB50+AB45+AB40+AB34+AB27+AB21 -> 19.153846 | AC51: =AC50+AC45+AC40+AC34+AC27+AC21 -> 0 | AD51: =IFERROR(IF(AB51="",0,AC51/AB51),0) -> 0 | AE51: =AE50+AE45+AE40+AE34+AE27+AE21 -> 0 | AG51: =AG50+AG45+AG40+AG34+AG27+AG21 -> 45.153846 | AH51: =AH50+AH45+AH40+AH34+AH27+AH21 -> 0 | AI51: =IFERROR(IF(AG51="",0,AH51/AG51),0) -> 0 | AJ51: =AJ50+AJ45+AJ40+AJ34+AJ27+AJ21 -> 0 | AM51: =AM50+AM45+AM40+AM34+AM27+AM21 -> 0 | AN51: =AN50+AN45+AN40+AN34+AN27+AN21 -> 0 | AO51: =IFERROR(IF(AM51="",0,AN51/AM51),0) -> 0 | AP51: =AP50+AP45+AP40+AP34+AP27+AP21 -> 0 | AQ51: =AQ50+AQ45+AQ40+AQ34+AQ27+AQ21 -> 0.15384615 | AR51: =AR50+AR45+AR40+AR34+AR27+AR21 -> 0 | AS51: =IFERROR(IF(AQ51="",0,AR51/AQ51),0) -> 0 | AT51: =AT50+AT45+AT40+AT34+AT27+AT21 -> 0 | AV51: =AV50+AV45+AV40+AV34+AV27+AV21 -> 4.1538462 | AW51: =AW50+AW45+AW40+AW34+AW27+AW21 -> 0 | AX51: =IFERROR(IF(AV51="",0,AW51/AV51),0) -> 0 | AY51: =AY50+AY45+AY40+AY34+AY27+AY21 -> 0 | BA51: =BA50+BA45+BA40+BA34+BA27+BA21 -> 10.153846 | BB51: =BB50+BB45+BB40+BB34+BB27+BB21 -> 0 | BC51: =IFERROR(IF(BA51="",0,BB51/BA51),0) -> 0 | BD51: =BD50+BD45+BD40+BD34+BD27+BD21 -> 0 | BF51: =BF50+BF45+BF40+BF34+BF27+BF21 -> 54.153846 | BG51: =BG50+BG45+BG40+BG34+BG27+BG21 -> 0 | BH51: =IFERROR(IF(BF51="",0,BG51/BF51),0) -> 0 | BI51: =BI50+BI45+BI40+BI34+BI27+BI21 -> 0 | BK51: =BK50+BK45+BK40+BK34+BK27+BK21 -> 39.153846 | BL51: =BL50+BL45+BL40+BL34+BL27+BL21 -> 0 | BM51: =IFERROR(IF(BK51="",0,BL51/BK51),0) -> 0 | BN51: =BN50+BN45+BN40+BN34+BN27+BN21 -> 0 | BP51: =BP50+BP45+BP40+BP34+BP27+BP21 -> 4.1538462 | BQ51: =BQ50+BQ45+BQ40+BQ34+BQ27+BQ21 -> 0 | BR51: =IFERROR(IF(BP51="",0,BQ51/BP51),0) -> 0 | BS51: =BS50+BS45+BS40+BS34+BS27+BS21 -> 0 | BU51: =BU50+BU45+BU40+BU34+BU27+BU21 -> 5 | BV51: =BV50+BV45+BV40+BV34+BV27+BV21 -> 0 | BW51: =IFERROR(IF(BU51="",0,BV51/BU51),0) -> 0 | BX51: =BX50+BX45+BX40+BX34+BX27+BX21 -> 0 | BZ51: =BZ50+BZ45+BZ40+BZ34+BZ27+BZ21 -> 535 | CA51: =CA50+CA45+CA40+CA34+CA27+CA21 -> 0 | CB51: =IFERROR(IF(BZ51="",0,CA51/BZ51),0) -> 0 | CC51: =CC50+CC45+CC40+CC34+CC27+CC21 -> 0

Sheet POI Ejecución Financiera
E2: CONTROL DE CUMPLIMIENTO DE EJECUCIÓN FINANCIERA | M2: Versión 01
M3: Fecha Versión:
B6: CONTRATO 110-CNT2011-148 | E6: Valor: | G6: 1299981930
B7: Objeto | C7: ='POI Fisico'!D7 -> Formulación de los Planes de Ordenamiento del Recurso Hídrico en cuerpos de agua priorizados por la Corporación
B8: Fecha de Inicio | C8: 44091
B9: Fecha de Vencimiento | C9: 316/1/2022
B10: Fecha de corte
B11: Porcentaje de Ejecución | C11: =+(C10-C8)/(C9-C8) -> #VALUE!
A16: No | B16: Descripción | D16: Unidad de medida | E16: Cantidad | F16: Valor por Unidad de Medida | G16: Valor Total por producto | H16: Mes (1) 17/11/2020 al 16/12/2020 | L16: Mes (2) 17/12/2020 al 16/01/2021 | P16: Mes (3) 17/01/2021 al 16/02/2021 | T16: Mes (4) 17/02/2021 al 16/03/2021 | X16: Mes (5) 17/03/2021 al 16/04/2021 | AB16: Mes (6) 17/04/2021 al 16/05/2021 | AF16: Mes (7) 17/05/2021 al 16/06/2021 | AJ16: Mes (8) 17/06/2021 al 16/07/2021 | AN16: Mes (9) 17/07/2021 al 16/08/2021 | AR16: Mes (10) 17/08/2021 al 16/09/2021 | AV16: Mes (11) 17/09/2021 al 16/10/2021 | AZ16: Mes (12) 17/10/2021 al 16/11/2021 | BD16: Mes (13) 17/11/2021 al 16/12/2021 | BH16: Mes (14) 17/12/2021 al 16/01/2022 | BL16: TOTALES
H17: Meta Proyectada | I17: Ejecución | J17: Cumple | K17: Observa. Cualitativas | L17: Meta Proyectada | M17: Ejecución | N17: Cumple | O17: Observa. Cualitativas | P17: Meta Proyectada | Q17: Ejecución | R17: Cumple | S17: Observa. Cualitativas | T17: Meta Proyectada | U17: Ejecución | V17: Cumple | W17: Observa. Cualitativas | X17: Meta Proyectada | Y17: Ejecución | Z17: Cumple | AA17: Observa. Cualitativas | AB17: Meta Proyectada | AC17: Ejecución | AD17: Cumple | AE17: Observa. Cualitativas | AF17: Meta Proyectada | AG17: Ejecución | AH17: Cumple | AI17: Observa. Cualitativas | AJ17: Meta Proyectada | AK17: Ejecución | AL17: Cumple | AM17: Observa. Cualitativas | AN17: Meta Proyectada | AO17: Ejecución | AP17: Cumple | AQ17: Observa. Cualitativas | AR17: Meta Proyectada | AS17: Ejecución | AT17: Cumple | AU17: Observa. Cualitativas | AV17: Meta Proyectada | AW17: Ejecución | AX17: Cumple | AY17: Observa. Cualitativas | AZ17: Meta Proyectada | BA17: Ejecución | BB17: Cumple | BC17: Observa. Cualitativas | BD17: Meta Proyectada | BE17: Ejecución | BF17: Cumple | BG17: Observa. Cualitativas | BH17: Meta Proyectada | BI17: Ejecución | BJ17: Cumple | BK17: Observa. Cualitativas | BL17: Meta Proyectada | BM17: Meta Ejecutada | BN17: Cumplimiento
A18: 1 | B18: ALCANCE 1 | C18: Seguimiento a usuarios de captaciones de agua
A19: 1.1 | B19: ='POI Fisico'!C18 -> Actividad 1.1 | C19: ='POI Fisico'!D18 -> Realizar la Declaratoria en ordenamient de las corrientes R. Dolores, R. Yarumalito, Q. La Noque, Q. Sbaleta Trinidad y Q. La vívora | D19: ='POI Fisico'!F18 -> Doumentos acto administrativo | E19: ='POI Fisico'!E18 -> 5 | F19: =IFERROR(G19/E19,0) -> 7000625.5 | G19: ='Calculo de valores unitarios'!N4 -> 35003128 | H19: =$F19*'POI Fisico'!H18 -> 35003128 | I19: =$F19*'POI Fisico'!I18 -> 0 | J19: =IF(OR(H19="",H19=0),0,I19/H19) -> 0 | L19: =$F19*'POI Fisico'!M18 -> 0 | M19: =$F19*'POI Fisico'!N18 -> 0 | N19: =IF(OR(L19="",L19=0),0,M19/L19) -> 0 | P19: =$F19*'POI Fisico'!R18 -> 0 | Q19: =$F19*'POI Fisico'!S18 -> 0 | R19: =IF(OR(P19="",P19=0),0,Q19/P19) -> 0 | T19: =$F19*'POI Fisico'!W18 -> 0 | U19: =$F19*'POI Fisico'!X18 -> 0 | V19: =IF(OR(T19="",T19=0),0,U19/T19) -> 0 | X19: =$F19*'POI Fisico'!AB18 -> 0 | Y19: =$F19*'POI Fisico'!AC18 -> 0 | Z19: =IF(OR(X19="",X19=0),0,Y19/X19) -> 0 | AB19: =$F19*'POI Fisico'!AG18 -> 0 | AC19: =$F19*'POI Fisico'!AH18 -> 0 | AD19: =IF(OR(AB19="",AB19=0),0,AC19/AB19) -> 0 | AF19: =$F19*'POI Fisico'!AL18 -> 0 | AG19: =$F19*'POI Fisico'!AM18 -> 0 | AH19: =IF(OR(AF19="",AF19=0),0,AG19/AF19) -> 0 | AJ19: =$F19*'POI Fisico'!AQ18 -> 0 | AK19: =$F19*'POI Fisico'!AR18 -> 0 | AL19: =IF(OR(AJ19="",AJ19=0),0,AK19/AJ19) -> 0 | AN19: =$F19*'POI Fisico'!AV18 -> 0 | AO19: =$F19*'POI Fisico'!AW18 -> 0 | AP19: =IF(OR(AN19="",AN19=0),0,AO19/AN19) -> 0 | AR19: =$F19*'POI Fisico'!BA18 -> 0 | AS19: =$F19*'POI Fisico'!BB18 -> 0 | AT19: =IF(OR(AR19="",AR19=0),0,AS19/AR19) -> 0 | AV19: =$F19*'POI Fisico'!BF18 -> 0 | AW19: =$F19*'POI Fisico'!BG18 -> 0 | AX19: =IF(OR(AV19="",AV19=0),0,AW19/AV19) -> 0 | AZ19: =$F19*'POI Fisico'!BK18 -> 0 | BA19: =$F19*'POI Fisico'!BL18 -> 0 | BB19: =IF(OR(AZ19="",AZ19=0),0,BA19/AZ19) -> 0 | BD19: =$F19*'POI Fisico'!BP18 -> 0 | BE19: =$F19*'POI Fisico'!BQ18 -> 0 | BF19: =IF(OR(BD19="",BD19=0),0,BE19/BD19) -> 0 | BH19: =$F19*'POI Fisico'!BU18 -> 0 | BI19: =$F19*'POI Fisico'!BV18 -> 0 | BJ19: =IF(OR(BH19="",BH19=0),0,BI19/BH19) -> 0 | BL19: =H19+L19+P19+T19+X19+AB19+AF19+AJ19+AN19+AR19+AV19+AZ19+BD19+BH19 -> 35003128 | BM19: =I19+M19+Q19+U19+Y19+AC19+AG19+AK19+AO19+AS19+AW19+BA19+BE19+BI19 -> 0 | BN19: =IF(OR(BL19="",BL19=0),0,BM19/BL19) -> 0
A20: 1.2 | B20: ='POI Fisico'!C19 -> Actividad 1.2 | C20: ='POI Fisico'!D19 -> Socialización del proyecto y diligenciamiento del RURH (Incluye 100 refrigerios, gatos de viaje, transporte de tres personas) | D20: ='POI Fisico'!F19 -> Talleres | E20: ='POI Fisico'!E19 -> 7 | F20: =IFERROR(G20/E20,0) -> 3352603.4 | G20: ='Calculo de valores unitarios'!N5 -> 23468224 | H20: =$F20*'POI Fisico'!H19 -> 0 | I20: =$F20*'POI Fisico'!I19 -> 0 | J20: =IF(OR(H20="",H20=0),0,I20/H20) -> 0 | L20: =$F20*'POI Fisico'!M19 -> 23468224 | M20: =$F20*'POI Fisico'!N19 -> 0 | N20: =IF(OR(L20="",L20=0),0,M20/L20) -> 0 | P20: =$F20*'POI Fisico'!R19 -> 0 | Q20: =$F20*'POI Fisico'!S19 -> 0 | R20: =IF(OR(P20="",P20=0),0,Q20/P20) -> 0 | T20: =$F20*'POI Fisico'!W19 -> 0 | U20: =$F20*'POI Fisico'!X19 -> 0 | V20: =IF(OR(T20="",T20=0),0,U20/T20) -> 0 | X20: =$F20*'POI Fisico'!AB19 -> 0 | Y20: =$F20*'POI Fisico'!AC19 -> 0 | Z20: =IF(OR(X20="",X20=0),0,Y20/X20) -> 0 | AB20: =$F20*'POI Fisico'!AG19 -> 0 | AC20: =$F20*'POI Fisico'!AH19 -> 0 | AD20: =IF(OR(AB20="",AB20=0),0,AC20/AB20) -> 0 | AF20: =$F20*'POI Fisico'!AL19 -> 0 | AG20: =$F20*'POI Fisico'!AM19 -> 0 | AH20: =IF(OR(AF20="",AF20=0),0,AG20/AF20) -> 0 | AJ20: =$F20*'POI Fisico'!AQ19 -> 0 | AK20: =$F20*'POI Fisico'!AR19 -> 0 | AL20: =IF(OR(AJ20="",AJ20=0),0,AK20/AJ20) -> 0 | AN20: =$F20*'POI Fisico'!AV19 -> 0 | AO20: =$F20*'POI Fisico'!AW19 -> 0 | AP20: =IF(OR(AN20="",AN20=0),0,AO20/AN20) -> 0 | AR20: =$F20*'POI Fisico'!BA19 -> 0 | AS20: =$F20*'POI Fisico'!BB19 -> 0 | AT20: =IF(OR(AR20="",AR20=0),0,AS20/AR20) -> 0 | AV20: =$F20*'POI Fisico'!BF19 -> 0 | AW20: =$F20*'POI Fisico'!BG19 -> 0 | AX20: =IF(OR(AV20="",AV20=0),0,AW20/AV20) -> 0 | AZ20: =$F20*'POI Fisico'!BK19 -> 0 | BA20: =$F20*'POI Fisico'!BL19 -> 0 | BB20: =IF(OR(AZ20="",AZ20=0),0,BA20/AZ20) -> 0 | BD20: =$F20*'POI Fisico'!BP19 -> 0 | BE20: =$F20*'POI Fisico'!BQ19 -> 0 | BF20: =IF(OR(BD20="",BD20=0),0,BE20/BD20) -> 0 | BH20: =$F20*'POI Fisico'!BU19 -> 0 | BI20: =$F20*'POI Fisico'!BV19 -> 0 | BJ20: =IF(OR(BH20="",BH20=0),0,BI20/BH20) -> 0 | BL20: =H20+L20+P20+T20+X20+AB20+AF20+AJ20+AN20+AR20+AV20+AZ20+BD20+BH20 -> 23468224 | BM20: =I20+M20+Q20+U20+Y20+AC20+AG20+AK20+AO20+AS20+AW20+BA20+BE20+BI20 -> 0 | BN20: =IF(OR(BL20="",BL20=0),0,BM20/BL20) -> 0
A21: 1.3 | B21: ='POI Fisico'!C20 -> Actividad 1.3 | C21: ='POI Fisico'!D20 -> Primer acercamiento y diligenciamiento del RURH (incluye gastos de viaje, transporte urbano, transporte rural de dos personas del equipo). | D21: ='POI Fisico'!F20 -> Recorridos | E21: ='POI Fisico'!E20 -> 100 | F21: =IFERROR(G21/E21,0) -> 770829.51 | G21: ='Calculo de valores unitarios'!N6 -> 77082951 | H21: =$F21*'POI Fisico'!H20 -> 15416590 | I21: =$F21*'POI Fisico'!I20 -> 0 | J21: =IF(OR(H21="",H21=0),0,I21/H21) -> 0 | L21: =$F21*'POI Fisico'!M20 -> 61666361 | M21: =$F21*'POI Fisico'!N20 -> 0 | P21: =$F21*'POI Fisico'!R20 -> 0 | Q21: =$F21*'POI Fisico'!S20 -> 0 | T21: =$F21*'POI Fisico'!W20 -> 0 | U21: =$F21*'POI Fisico'!X20 -> 0 | X21: =$F21*'POI Fisico'!AB20 -> 0 | Y21: =$F21*'POI Fisico'!AC20 -> 0 | AB21: =$F21*'POI Fisico'!AG20 -> 0 | AC21: =$F21*'POI Fisico'!AH20 -> 0 | AF21: =$F21*'POI Fisico'!AL20 -> 0 | AG21: =$F21*'POI Fisico'!AM20 -> 0 | AJ21: =$F21*'POI Fisico'!AQ20 -> 0 | AK21: =$F21*'POI Fisico'!AR20 -> 0 | AN21: =$F21*'POI Fisico'!AV20 -> 0 | AO21: =$F21*'POI Fisico'!AW20 -> 0 | AR21: =$F21*'POI Fisico'!BA20 -> 0 | AS21: =$F21*'POI Fisico'!BB20 -> 0 | AV21: =$F21*'POI Fisico'!BF20 -> 0 | AW21: =$F21*'POI Fisico'!BG20 -> 0 | AZ21: =$F21*'POI Fisico'!BK20 -> 0 | BA21: =$F21*'POI Fisico'!BL20 -> 0 | BD21: =$F21*'POI Fisico'!BP20 -> 0 | BE21: =$F21*'POI Fisico'!BQ20 -> 0 | BH21: =$F21*'POI Fisico'!BU20 -> 0 | BI21: =$F21*'POI Fisico'!BV20 -> 0 | BL21: =H21+L21+P21+T21+X21+AB21+AF21+AJ21+AN21+AR21+AV21+AZ21+BD21+BH21 -> 77082951 | BM21: =I21+M21+Q21+U21+Y21+AC21+AG21+AK21+AO21+AS21+AW21+BA21+BE21+BI21 -> 0
B22: ='POI Fisico'!C17 -> ALCANCE 1 | G22: =SUM(G19:G21) -> 1.355543e+08 | H22: =SUM(H19:H21) -> 50419718 | I22: =SUM(I19:I21) -> 0 | J22: =IFERROR(IF(H22="",0,I22/H22),0) -> 0 | L22: =SUM(L19:L21) -> 85134585 | M22: =SUM(M19:M20) -> 0 | N22: =IFERROR(IF(L22="",0,M22/L22),0) -> 0 | P22: =SUM(P19:P20) -> 0 | Q22: =SUM(Q19:Q20) -> 0 | R22: =IFERROR(IF(P22="",0,Q22/P22),0) -> 0 | T22: =SUM(T19:T20) -> 0 | U22: =SUM(U19:U20) -> 0 | V22: =IFERROR(IF(T22="",0,U22/T22),0) -> 0 | X22: =SUM(X19:X20) -> 0 | Y22: =SUM(Y19:Y20) -> 0 | Z22: =IFERROR(IF(X22="",0,Y22/X22),0) -> 0 | AB22: =SUM(AB19:AB20) -> 0 | AC22: =SUM(AC19:AC20) -> 0 | AD22: =IFERROR(IF(AB22="",0,AC22/AB22),0) -> 0 | AF22: =SUM(AF19:AF20) -> 0 | AG22: =SUM(AG19:AG20) -> 0 | AH22: =IFERROR(IF(AF22="",0,AG22/AF22),0) -> 0 | AJ22: =SUM(AJ19:AJ20) -> 0 | AK22: =SUM(AK19:AK20) -> 0 | AL22: =IFERROR(IF(AJ22="",0,AK22/AJ22),0) -> 0 | AN22: =SUM(AN19:AN20) -> 0 | AO22: =SUM(AO19:AO20) -> 0 | AP22: =IFERROR(IF(AN22="",0,AO22/AN22),0) -> 0 | AR22: =SUM(AR19:AR20) -> 0 | AS22: =SUM(AS19:AS20) -> 0 | AT22: =IFERROR(IF(AR22="",0,AS22/AR22),0) -> 0 | AV22: =SUM(AV19:AV20) -> 0 | AW22: =SUM(AW19:AW20) -> 0 | AX22: =IFERROR(IF(AV22="",0,AW22/AV22),0) -> 0 | AZ22: =SUM(AZ19:AZ20) -> 0 | BA22: =SUM(BA19:BA20) -> 0 | BB22: =IFERROR(IF(AZ22="",0,BA22/AZ22),0) -> 0 | BD22: =SUM(BD19:BD20) -> 0 | BE22: =SUM(BE19:BE20) -> 0 | BF22: =IFERROR(IF(BD22="",0,BE22/BD22),0) -> 0 | BH22: =SUM(BH19:BH20) -> 0 | BI22: =SUM(BI19:BI20) -> 0 | BJ22: =IFERROR(IF(BH22="",0,BI22/BH22),0) -> 0 | BL22: =SUM(BL19:BL21) -> 1.355543e+08 | BM22: =SUM(BM19:BM20) -> 0 | BN22: =IF(OR(BL22="",BL22=0),0,BM22/BL22) -> 0
A23: 2 | B23: ALCANCE 2 | C23: ='POI Fisico'!D22 -> FASE DE DIAGNÓSTICO
A24: 2.1 | B24: ='POI Fisico'!C23 -> Actividad 2.1 | C24: ='POI Fisico'!D23 -> Presentar documento de metodología del Diagnóstico | D24: ='POI Fisico'!F23 -> Documentos | E24: ='POI Fisico'!E23 -> 5 | F24: =IFERROR(G24/E24,0) -> 14089203 | G24: ='Calculo de valores unitarios'!N9 -> 70446014 | H24: =$F24*'POI Fisico'!H23 -> 70446014 | I24: =$F24*'POI Fisico'!I23 -> 0 | J24: =IF(OR(H24="",H24=0),0,I24/H24) -> 0 | L24: =$F24*'POI Fisico'!M23 -> 0 | M24: =$F24*'POI Fisico'!N23 -> 0 | N24: =IF(OR(L24="",L24=0),0,M24/L24) -> 0 | P24: =$F24*'POI Fisico'!R23 -> 0 | Q24: =$F24*'POI Fisico'!S23 -> 0 | R24: =IF(OR(P24="",P24=0),0,Q24/P24) -> 0 | T24: =$F24*'POI Fisico'!W23 -> 0 | U24: =$F24*'POI Fisico'!X23 -> 0 | V24: =IF(OR(T24="",T24=0),0,U24/T24) -> 0 | X24: =$F24*'POI Fisico'!AB23 -> 0 | Y24: =$F24*'POI Fisico'!AC23 -> 0 | Z24: =IF(OR(X24="",X24=0),0,Y24/X24) -> 0 | AB24: =$F24*'POI Fisico'!AG23 -> 0 | AC24: =$F24*'POI Fisico'!AH23 -> 0 | AD24: =IF(OR(AB24="",AB24=0),0,AC24/AB24) -> 0 | AF24: =$F24*'POI Fisico'!AL23 -> 0 | AG24: =$F24*'POI Fisico'!AM23 -> 0 | AH24: =IF(OR(AF24="",AF24=0),0,AG24/AF24) -> 0 | AJ24: =$F24*'POI Fisico'!AQ23 -> 0 | AK24: =$F24*'POI Fisico'!AR23 -> 0 | AL24: =IF(OR(AJ24="",AJ24=0),0,AK24/AJ24) -> 0 | AN24: =$F24*'POI Fisico'!AV23 -> 0 | AO24: =$F24*'POI Fisico'!AW23 -> 0 | AP24: =IF(OR(AN24="",AN24=0),0,AO24/AN24) -> 0 | AR24: =$F24*'POI Fisico'!BA23 -> 0 | AS24: =$F24*'POI Fisico'!BB23 -> 0 | AT24: =IF(OR(AR24="",AR24=0),0,AS24/AR24) -> 0 | AV24: =$F24*'POI Fisico'!BF23 -> 0 | AW24: =$F24*'POI Fisico'!BG23 -> 0 | AX24: =IF(OR(AV24="",AV24=0),0,AW24/AV24) -> 0 | AZ24: =$F24*'POI Fisico'!BK23 -> 0 | BA24: =$F24*'POI Fisico'!BL23 -> 0 | BB24: =IF(OR(AZ24="",AZ24=0),0,BA24/AZ24) -> 0 | BD24: =$F24*'POI Fisico'!BP23 -> 0 | BE24: =$F24*'POI Fisico'!BQ23 -> 0 | BF24: =IF(OR(BD24="",BD24=0),0,BE24/BD24) -> 0 | BH24: =$F24*'POI Fisico'!BU23 -> 0 | BI24: =$F24*'POI Fisico'!BV23 -> 0 | BJ24: =IF(OR(BH24="",BH24=0),0,BI24/BH24) -> 0 | BL24: =H24+L24+P24+T24+X24+AB24+AF24+AJ24+AN24+AR24+AV24+AZ24+BD24+BH24 -> 70446014 | BM24: =I24+M24+Q24+U24+Y24+AC24+AG24+AK24+AO24+AS24+AW24+BA24+BE24+BI24 -> 0 | BN24: =IF(OR(BL24="",BL24=0),0,BM24/BL24) -> 0
C25: ='POI Fisico'!D24 -> Realizar el Diagnóstico Participativo (1 taller por Cuerpo de agua por 3 profesionales incluye gastos de viaje) | D25: ='POI Fisico'!F24 -> Viajes | E25: ='POI Fisico'!E24 -> 15 | F25: =IFERROR(G25/E25,0) -> 4918653.2 | G25: ='Calculo de valores unitarios'!N10 -> 73779798 | H25: =$F25*'POI Fisico'!H24 -> 0 | I25: =$F25*'POI Fisico'!I24 -> 0 | J25: =IF(OR(H25="",H25=0),0,I25/H25) -> 0 | L25: =$F25*'POI Fisico'!M24 -> 0 | M25: =$F25*'POI Fisico'!N24 -> 0 | N25: =IF(OR(L25="",L25=0),0,M25/L25) -> 0 | P25: =$F25*'POI Fisico'!R24 -> 73779798 | Q25: =$F25*'POI Fisico'!S24 -> 0 | R25: =IF(OR(P25="",P25=0),0,Q25/P25) -> 0 | T25: =$F25*'POI Fisico'!W24 -> 0 | U25: =$F25*'POI Fisico'!X24 -> 0 | V25: =IF(OR(T25="",T25=0),0,U25/T25) -> 0 | X25: =$F25*'POI Fisico'!AB24 -> 0 | Y25: =$F25*'POI Fisico'!AC24 -> 0 | Z25: =IF(OR(X25="",X25=0),0,Y25/X25) -> 0 | AB25: =$F25*'POI Fisico'!AG24 -> 0 | AC25: =$F25*'POI Fisico'!AH24 -> 0 | AD25: =IF(OR(AB25="",AB25=0),0,AC25/AB25) -> 0 | AF25: =$F25*'POI Fisico'!AL24 -> 0 | AG25: =$F25*'POI Fisico'!AM24 -> 0 | AH25: =IF(OR(AF25="",AF25=0),0,AG25/AF25) -> 0 | AJ25: =$F25*'POI Fisico'!AQ24 -> 0 | AK25: =$F25*'POI Fisico'!AR24 -> 0 | AL25: =IF(OR(AJ25="",AJ25=0),0,AK25/AJ25) -> 0 | AN25: =$F25*'POI Fisico'!AV24 -> 0 | AO25: =$F25*'POI Fisico'!AW24 -> 0 | AP25: =IF(OR(AN25="",AN25=0),0,AO25/AN25) -> 0 | AR25: =$F25*'POI Fisico'!BA24 -> 0 | AS25: =$F25*'POI Fisico'!BB24 -> 0 | AT25: =IF(OR(AR25="",AR25=0),0,AS25/AR25) -> 0 | AV25: =$F25*'POI Fisico'!BF24 -> 0 | AW25: =$F25*'POI Fisico'!BG24 -> 0 | AX25: =IF(OR(AV25="",AV25=0),0,AW25/AV25) -> 0 | AZ25: =$F25*'POI Fisico'!BK24 -> 0 | BA25: =$F25*'POI Fisico'!BL24 -> 0 | BB25: =IF(OR(AZ25="",AZ25=0),0,BA25/AZ25) -> 0 | BD25: =$F25*'POI Fisico'!BP24 -> 0 | BE25: =$F25*'POI Fisico'!BQ24 -> 0 | BF25: =IF(OR(BD25="",BD25=0),0,BE25/BD25) -> 0 | BH25: =$F25*'POI Fisico'!BU24 -> 0 | BI25: =$F25*'POI Fisico'!BV24 -> 0 | BJ25: =IF(OR(BH25="",BH25=0),0,BI25/BH25) -> 0 | BL25: =H25+L25+P25+T25+X25+AB25+AF25+AJ25+AN25+AR25+AV25+AZ25+BD25+BH25 -> 73779798 | BM25: =I25+M25+Q25+U25+Y25+AC25+AG25+AK25+AO25+AS25+AW25+BA25+BE25+BI25 -> 0 | BN25: =IF(OR(BL25="",BL25=0),0,BM25/BL25) -> 0
A26: 2.2 | B26: ='POI Fisico'!C25 -> Actividad 2.2 | C26: ='POI Fisico'!D25 -> Realizar recorridos de diagnostico, Visita a usuarios, estructuras y demás aspectos del diagnóstico por municipio (10 días por cuerpo de agua por 3 profesionales) (Incluye Gastos de viaje , transporte rural y urbano) | D26: ='POI Fisico'!F24 -> Viajes | E26: ='POI Fisico'!E25 -> 150 | F26: =IFERROR(G26/E26,0) -> 716208.09 | G26: ='Calculo de valores unitarios'!N11 -> 1.0743121e+08 | H26: =$F26*'POI Fisico'!H24 -> 0 | I26: =$F26*'POI Fisico'!I24 -> 0 | J26: =IF(OR(H26="",H26=0),0,I26/H26) -> 0 | L26: =$F26*'POI Fisico'!M25 -> 0 | M26: =$F26*'POI Fisico'!N24 -> 0 | N26: =IF(OR(L26="",L26=0),0,M26/L26) -> 0 | P26: =$F26*'POI Fisico'!R25 -> 35810404 | Q26: =$F26*'POI Fisico'!S24 -> 0 | R26: =IF(OR(P26="",P26=0),0,Q26/P26) -> 0 | T26: =$F26*'POI Fisico'!W25 -> 71620809 | U26: =$F26*'POI Fisico'!X24 -> 0 | V26: =IF(OR(T26="",T26=0),0,U26/T26) -> 0 | X26: =$F26*'POI Fisico'!AB24 -> 0 | Y26: =$F26*'POI Fisico'!AC24 -> 0 | Z26: =IF(OR(X26="",X26=0),0,Y26/X26) -> 0 | AB26: =$F26*'POI Fisico'!AG24 -> 0 | AC26: =$F26*'POI Fisico'!AH24 -> 0 | AD26: =IF(OR(AB26="",AB26=0),0,AC26/AB26) -> 0 | AF26: =$F26*'POI Fisico'!AL24 -> 0 | AG26: =$F26*'POI Fisico'!AM24 -> 0 | AH26: =IF(OR(AF26="",AF26=0),0,AG26/AF26) -> 0 | AJ26: =$F26*'POI Fisico'!AQ24 -> 0 | AK26: =$F26*'POI Fisico'!AR24 -> 0 | AL26: =IF(OR(AJ26="",AJ26=0),0,AK26/AJ26) -> 0 | AN26: =$F26*'POI Fisico'!AV24 -> 0 | AO26: =$F26*'POI Fisico'!AW24 -> 0 | AP26: =IF(OR(AN26="",AN26=0),0,AO26/AN26) -> 0 | AR26: =$F26*'POI Fisico'!BA24 -> 0 | AS26: =$F26*'POI Fisico'!BB24 -> 0 | AT26: =IF(OR(AR26="",AR26=0),0,AS26/AR26) -> 0 | AV26: =$F26*'POI Fisico'!BF24 -> 0 | AW26: =$F26*'POI Fisico'!BG24 -> 0 | AX26: =IF(OR(AV26="",AV26=0),0,AW26/AV26) -> 0 | AZ26: =$F26*'POI Fisico'!BK24 -> 0 | BA26: =$F26*'POI Fisico'!BL24 -> 0 | BB26: =IF(OR(AZ26="",AZ26=0),0,BA26/AZ26) -> 0 | BD26: =$F26*'POI Fisico'!BP24 -> 0 | BE26: =$F26*'POI Fisico'!BQ24 -> 0 | BF26: =IF(OR(BD26="",BD26=0),0,BE26/BD26) -> 0 | BH26: =$F26*'POI Fisico'!BU24 -> 0 | BI26: =$F26*'POI Fisico'!BV24 -> 0 | BJ26: =IF(OR(BH26="",BH26=0),0,BI26/BH26) -> 0 | BL26: =H26+L26+P26+T26+X26+AB26+AF26+AJ26+AN26+AR26+AV26+AZ26+BD26+BH26 -> 1.0743121e+08 | BM26: =I26+M26+Q26+U26+Y26+AC26+AG26+AK26+AO26+AS26+AW26+BA26+BE26+BI26 -> 0 | BN26: =IF(OR(BL26="",BL26=0),0,BM26/BL26) -> 0
C27: ='POI Fisico'!D26 -> Entrega documento Diagnostico | D27: ='POI Fisico'!F25 -> Recorridos | E27: ='POI Fisico'!E26 -> 5 | F27: =IFERROR(G27/E27,0) -> 13710426 | G27: ='Calculo de valores unitarios'!N12 -> 68552128 | H27: =$F27*'POI Fisico'!H25 -> 0 | I27: =$F27*'POI Fisico'!I25 -> 0 | J27: =IF(OR(H27="",H27=0),0,I27/H27) -> 0 | L27: =$F27*'POI Fisico'!M26 -> 0 | M27: =$F27*'POI Fisico'!N25 -> 0 | N27: =IF(OR(L27="",L27=0),0,M27/L27) -> 0 | P27: =$F27*'POI Fisico'!R26 -> 0 | Q27: =$F27*'POI Fisico'!S25 -> 0 | R27: =IF(OR(P27="",P27=0),0,Q27/P27) -> 0 | T27: =$F27*'POI Fisico'!W26 -> 68552128 | U27: =$F27*'POI Fisico'!X25 -> 0 | V27: =IF(OR(T27="",T27=0),0,U27/T27) -> 0 | X27: =$F27*'POI Fisico'!AB25 -> 0 | Y27: =$F27*'POI Fisico'!AC25 -> 0 | Z27: =IF(OR(X27="",X27=0),0,Y27/X27) -> 0 | AB27: =$F27*'POI Fisico'!AG25 -> 0 | AC27: =$F27*'POI Fisico'!AH25 -> 0 | AD27: =IF(OR(AB27="",AB27=0),0,AC27/AB27) -> 0 | AF27: =$F27*'POI Fisico'!AL25 -> 0 | AG27: =$F27*'POI Fisico'!AM25 -> 0 | AH27: =IF(OR(AF27="",AF27=0),0,AG27/AF27) -> 0 | AJ27: =$F27*'POI Fisico'!AQ25 -> 0 | AK27: =$F27*'POI Fisico'!AR25 -> 0 | AL27: =IF(OR(AJ27="",AJ27=0),0,AK27/AJ27) -> 0 | AN27: =$F27*'POI Fisico'!AV25 -> 0 | AO27: =$F27*'POI Fisico'!AW25 -> 0 | AP27: =IF(OR(AN27="",AN27=0),0,AO27/AN27) -> 0 | AR27: =$F27*'POI Fisico'!BA25 -> 0 | AS27: =$F27*'POI Fisico'!BB25 -> 0 | AT27: =IF(OR(AR27="",AR27=0),0,AS27/AR27) -> 0 | AV27: =$F27*'POI Fisico'!BF25 -> 0 | AW27: =$F27*'POI Fisico'!BG25 -> 0 | AX27: =IF(OR(AV27="",AV27=0),0,AW27/AV27) -> 0 | AZ27: =$F27*'POI Fisico'!BK25 -> 0 | BA27: =$F27*'POI Fisico'!BL25 -> 0 | BB27: =IF(OR(AZ27="",AZ27=0),0,BA27/AZ27) -> 0 | BD27: =$F27*'POI Fisico'!BP25 -> 0 | BE27: =$F27*'POI Fisico'!BQ25 -> 0 | BF27: =IF(OR(BD27="",BD27=0),0,BE27/BD27) -> 0 | BH27: =$F27*'POI Fisico'!BU25 -> 0 | BI27: =$F27*'POI Fisico'!BV25 -> 0 | BJ27: =IF(OR(BH27="",BH27=0),0,BI27/BH27) -> 0 | BL27: =H27+L27+P27+T27+X27+AB27+AF27+AJ27+AN27+AR27+AV27+AZ27+BD27+BH27 -> 68552128 | BM27: =I27+M27+Q27+U27+Y27+AC27+AG27+AK27+AO27+AS27+AW27+BA27+BE27+BI27 -> 0 | BN27: =IF(OR(BL27="",BL27=0),0,BM27/BL27) -> 0
B28: ='POI Fisico'!C22 -> ALCANCE 2 | G28: =SUM(G24:G27) -> 3.2020915e+08 | H28: =SUM(H24:H27) -> 70446014 | I28: =SUM(I24:I27) -> 0 | J28: =IFERROR(IF(H28="",0,I28/H28),0) -> 0 | L28: =SUM(L24:L27) -> 0 | M28: =SUM(M24:M27) -> 0 | N28: =IFERROR(IF(L28="",0,M28/L28),0) -> 0 | P28: =SUM(P24:P27) -> 1.095902e+08 | Q28: =SUM(Q24:Q27) -> 0 | R28: =IFERROR(IF(P28="",0,Q28/P28),0) -> 0 | T28: =SUM(T24:T27) -> 1.4017294e+08 | U28: =SUM(U24:U27) -> 0 | V28: =IFERROR(IF(T28="",0,U28/T28),0) -> 0 | X28: =SUM(X24:X27) -> 0 | Y28: =SUM(Y24:Y27) -> 0 | Z28: =IFERROR(IF(X28="",0,Y28/X28),0) -> 0 | AB28: =SUM(AB24:AB27) -> 0 | AC28: =SUM(AC24:AC27) -> 0 | AD28: =IFERROR(IF(AB28="",0,AC28/AB28),0) -> 0 | AF28: =SUM(AF24:AF27) -> 0 | AG28: =SUM(AG24:AG27) -> 0 | AH28: =IFERROR(IF(AF28="",0,AG28/AF28),0) -> 0 | AJ28: =SUM(AJ24:AJ27) -> 0 | AK28: =SUM(AK24:AK27) -> 0 | AL28: =IFERROR(IF(AJ28="",0,AK28/AJ28),0) -> 0 | AN28: =SUM(AN24:AN27) -> 0 | AO28: =SUM(AO24:AO27) -> 0 | AP28: =IFERROR(IF(AN28="",0,AO28/AN28),0) -> 0 | AR28: =SUM(AR24:AR27) -> 0 | AS28: =SUM(AS24:AS27) -> 0 | AT28: =IFERROR(IF(AR28="",0,AS28/AR28),0) -> 0 | AV28: =SUM(AV24:AV27) -> 0 | AW28: =SUM(AW24:AW27) -> 0 | AX28: =IFERROR(IF(AV28="",0,AW28/AV28),0) -> 0 | AZ28: =SUM(AZ24:AZ27) -> 0 | BA28: =SUM(BA24:BA27) -> 0 | BB28: =IFERROR(IF(AZ28="",0,BA28/AZ28),0) -> 0 | BD28: =SUM(BD24:BD27) -> 0 | BE28: =SUM(BE24:BE27) -> 0 | BF28: =IFERROR(IF(BD28="",0,BE28/BD28),0) -> 0 | BH28: =SUM(BH24:BH27) -> 0 | BI28: =SUM(BI24:BI27) -> 0 | BJ28: =IFERROR(IF(BH28="",0,BI28/BH28),0) -> 0 | BL28: =SUM(BL24:BL27) -> 3.2020915e+08 | BM28: =SUM(BM24:BM27) -> 0 | BN28: =IF(OR(BL28="",BL28=0),0,BM28/BL28) -> 0
A29: 3 | B29: ALCANCE 3 | C29: ='POI Fisico'!D28 -> FASE DE IDENTIFICACIÓN DE LOS USOS POTENCIALES DEL RECURSO.
A30: 3.1 | B30: ='POI Fisico'!C29 -> Actividad 3.1 | C30: ='POI Fisico'!D29 -> Presentar documento de metodología de la fase de identificación de los usos potenciales | D30: ='POI Fisico'!F29 -> Documentos | E30: ='POI Fisico'!E29 -> 5 | F30: =IFERROR(G30/E30,0) -> 13609899 | G30: ='Calculo de valores unitarios'!N15 -> 68049497 | H30: =$F30*'POI Fisico'!H29 -> 68049497 | I30: =$F30*'POI Fisico'!I29 -> 0 | J30: =IF(OR(H30="",H30=0),0,I30/H30) -> 0 | L30: =$F30*'POI Fisico'!M29 -> 0 | M30: =$F30*'POI Fisico'!N29 -> 0 | N30: =IF(OR(L30="",L30=0),0,M30/L30) -> 0 | P30: =$F30*'POI Fisico'!R29 -> 0 | Q30: =$F30*'POI Fisico'!S29 -> 0 | R30: =IF(OR(P30="",P30=0),0,Q30/P30) -> 0 | T30: =$F30*'POI Fisico'!W29 -> 0 | U30: =$F30*'POI Fisico'!X29 -> 0 | V30: =IF(OR(T30="",T30=0),0,U30/T30) -> 0 | X30: =$F30*'POI Fisico'!AB29 -> 0 | Y30: =$F30*'POI Fisico'!AC29 -> 0 | Z30: =IF(OR(X30="",X30=0),0,Y30/X30) -> 0 | AB30: =$F30*'POI Fisico'!AG29 -> 0 | AC30: =$F30*'POI Fisico'!AH29 -> 0 | AD30: =IF(OR(AB30="",AB30=0),0,AC30/AB30) -> 0 | AF30: =$F30*'POI Fisico'!AL29 -> 0 | AG30: =$F30*'POI Fisico'!AM29 -> 0 | AH30: =IF(OR(AF30="",AF30=0),0,AG30/AF30) -> 0 | AJ30: =$F30*'POI Fisico'!AQ29 -> 0 | AK30: =$F30*'POI Fisico'!AR29 -> 0 | AL30: =IF(OR(AJ30="",AJ30=0),0,AK30/AJ30) -> 0 | AN30: =$F30*'POI Fisico'!AV29 -> 0 | AO30: =$F30*'POI Fisico'!AW29 -> 0 | AP30: =IF(OR(AN30="",AN30=0),0,AO30/AN30) -> 0 | AR30: =$F30*'POI Fisico'!BA29 -> 0 | AS30: =$F30*'POI Fisico'!BB29 -> 0 | AT30: =IF(OR(AR30="",AR30=0),0,AS30/AR30) -> 0 | AV30: =$F30*'POI Fisico'!BF29 -> 0 | AW30: =$F30*'POI Fisico'!BG29 -> 0 | AX30: =IF(OR(AV30="",AV30=0),0,AW30/AV30) -> 0 | AZ30: =$F30*'POI Fisico'!BK29 -> 0 | BA30: =$F30*'POI Fisico'!BL29 -> 0 | BB30: =IF(OR(AZ30="",AZ30=0),0,BA30/AZ30) -> 0 | BD30: =$F30*'POI Fisico'!BP29 -> 0 | BE30: =$F30*'POI Fisico'!BQ29 -> 0 | BF30: =IF(OR(BD30="",BD30=0),0,BE30/BD30) -> 0 | BH30: =$F30*'POI Fisico'!BU29 -> 0 | BI30: =$F30*'POI Fisico'!BV29 -> 0 | BJ30: =IF(OR(BH30="",BH30=0),0,BI30/BH30) -> 0 | BL30: =H30+L30+P30+T30+X30+AB30+AF30+AJ30+AN30+AR30+AV30+AZ30+BD30+BH30 -> 68049497 | BM30: =I30+M30+Q30+U30+Y30+AC30+AG30+AK30+AO30+AS30+AW30+BA30+BE30+BI30 -> 0 | BN30: =IF(OR(BL30="",BL30=0),0,BM30/BL30) -> 0
C31: ='POI Fisico'!D30 -> Fortalecimiento en modelción y Planificacion - Capacitación en modelación (5 talleres de dos dias por cuerpo de agua, se ajustará presupuestos con otras actividades para la logística, incluye kit del taller, memorias, 4 refrigerios y dos almuerzo para 20 personas en cada cuenca ) | D31: ='POI Fisico'!F30 -> Talleres | E31: ='POI Fisico'!E30 -> 10 | F31: =IFERROR(G31/E31,0) -> 6108638.1 | G31: ='Calculo de valores unitarios'!N16 -> 61086381 | H31: =$F31*'POI Fisico'!H30 -> 0 | I31: =$F31*'POI Fisico'!I30 -> 0 | J31: =IF(OR(H31="",H31=0),0,I31/H31) -> 0 | L31: =$F31*'POI Fisico'!M30 -> 0 | M31: =$F31*'POI Fisico'!N30 -> 0 | N31: =IF(OR(L31="",L31=0),0,M31/L31) -> 0 | P31: =$F31*'POI Fisico'!R30 -> 0 | Q31: =$F31*'POI Fisico'!S30 -> 0 | R31: =IF(OR(P31="",P31=0),0,Q31/P31) -> 0 | T31: =$F31*'POI Fisico'!W30 -> 0 | U31: =$F31*'POI Fisico'!X30 -> 0 | V31: =IF(OR(T31="",T31=0),0,U31/T31) -> 0 | X31: =$F31*'POI Fisico'!AB30 -> 0 | Y31: =$F31*'POI Fisico'!AC30 -> 0 | Z31: =IF(OR(X31="",X31=0),0,Y31/X31) -> 0 | AB31: =$F31*'POI Fisico'!AG30 -> 0 | AC31: =$F31*'POI Fisico'!AH30 -> 0 | AD31: =IF(OR(AB31="",AB31=0),0,AC31/AB31) -> 0 | AF31: =$F31*'POI Fisico'!AL30 -> 0 | AG31: =$F31*'POI Fisico'!AM30 -> 0 | AH31: =IF(OR(AF31="",AF31=0),0,AG31/AF31) -> 0 | AJ31: =$F31*'POI Fisico'!AQ30 -> 0 | AK31: =$F31*'POI Fisico'!AR30 -> 0 | AL31: =IF(OR(AJ31="",AJ31=0),0,AK31/AJ31) -> 0 | AN31: =$F31*'POI Fisico'!AV30 -> 0 | AO31: =$F31*'POI Fisico'!AW30 -> 0 | AP31: =IF(OR(AN31="",AN31=0),0,AO31/AN31) -> 0 | AR31: =$F31*'POI Fisico'!BA30 -> 36651828 | AS31: =$F31*'POI Fisico'!BB30 -> 0 | AT31: =IF(OR(AR31="",AR31=0),0,AS31/AR31) -> 0 | AV31: =$F31*'POI Fisico'!BF30 -> 24434552 | AW31: =$F31*'POI Fisico'!BG30 -> 0 | AX31: =IF(OR(AV31="",AV31=0),0,AW31/AV31) -> 0 | AZ31: =$F31*'POI Fisico'!BK30 -> 0 | BA31: =$F31*'POI Fisico'!BL30 -> 0 | BB31: =IF(OR(AZ31="",AZ31=0),0,BA31/AZ31) -> 0 | BD31: =$F31*'POI Fisico'!BP30 -> 0 | BE31: =$F31*'POI Fisico'!BQ30 -> 0 | BF31: =IF(OR(BD31="",BD31=0),0,BE31/BD31) -> 0 | BH31: =$F31*'POI Fisico'!BU30 -> 0 | BI31: =$F31*'POI Fisico'!BV30 -> 0 | BJ31: =IF(OR(BH31="",BH31=0),0,BI31/BH31) -> 0 | BL31: =H31+L31+P31+T31+X31+AB31+AF31+AJ31+AN31+AR31+AV31+AZ31+BD31+BH31 -> 61086381 | BM31: =I31+M31+Q31+U31+Y31+AC31+AG31+AK31+AO31+AS31+AW31+BA31+BE31+BI31 -> 0 | BN31: =IF(OR(BL31="",BL31=0),0,BM31/BL31) -> 0
A32: 3.2 | B32: Actividad 3.2 | C32: ='POI Fisico'!D31 -> Definición de usos actuales y potenciales participativo - Creación de las Mesas temáticas (un taller por cuerpo de agua)(Incluye gastos de viaje y de transporte de tres profesionales) | D32: ='POI Fisico'!F31 -> Talleres | E32: ='POI Fisico'!E31 -> 15 | F32: =IFERROR(G32/E32,0) -> 3816059.7 | G32: ='Calculo de valores unitarios'!N17 -> 57240896 | H32: =$F32*'POI Fisico'!H31 -> 0 | I32: =$F32*'POI Fisico'!I31 -> 0 | J32: =IF(OR(H32="",H32=0),0,I32/H32) -> 0 | L32: =$F32*'POI Fisico'!M31 -> 0 | M32: =$F32*'POI Fisico'!N31 -> 0 | N32: =IF(OR(L32="",L32=0),0,M32/L32) -> 0 | P32: =$F32*'POI Fisico'!R31 -> 0 | Q32: =$F32*'POI Fisico'!S31 -> 0 | R32: =IF(OR(P32="",P32=0),0,Q32/P32) -> 0 | T32: =$F32*'POI Fisico'!W31 -> 0 | U32: =$F32*'POI Fisico'!X31 -> 0 | V32: =IF(OR(T32="",T32=0),0,U32/T32) -> 0 | X32: =$F32*'POI Fisico'!AB31 -> 57240896 | Y32: =$F32*'POI Fisico'!AC31 -> 0 | Z32: =IF(OR(X32="",X32=0),0,Y32/X32) -> 0 | AB32: =$F32*'POI Fisico'!AG31 -> 0 | AC32: =$F32*'POI Fisico'!AH31 -> 0 | AD32: =IF(OR(AB32="",AB32=0),0,AC32/AB32) -> 0 | AF32: =$F32*'POI Fisico'!AL31 -> 0 | AG32: =$F32*'POI Fisico'!AM31 -> 0 | AH32: =IF(OR(AF32="",AF32=0),0,AG32/AF32) -> 0 | AJ32: =$F32*'POI Fisico'!AQ31 -> 0 | AK32: =$F32*'POI Fisico'!AR31 -> 0 | AL32: =IF(OR(AJ32="",AJ32=0),0,AK32/AJ32) -> 0 | AN32: =$F32*'POI Fisico'!AV31 -> 0 | AO32: =$F32*'POI Fisico'!AW31 -> 0 | AP32: =IF(OR(AN32="",AN32=0),0,AO32/AN32) -> 0 | AR32: =$F32*'POI Fisico'!BA31 -> 0 | AS32: =$F32*'POI Fisico'!BB31 -> 0 | AT32: =IF(OR(AR32="",AR32=0),0,AS32/AR32) -> 0 | AV32: =$F32*'POI Fisico'!BF31 -> 0 | AW32: =$F32*'POI Fisico'!BG31 -> 0 | AX32: =IF(OR(AV32="",AV32=0),0,AW32/AV32) -> 0 | AZ32: =$F32*'POI Fisico'!BK31 -> 0 | BA32: =$F32*'POI Fisico'!BL31 -> 0 | BB32: =IF(OR(AZ32="",AZ32=0),0,BA32/AZ32) -> 0 | BD32: =$F32*'POI Fisico'!BP31 -> 0 | BE32: =$F32*'POI Fisico'!BQ31 -> 0 | BF32: =IF(OR(BD32="",BD32=0),0,BE32/BD32) -> 0 | BH32: =$F32*'POI Fisico'!BU31 -> 0 | BI32: =$F32*'POI Fisico'!BV31 -> 0 | BJ32: =IF(OR(BH32="",BH32=0),0,BI32/BH32) -> 0 | BL32: =H32+L32+P32+T32+X32+AB32+AF32+AJ32+AN32+AR32+AV32+AZ32+BD32+BH32 -> 57240896 | BM32: =I32+M32+Q32+U32+Y32+AC32+AG32+AK32+AO32+AS32+AW32+BA32+BE32+BI32 -> 0 | BN32: =IF(OR(BL32="",BL32=0),0,BM32/BL32) -> 0
C33: ='POI Fisico'!D32 -> Recorridos por Cuerpo de agua (cinco días, de tres profesionales, incluye gastos de viaje y transporte urbano y rural) | D33: ='POI Fisico'!F32 -> Recorridos | E33: ='POI Fisico'!E32 -> 75 | F33: =IFERROR(G33/E33,0) -> 945678.61 | G33: ='Calculo de valores unitarios'!N18 -> 70925896 | H33: =$F33*'POI Fisico'!H32 -> 0 | I33: =$F33*'POI Fisico'!I32 -> 0 | J33: =IF(OR(H33="",H33=0),0,I33/H33) -> 0 | L33: =$F33*'POI Fisico'!M32 -> 0 | M33: =$F33*'POI Fisico'!N32 -> 0 | N33: =IF(OR(L33="",L33=0),0,M33/L33) -> 0 | P33: =$F33*'POI Fisico'!R32 -> 0 | Q33: =$F33*'POI Fisico'!S32 -> 0 | R33: =IF(OR(P33="",P33=0),0,Q33/P33) -> 0 | T33: =$F33*'POI Fisico'!W32 -> 0 | U33: =$F33*'POI Fisico'!X32 -> 0 | V33: =IF(OR(T33="",T33=0),0,U33/T33) -> 0 | X33: =$F33*'POI Fisico'!AB32 -> 0 | Y33: =$F33*'POI Fisico'!AC32 -> 0 | Z33: =IF(OR(X33="",X33=0),0,Y33/X33) -> 0 | AB33: =$F33*'POI Fisico'!AG32 -> 42555537 | AC33: =$F33*'POI Fisico'!AH32 -> 0 | AD33: =IF(OR(AB33="",AB33=0),0,AC33/AB33) -> 0 | AF33: =$F33*'POI Fisico'!AL32 -> 28370358 | AG33: =$F33*'POI Fisico'!AM32 -> 0 | AH33: =IF(OR(AF33="",AF33=0),0,AG33/AF33) -> 0 | AJ33: =$F33*'POI Fisico'!AQ32 -> 0 | AK33: =$F33*'POI Fisico'!AR32 -> 0 | AL33: =IF(OR(AJ33="",AJ33=0),0,AK33/AJ33) -> 0 | AN33: =$F33*'POI Fisico'!AV32 -> 0 | AO33: =$F33*'POI Fisico'!AW32 -> 0 | AP33: =IF(OR(AN33="",AN33=0),0,AO33/AN33) -> 0 | AR33: =$F33*'POI Fisico'!BA32 -> 0 | AS33: =$F33*'POI Fisico'!BB32 -> 0 | AT33: =IF(OR(AR33="",AR33=0),0,AS33/AR33) -> 0 | AV33: =$F33*'POI Fisico'!BF32 -> 0 | AW33: =$F33*'POI Fisico'!BG32 -> 0 | AX33: =IF(OR(AV33="",AV33=0),0,AW33/AV33) -> 0 | AZ33: =$F33*'POI Fisico'!BK32 -> 0 | BA33: =$F33*'POI Fisico'!BL32 -> 0 | BB33: =IF(OR(AZ33="",AZ33=0),0,BA33/AZ33) -> 0 | BD33: =$F33*'POI Fisico'!BP32 -> 0 | BE33: =$F33*'POI Fisico'!BQ32 -> 0 | BF33: =IF(OR(BD33="",BD33=0),0,BE33/BD33) -> 0 | BH33: =$F33*'POI Fisico'!BU32 -> 0 | BI33: =$F33*'POI Fisico'!BV32 -> 0 | BJ33: =IF(OR(BH33="",BH33=0),0,BI33/BH33) -> 0 | BL33: =H33+L33+P33+T33+X33+AB33+AF33+AJ33+AN33+AR33+AV33+AZ33+BD33+BH33 -> 70925896 | BM33: =I33+M33+Q33+U33+Y33+AC33+AG33+AK33+AO33+AS33+AW33+BA33+BE33+BI33 -> 0 | BN33: =IF(OR(BL33="",BL33=0),0,BM33/BL33) -> 0
A34: 3.3 | B34: Actividad 3.3 | C34: ='POI Fisico'!D33 -> Entrega del Documento de Definición de usos | D34: ='POI Fisico'!F33 -> Documentos | E34: ='POI Fisico'!E33 -> 5 | F34: =IFERROR(G34/E34,0) -> 10402645 | G34: ='Calculo de valores unitarios'!N19 -> 52013226 | H34: =$F34*'POI Fisico'!H33 -> 0 | I34: =$F34*'POI Fisico'!I33 -> 0 | J34: =IF(OR(H34="",H34=0),0,I34/H34) -> 0 | L34: =$F34*'POI Fisico'!M33 -> 0 | M34: =$F34*'POI Fisico'!N33 -> 0 | N34: =IF(OR(L34="",L34=0),0,M34/L34) -> 0 | P34: =$F34*'POI Fisico'!R33 -> 0 | Q34: =$F34*'POI Fisico'!S33 -> 0 | R34: =IF(OR(P34="",P34=0),0,Q34/P34) -> 0 | T34: =$F34*'POI Fisico'!W33 -> 0 | U34: =$F34*'POI Fisico'!X33 -> 0 | V34: =IF(OR(T34="",T34=0),0,U34/T34) -> 0 | X34: =$F34*'POI Fisico'!AB33 -> 0 | Y34: =$F34*'POI Fisico'!AC33 -> 0 | Z34: =IF(OR(X34="",X34=0),0,Y34/X34) -> 0 | AB34: =$F34*'POI Fisico'!AG33 -> 0 | AC34: =$F34*'POI Fisico'!AH33 -> 0 | AD34: =IF(OR(AB34="",AB34=0),0,AC34/AB34) -> 0 | AF34: =$F34*'POI Fisico'!AL33 -> 0 | AG34: =$F34*'POI Fisico'!AM33 -> 0 | AH34: =IF(OR(AF34="",AF34=0),0,AG34/AF34) -> 0 | AJ34: =$F34*'POI Fisico'!AQ33 -> 0 | AK34: =$F34*'POI Fisico'!AR33 -> 0 | AL34: =IF(OR(AJ34="",AJ34=0),0,AK34/AJ34) -> 0 | AN34: =$F34*'POI Fisico'!AV33 -> 0 | AO34: =$F34*'POI Fisico'!AW33 -> 0 | AP34: =IF(OR(AN34="",AN34=0),0,AO34/AN34) -> 0 | AR34: =$F34*'POI Fisico'!BA33 -> 0 | AS34: =$F34*'POI Fisico'!BB33 -> 0 | AT34: =IF(OR(AR34="",AR34=0),0,AS34/AR34) -> 0 | AV34: =$F34*'POI Fisico'!BF33 -> 52013226 | AW34: =$F34*'POI Fisico'!BG33 -> 0 | AX34: =IF(OR(AV34="",AV34=0),0,AW34/AV34) -> 0 | AZ34: =$F34*'POI Fisico'!BK33 -> 0 | BA34: =$F34*'POI Fisico'!BL33 -> 0 | BB34: =IF(OR(AZ34="",AZ34=0),0,BA34/AZ34) -> 0 | BD34: =$F34*'POI Fisico'!BP33 -> 0 | BE34: =$F34*'POI Fisico'!BQ33 -> 0 | BF34: =IF(OR(BD34="",BD34=0),0,BE34/BD34) -> 0 | BH34: =$F34*'POI Fisico'!BU33 -> 0 | BI34: =$F34*'POI Fisico'!BV33 -> 0 | BJ34: =IF(OR(BH34="",BH34=0),0,BI34/BH34) -> 0 | BL34: =H34+L34+P34+T34+X34+AB34+AF34+AJ34+AN34+AR34+AV34+AZ34+BD34+BH34 -> 52013226 | BM34: =I34+M34+Q34+U34+Y34+AC34+AG34+AK34+AO34+AS34+AW34+BA34+BE34+BI34 -> 0 | BN34: =IF(OR(BL34="",BL34=0),0,BM34/BL34) -> 0
B35: ='POI Fisico'!C28 -> ALCANCE 3 | G35: =SUM(G30:G34) -> 3.0931589e+08 | H35: =SUM(H30:H34) -> 68049497 | I35: =SUM(I30:I34) -> 0 | J35: =IFERROR(IF(H35="",0,I35/H35),0) -> 0 | K35: =SUM(K30:K34) -> 0 | L35: =SUM(L30:L34) -> 0 | M35: =SUM(M30:M34) -> 0 | N35: =IFERROR(IF(L35="",0,M35/L35),0) -> 0 | O35: =SUM(O30:O34) -> 0 | P35: =SUM(P30:P34) -> 0 | Q35: =SUM(Q30:Q34) -> 0 | R35: =IFERROR(IF(P35="",0,Q35/P35),0) -> 0 | S35: =SUM(S30:S34) -> 0 | T35: =SUM(T30:T34) -> 0 | U35: =SUM(U30:U34) -> 0 | V35: =IFERROR(IF(T35="",0,U35/T35),0) -> 0 | W35: =SUM(W30:W34) -> 0 | X35: =SUM(X30:X34) -> 57240896 | Y35: =SUM(Y30:Y34) -> 0 | Z35: =IFERROR(IF(X35="",0,Y35/X35),0) -> 0 | AA35: =SUM(AA30:AA34) -> 0 | AB35: =SUM(AB30:AB34) -> 42555537 | AC35: =SUM(AC30:AC34) -> 0 | AD35: =IFERROR(IF(AB35="",0,AC35/AB35),0) -> 0 | AE35: =SUM(AE30:AE34) -> 0 | AF35: =SUM(AF30:AF34) -> 28370358 | AG35: =SUM(AG30:AG34) -> 0 | AH35: =IFERROR(IF(AF35="",0,AG35/AF35),0) -> 0 | AI35: =SUM(AI30:AI34) -> 0 | AJ35: =SUM(AJ30:AJ34) -> 0 | AK35: =SUM(AK30:AK34) -> 0 | AL35: =IFERROR(IF(AJ35="",0,AK35/AJ35),0) -> 0 | AM35: =SUM(AM30:AM34) -> 0 | AN35: =SUM(AN30:AN34) -> 0 | AO35: =SUM(AO30:AO34) -> 0 | AP35: =IFERROR(IF(AN35="",0,AO35/AN35),0) -> 0 | AQ35: =SUM(AQ30:AQ34) -> 0 | AR35: =SUM(AR30:AR34) -> 36651828 | AS35: =SUM(AS30:AS34) -> 0 | AT35: =IFERROR(IF(AR35="",0,AS35/AR35),0) -> 0 | AU35: =SUM(AU30:AU34) -> 0 | AV35: =SUM(AV30:AV34) -> 76447778 | AW35: =SUM(AW30:AW34) -> 0 | AX35: =IFERROR(IF(AV35="",0,AW35/AV35),0) -> 0 | AY35: =SUM(AY30:AY34) -> 0 | AZ35: =SUM(AZ30:AZ34) -> 0 | BA35: =SUM(BA30:BA34) -> 0 | BB35: =IFERROR(IF(AZ35="",0,BA35/AZ35),0) -> 0 | BC35: =SUM(BC30:BC34) -> 0 | BD35: =SUM(BD30:BD34) -> 0 | BE35: =SUM(BE30:BE34) -> 0 | BF35: =IFERROR(IF(BD35="",0,BE35/BD35),0) -> 0 | BG35: =SUM(BG30:BG34) -> 0 | BH35: =SUM(BH30:BH34) -> 0 | BI35: =SUM(BI30:BI34) -> 0 | BJ35: =IFERROR(IF(BH35="",0,BI35/BH35),0) -> 0 | BK35: =SUM(BK30:BK34) -> 0 | BL35: =SUM(BL30:BL34) -> 3.0931589e+08 | BM35: =SUM(BM30:BM34) -> 0 | BN35: =IFERROR(IF(BL35="",0,BM35/BL35),0) -> 0
A36: 4 | B36: ALCANCE 4 | C36: ='POI Fisico'!D35 -> FASE DE FORMULACIÓN
A37: 4.1 | B37: ='POI Fisico'!C36 -> Actividad 4.1 | C37: ='POI Fisico'!D36 -> Presentar documento de metodología de la fase de Formulación | D37: ='POI Fisico'!F36 -> Documentos | E37: ='POI Fisico'!E36 -> 5 | F37: =IFERROR(G37/E37,0) -> 13189606 | G37: ='Calculo de valores unitarios'!N22 -> 65948028 | H37: =$F37*'POI Fisico'!H36 -> 65948028 | I37: =$F37*'POI Fisico'!I36 -> 0 | J37: =IF(OR(H37="",H37=0),0,I37/H37) -> 0 | L37: =$F37*'POI Fisico'!M36 -> 0 | M37: =$F37*'POI Fisico'!N36 -> 0 | N37: =IF(OR(L37="",L37=0),0,M37/L37) -> 0 | P37: =$F37*'POI Fisico'!R36 -> 0 | Q37: =$F37*'POI Fisico'!S36 -> 0 | R37: =IF(OR(P37="",P37=0),0,Q37/P37) -> 0 | T37: =$F37*'POI Fisico'!W36 -> 0 | U37: =$F37*'POI Fisico'!X36 -> 0 | V37: =IF(OR(T37="",T37=0),0,U37/T37) -> 0 | X37: =$F37*'POI Fisico'!AB36 -> 0 | Y37: =$F37*'POI Fisico'!AC36 -> 0 | Z37: =IF(OR(X37="",X37=0),0,Y37/X37) -> 0 | AB37: =$F37*'POI Fisico'!AG36 -> 0 | AC37: =$F37*'POI Fisico'!AH36 -> 0 | AD37: =IF(OR(AB37="",AB37=0),0,AC37/AB37) -> 0 | AF37: =$F37*'POI Fisico'!AL36 -> 0 | AG37: =$F37*'POI Fisico'!AM36 -> 0 | AH37: =IF(OR(AF37="",AF37=0),0,AG37/AF37) -> 0 | AJ37: =$F37*'POI Fisico'!AQ36 -> 0 | AK37: =$F37*'POI Fisico'!AR36 -> 0 | AL37: =IF(OR(AJ37="",AJ37=0),0,AK37/AJ37) -> 0 | AN37: =$F37*'POI Fisico'!AV36 -> 0 | AO37: =$F37*'POI Fisico'!AW36 -> 0 | AP37: =IF(OR(AN37="",AN37=0),0,AO37/AN37) -> 0 | AR37: =$F37*'POI Fisico'!BA36 -> 0 | AS37: =$F37*'POI Fisico'!BB36 -> 0 | AT37: =IF(OR(AR37="",AR37=0),0,AS37/AR37) -> 0 | AV37: =$F37*'POI Fisico'!BF36 -> 0 | AW37: =$F37*'POI Fisico'!BG36 -> 0 | AX37: =IF(OR(AV37="",AV37=0),0,AW37/AV37) -> 0 | AZ37: =$F37*'POI Fisico'!BK36 -> 0 | BA37: =$F37*'POI Fisico'!BL36 -> 0 | BB37: =IF(OR(AZ37="",AZ37=0),0,BA37/AZ37) -> 0 | BD37: =$F37*'POI Fisico'!BP36 -> 0 | BE37: =$F37*'POI Fisico'!BQ36 -> 0 | BF37: =IF(OR(BD37="",BD37=0),0,BE37/BD37) -> 0 | BH37: =$F37*'POI Fisico'!BU36 -> 0 | BI37: =$F37*'POI Fisico'!BV36 -> 0 | BJ37: =IF(OR(BH37="",BH37=0),0,BI37/BH37) -> 0 | BL37: =H37+L37+P37+T37+X37+AB37+AF37+AJ37+AN37+AR37+AV37+AZ37+BD37+BH37 -> 65948028 | BM37: =I37+M37+Q37+U37+Y37+AC37+AG37+AK37+AO37+AS37+AW37+BA37+BE37+BI37 -> 0 | BN37: =IF(OR(BL37="",BL37=0),0,BM37/BL37) -> 0
C38: ='POI Fisico'!D37 -> Realizar la fase de Formulación Participativa por cuerpo de agua (un taller por cuerpo de agua Ficha T pag 41, incluye refrigerios y gastos de 3 profesionales) | D38: ='POI Fisico'!F37 -> Talleres | E38: ='POI Fisico'!E37 -> 5 | F38: =IFERROR(G38/E38,0) -> 15055825 | G38: ='Calculo de valores unitarios'!N23 -> 75279127 | H38: =$F38*'POI Fisico'!H37 -> 0 | I38: =$F38*'POI Fisico'!I37 -> 0 | J38: =IF(OR(H38="",H38=0),0,I38/H38) -> 0 | L38: =$F38*'POI Fisico'!M37 -> 0 | M38: =$F38*'POI Fisico'!N37 -> 0 | N38: =IF(OR(L38="",L38=0),0,M38/L38) -> 0 | P38: =$F38*'POI Fisico'!R37 -> 0 | Q38: =$F38*'POI Fisico'!S37 -> 0 | R38: =IF(OR(P38="",P38=0),0,Q38/P38) -> 0 | T38: =$F38*'POI Fisico'!W37 -> 0 | U38: =$F38*'POI Fisico'!X37 -> 0 | V38: =IF(OR(T38="",T38=0),0,U38/T38) -> 0 | X38: =$F38*'POI Fisico'!AB37 -> 0 | Y38: =$F38*'POI Fisico'!AC37 -> 0 | Z38: =IF(OR(X38="",X38=0),0,Y38/X38) -> 0 | AB38: =$F38*'POI Fisico'!AG37 -> 0 | AC38: =$F38*'POI Fisico'!AH37 -> 0 | AD38: =IF(OR(AB38="",AB38=0),0,AC38/AB38) -> 0 | AF38: =$F38*'POI Fisico'!AL37 -> 0 | AG38: =$F38*'POI Fisico'!AM37 -> 0 | AH38: =IF(OR(AF38="",AF38=0),0,AG38/AF38) -> 0 | AJ38: =$F38*'POI Fisico'!AQ37 -> 0 | AK38: =$F38*'POI Fisico'!AR37 -> 0 | AL38: =IF(OR(AJ38="",AJ38=0),0,AK38/AJ38) -> 0 | AN38: =$F38*'POI Fisico'!AV37 -> 0 | AO38: =$F38*'POI Fisico'!AW37 -> 0 | AP38: =IF(OR(AN38="",AN38=0),0,AO38/AN38) -> 0 | AR38: =$F38*'POI Fisico'!BA37 -> 0 | AS38: =$F38*'POI Fisico'!BB37 -> 0 | AT38: =IF(OR(AR38="",AR38=0),0,AS38/AR38) -> 0 | AV38: =$F38*'POI Fisico'!BF37 -> 0 | AW38: =$F38*'POI Fisico'!BG37 -> 0 | AX38: =IF(OR(AV38="",AV38=0),0,AW38/AV38) -> 0 | AZ38: =$F38*'POI Fisico'!BK37 -> 75279127 | BA38: =$F38*'POI Fisico'!BL37 -> 0 | BB38: =IF(OR(AZ38="",AZ38=0),0,BA38/AZ38) -> 0 | BD38: =$F38*'POI Fisico'!BP37 -> 0 | BE38: =$F38*'POI Fisico'!BQ37 -> 0 | BF38: =IF(OR(BD38="",BD38=0),0,BE38/BD38) -> 0 | BH38: =$F38*'POI Fisico'!BU37 -> 0 | BI38: =$F38*'POI Fisico'!BV37 -> 0 | BJ38: =IF(OR(BH38="",BH38=0),0,BI38/BH38) -> 0 | BL38: =H38+L38+P38+T38+X38+AB38+AF38+AJ38+AN38+AR38+AV38+AZ38+BD38+BH38 -> 75279127 | BM38: =I38+M38+Q38+U38+Y38+AC38+AG38+AK38+AO38+AS38+AW38+BA38+BE38+BI38 -> 0 | BN38: =IF(OR(BL38="",BL38=0),0,BM38/BL38) -> 0
A39: 4.2 | B39: ='POI Fisico'!C38 -> Actividad 4.2 | C39: ='POI Fisico'!D38 -> Recorridos (incluyen gastos de viaje de 3 profesionales por 5 dias, recorridos urbanos y rurales) | D39: ='POI Fisico'!F38 -> Recorridos | E39: ='POI Fisico'!E38 -> 75 | F39: =IFERROR(G39/E39,0) -> 1179802 | G39: ='Calculo de valores unitarios'!N24 -> 88485152 | H39: =$F39*'POI Fisico'!H38 -> 0 | I39: =$F39*'POI Fisico'!I38 -> 0 | J39: =IF(OR(H39="",H39=0),0,I39/H39) -> 0 | L39: =$F39*'POI Fisico'!M38 -> 0 | M39: =$F39*'POI Fisico'!N38 -> 0 | N39: =IF(OR(L39="",L39=0),0,M39/L39) -> 0 | P39: =$F39*'POI Fisico'!R38 -> 0 | Q39: =$F39*'POI Fisico'!S38 -> 0 | R39: =IF(OR(P39="",P39=0),0,Q39/P39) -> 0 | T39: =$F39*'POI Fisico'!W38 -> 0 | U39: =$F39*'POI Fisico'!X38 -> 0 | V39: =IF(OR(T39="",T39=0),0,U39/T39) -> 0 | X39: =$F39*'POI Fisico'!AB38 -> 0 | Y39: =$F39*'POI Fisico'!AC38 -> 0 | Z39: =IF(OR(X39="",X39=0),0,Y39/X39) -> 0 | AB39: =$F39*'POI Fisico'!AG38 -> 0 | AC39: =$F39*'POI Fisico'!AH38 -> 0 | AD39: =IF(OR(AB39="",AB39=0),0,AC39/AB39) -> 0 | AF39: =$F39*'POI Fisico'!AL38 -> 0 | AG39: =$F39*'POI Fisico'!AM38 -> 0 | AH39: =IF(OR(AF39="",AF39=0),0,AG39/AF39) -> 0 | AJ39: =$F39*'POI Fisico'!AQ38 -> 0 | AK39: =$F39*'POI Fisico'!AR38 -> 0 | AL39: =IF(OR(AJ39="",AJ39=0),0,AK39/AJ39) -> 0 | AN39: =$F39*'POI Fisico'!AV38 -> 0 | AO39: =$F39*'POI Fisico'!AW38 -> 0 | AP39: =IF(OR(AN39="",AN39=0),0,AO39/AN39) -> 0 | AR39: =$F39*'POI Fisico'!BA38 -> 0 | AS39: =$F39*'POI Fisico'!BB38 -> 0 | AT39: =IF(OR(AR39="",AR39=0),0,AS39/AR39) -> 0 | AV39: =$F39*'POI Fisico'!BF38 -> 53091091 | AW39: =$F39*'POI Fisico'!BG38 -> 0 | AX39: =IF(OR(AV39="",AV39=0),0,AW39/AV39) -> 0 | AZ39: =$F39*'POI Fisico'!BK38 -> 35394061 | BA39: =$F39*'POI Fisico'!BL38 -> 0 | BB39: =IF(OR(AZ39="",AZ39=0),0,BA39/AZ39) -> 0 | BD39: =$F39*'POI Fisico'!BP38 -> 0 | BE39: =$F39*'POI Fisico'!BQ38 -> 0 | BF39: =IF(OR(BD39="",BD39=0),0,BE39/BD39) -> 0 | BH39: =$F39*'POI Fisico'!BU38 -> 0 | BI39: =$F39*'POI Fisico'!BV38 -> 0 | BJ39: =IF(OR(BH39="",BH39=0),0,BI39/BH39) -> 0 | BL39: =H39+L39+P39+T39+X39+AB39+AF39+AJ39+AN39+AR39+AV39+AZ39+BD39+BH39 -> 88485152 | BM39: =I39+M39+Q39+U39+Y39+AC39+AG39+AK39+AO39+AS39+AW39+BA39+BE39+BI39 -> 0 | BN39: =IF(OR(BL39="",BL39=0),0,BM39/BL39) -> 0
A40: 4.3 | B40: ='POI Fisico'!C39 -> Actividad 4.3 | C40: ='POI Fisico'!D39 -> Entregar documento de fase de formulación y PORH | D40: ='POI Fisico'!F39 -> Documentos | E40: ='POI Fisico'!E39 -> 5 | F40: =IFERROR(G40/E40,0) -> 14010291 | G40: ='Calculo de valores unitarios'!N25 -> 70051457 | H40: =$F40*'POI Fisico'!H39 -> 0 | I40: =$F40*'POI Fisico'!I39 -> 0 | J40: =IF(OR(H40="",H40=0),0,I40/H40) -> 0 | L40: =$F40*'POI Fisico'!M39 -> 0 | M40: =$F40*'POI Fisico'!N39 -> 0 | N40: =IF(OR(L40="",L40=0),0,M40/L40) -> 0 | P40: =$F40*'POI Fisico'!R39 -> 0 | Q40: =$F40*'POI Fisico'!S39 -> 0 | R40: =IF(OR(P40="",P40=0),0,Q40/P40) -> 0 | T40: =$F40*'POI Fisico'!W39 -> 0 | U40: =$F40*'POI Fisico'!X39 -> 0 | V40: =IF(OR(T40="",T40=0),0,U40/T40) -> 0 | X40: =$F40*'POI Fisico'!AB39 -> 0 | Y40: =$F40*'POI Fisico'!AC39 -> 0 | Z40: =IF(OR(X40="",X40=0),0,Y40/X40) -> 0 | AB40: =$F40*'POI Fisico'!AG39 -> 0 | AC40: =$F40*'POI Fisico'!AH39 -> 0 | AD40: =IF(OR(AB40="",AB40=0),0,AC40/AB40) -> 0 | AF40: =$F40*'POI Fisico'!AL39 -> 0 | AG40: =$F40*'POI Fisico'!AM39 -> 0 | AH40: =IF(OR(AF40="",AF40=0),0,AG40/AF40) -> 0 | AJ40: =$F40*'POI Fisico'!AQ39 -> 0 | AK40: =$F40*'POI Fisico'!AR39 -> 0 | AL40: =IF(OR(AJ40="",AJ40=0),0,AK40/AJ40) -> 0 | AN40: =$F40*'POI Fisico'!AV39 -> 0 | AO40: =$F40*'POI Fisico'!AW39 -> 0 | AP40: =IF(OR(AN40="",AN40=0),0,AO40/AN40) -> 0 | AR40: =$F40*'POI Fisico'!BA39 -> 0 | AS40: =$F40*'POI Fisico'!BB39 -> 0 | AT40: =IF(OR(AR40="",AR40=0),0,AS40/AR40) -> 0 | AV40: =$F40*'POI Fisico'!BF39 -> 0 | AW40: =$F40*'POI Fisico'!BG39 -> 0 | AX40: =IF(OR(AV40="",AV40=0),0,AW40/AV40) -> 0 | AZ40: =$F40*'POI Fisico'!BK39 -> 0 | BA40: =$F40*'POI Fisico'!BL39 -> 0 | BB40: =IF(OR(AZ40="",AZ40=0),0,BA40/AZ40) -> 0 | BD40: =$F40*'POI Fisico'!BP39 -> 0 | BE40: =$F40*'POI Fisico'!BQ39 -> 0 | BF40: =IF(OR(BD40="",BD40=0),0,BE40/BD40) -> 0 | BH40: =$F40*'POI Fisico'!BU39 -> 70051457 | BI40: =$F40*'POI Fisico'!BV39 -> 0 | BJ40: =IF(OR(BH40="",BH40=0),0,BI40/BH40) -> 0 | BL40: =H40+L40+P40+T40+X40+AB40+AF40+AJ40+AN40+AR40+AV40+AZ40+BD40+BH40 -> 70051457 | BM40: =I40+M40+Q40+U40+Y40+AC40+AG40+AK40+AO40+AS40+AW40+BA40+BE40+BI40 -> 0 | BN40: =IF(OR(BL40="",BL40=0),0,BM40/BL40) -> 0
B41: ='POI Fisico'!C35 -> ALCANCE 4 | G41: =SUM(G37:G40) -> 2.9976376e+08 | H41: =SUM(H37:H40) -> 65948028 | I41: =SUM(I37:I40) -> 0 | J41: =IF(OR(H41="",H41=0),0,I41/H41) -> 0 | K41: =SUM(K37:K40) -> 0 | L41: =SUM(L37:L40) -> 0 | M41: =SUM(M37:M40) -> 0 | N41: =IFERROR(IF(L41="",0,M41/L41),0) -> 0 | O41: =SUM(O37:O40) -> 0 | P41: =SUM(P37:P40) -> 0 | Q41: =SUM(Q37:Q40) -> 0 | R41: =IFERROR(IF(P41="",0,Q41/P41),0) -> 0 | S41: =SUM(S37:S40) -> 0 | T41: =SUM(T37:T40) -> 0 | U41: =SUM(U37:U40) -> 0 | V41: =IFERROR(IF(T41="",0,U41/T41),0) -> 0 | W41: =SUM(W37:W40) -> 0 | X41: =SUM(X37:X40) -> 0 | Y41: =SUM(Y37:Y40) -> 0 | Z41: =IFERROR(IF(X41="",0,Y41/X41),0) -> 0 | AA41: =SUM(AA37:AA40) -> 0 | AB41: =SUM(AB37:AB40) -> 0 | AC41: =SUM(AC37:AC40) -> 0 | AD41: =IFERROR(IF(AB41="",0,AC41/AB41),0) -> 0 | AE41: =SUM(AE37:AE40) -> 0 | AF41: =SUM(AF37:AF40) -> 0 | AG41: =SUM(AG37:AG40) -> 0 | AH41: =IFERROR(IF(AF41="",0,AG41/AF41),0) -> 0 | AI41: =SUM(AI37:AI40) -> 0 | AJ41: =SUM(AJ37:AJ40) -> 0 | AK41: =SUM(AK37:AK40) -> 0 | AL41: =IFERROR(IF(AJ41="",0,AK41/AJ41),0) -> 0 | AM41: =SUM(AM37:AM40) -> 0 | AN41: =SUM(AN37:AN40) -> 0 | AO41: =SUM(AO37:AO40) -> 0 | AP41: =IFERROR(IF(AN41="",0,AO41/AN41),0) -> 0 | AQ41: =SUM(AQ37:AQ40) -> 0 | AR41: =SUM(AR37:AR40) -> 0 | AS41: =SUM(AS37:AS40) -> 0 | AT41: =IFERROR(IF(AR41="",0,AS41/AR41),0) -> 0 | AU41: =SUM(AU37:AU40) -> 0 | AV41: =SUM(AV37:AV40) -> 53091091 | AW41: =SUM(AW37:AW40) -> 0 | AX41: =IFERROR(IF(AV41="",0,AW41/AV41),0) -> 0 | AY41: =SUM(AY37:AY40) -> 0 | AZ41: =SUM(AZ37:AZ40) -> 1.1067319e+08 | BA41: =SUM(BA37:BA40) -> 0 | BB41: =IFERROR(IF(AZ41="",0,BA41/AZ41),0) -> 0 | BC41: =SUM(BC37:BC40) -> 0 | BD41: =SUM(BD37:BD40) -> 0 | BE41: =SUM(BE37:BE40) -> 0 | BF41: =IFERROR(IF(BD41="",0,BE41/BD41),0) -> 0 | BG41: =SUM(BG37:BG40) -> 0 | BH41: =SUM(BH37:BH40) -> 70051457 | BI41: =SUM(BI37:BI40) -> 0 | BJ41: =IFERROR(IF(BH41="",0,BI41/BH41),0) -> 0 | BK41: =SUM(BK37:BK40) -> 0 | BL41: =SUM(BL37:BL40) -> 2.9976376e+08 | BM41: =SUM(BM37:BM40) -> 0 | BN41: =IFERROR(IF(BL41="",0,BM41/BL41),0) -> 0
A42: 5 | B42: ALCANCE 5 | C42: ='POI Fisico'!D41 -> CONSULTA PREVIA
A43: ='POI Fisico'!B42 -> 5.1 | B43: ='POI Fisico'!C42 -> Actividad 5.1 | C43: ='POI Fisico'!D42 -> Presentar documento propuesta de ruta metodológica y diseño de la Consulta previa | D43: ='POI Fisico'!F42 -> Documento | E43: ='POI Fisico'!E42 -> 1 | F43: =IFERROR(G43/E43,0) -> 44122802 | G43: ='Calculo de valores unitarios'!N28 -> 44122802 | H43: =$F43*'POI Fisico'!H42 -> 44122802 | I43: =$F43*'POI Fisico'!I42 -> 0 | J43: =IF(OR(H43="",H43=0),0,I43/H43) -> 0 | L43: =$F43*'POI Fisico'!M42 -> 0 | M43: =$F43*'POI Fisico'!N42 -> 0 | N43: =IF(OR(L43="",L43=0),0,M43/L43) -> 0 | P43: =$F43*'POI Fisico'!R42 -> 0 | Q43: =$F43*'POI Fisico'!S42 -> 0 | R43: =IF(OR(P43="",P43=0),0,Q43/P43) -> 0 | T43: =$F43*'POI Fisico'!W42 -> 0 | U43: =$F43*'POI Fisico'!X42 -> 0 | V43: =IF(OR(T43="",T43=0),0,U43/T43) -> 0 | X43: =$F43*'POI Fisico'!AB42 -> 0 | Y43: =$F43*'POI Fisico'!AC42 -> 0 | Z43: =IF(OR(X43="",X43=0),0,Y43/X43) -> 0 | AB43: =$F43*'POI Fisico'!AG42 -> 0 | AC43: =$F43*'POI Fisico'!AH42 -> 0 | AD43: =IF(OR(AB43="",AB43=0),0,AC43/AB43) -> 0 | AF43: =$F43*'POI Fisico'!AL42 -> 0 | AG43: =$F43*'POI Fisico'!AM42 -> 0 | AH43: =IF(OR(AF43="",AF43=0),0,AG43/AF43) -> 0 | AJ43: =$F43*'POI Fisico'!AQ42 -> 0 | AK43: =$F43*'POI Fisico'!AR42 -> 0 | AL43: =IF(OR(AJ43="",AJ43=0),0,AK43/AJ43) -> 0 | AN43: =$F43*'POI Fisico'!AV42 -> 0 | AO43: =$F43*'POI Fisico'!AW42 -> 0 | AP43: =IF(OR(AN43="",AN43=0),0,AO43/AN43) -> 0 | AR43: =$F43*'POI Fisico'!BA42 -> 0 | AS43: =$F43*'POI Fisico'!BB42 -> 0 | AT43: =IF(OR(AR43="",AR43=0),0,AS43/AR43) -> 0 | AV43: =$F43*'POI Fisico'!BF42 -> 0 | AW43: =$F43*'POI Fisico'!BG42 -> 0 | AX43: =IF(OR(AV43="",AV43=0),0,AW43/AV43) -> 0 | AZ43: =$F43*'POI Fisico'!BK42 -> 0 | BA43: =$F43*'POI Fisico'!BL42 -> 0 | BB43: =IF(OR(AZ43="",AZ43=0),0,BA43/AZ43) -> 0 | BD43: =$F43*'POI Fisico'!BP42 -> 0 | BE43: =$F43*'POI Fisico'!BQ42 -> 0 | BF43: =IF(OR(BD43="",BD43=0),0,BE43/BD43) -> 0 | BH43: =$F43*'POI Fisico'!BU42 -> 0 | BI43: =$F43*'POI Fisico'!BV42 -> 0 | BJ43: =IF(OR(BH43="",BH43=0),0,BI43/BH43) -> 0 | BL43: =H43+L43+P43+T43+X43+AB43+AF43+AJ43+AN43+AR43+AV43+AZ43+BD43+BH43 -> 44122802 | BM43: =I43+M43+Q43+U43+Y43+AC43+AG43+AK43+AO43+AS43+AW43+BA43+BE43+BI43 -> 0 | BN43: =IF(OR(BL43="",BL43=0),0,BM43/BL43) -> 0
A44: ='POI Fisico'!B43 -> 5.2 | B44: ='POI Fisico'!C43 -> Actividad 5.2 | C44: ='POI Fisico'!D43 -> Desarrolar y acompañar el proceso de consulta previa (incluye 240 alimentaciones, 6 registros audivisulaes, 12 gastos de logística, y 12 viajes al garante) | D44: ='POI Fisico'!F43 -> Encuentro | E44: ='POI Fisico'!E43 -> 12 | F44: =IFERROR(G44/E44,0) -> 7630047.4 | G44: ='Calculo de valores unitarios'!N29 -> 91560569 | H44: =$F44*'POI Fisico'!H43 -> 0 | I44: =$F44*'POI Fisico'!I43 -> 0 | J44: =IF(OR(H44="",H44=0),0,I44/H44) -> 0 | L44: =$F44*'POI Fisico'!M43 -> 0 | M44: =$F44*'POI Fisico'!N43 -> 0 | N44: =IF(OR(L44="",L44=0),0,M44/L44) -> 0 | P44: =$F44*'POI Fisico'!R43 -> 0 | Q44: =$F44*'POI Fisico'!S43 -> 0 | R44: =IF(OR(P44="",P44=0),0,Q44/P44) -> 0 | T44: =$F44*'POI Fisico'!W43 -> 15260095 | U44: =$F44*'POI Fisico'!X43 -> 0 | V44: =IF(OR(T44="",T44=0),0,U44/T44) -> 0 | X44: =$F44*'POI Fisico'!AB43 -> 15260095 | Y44: =$F44*'POI Fisico'!AC43 -> 0 | Z44: =IF(OR(X44="",X44=0),0,Y44/X44) -> 0 | AB44: =$F44*'POI Fisico'!AG43 -> 0 | AC44: =$F44*'POI Fisico'!AH43 -> 0 | AD44: =IF(OR(AB44="",AB44=0),0,AC44/AB44) -> 0 | AF44: =$F44*'POI Fisico'!AL43 -> 0 | AG44: =$F44*'POI Fisico'!AM43 -> 0 | AH44: =IF(OR(AF44="",AF44=0),0,AG44/AF44) -> 0 | AJ44: =$F44*'POI Fisico'!AQ43 -> 0 | AK44: =$F44*'POI Fisico'!AR43 -> 0 | AL44: =IF(OR(AJ44="",AJ44=0),0,AK44/AJ44) -> 0 | AN44: =$F44*'POI Fisico'!AV43 -> 15260095 | AO44: =$F44*'POI Fisico'!AW43 -> 0 | AP44: =IF(OR(AN44="",AN44=0),0,AO44/AN44) -> 0 | AR44: =$F44*'POI Fisico'!BA43 -> 15260095 | AS44: =$F44*'POI Fisico'!BB43 -> 0 | AT44: =IF(OR(AR44="",AR44=0),0,AS44/AR44) -> 0 | AV44: =$F44*'POI Fisico'!BF43 -> 0 | AW44: =$F44*'POI Fisico'!BG43 -> 0 | AX44: =IF(OR(AV44="",AV44=0),0,AW44/AV44) -> 0 | AZ44: =$F44*'POI Fisico'!BK43 -> 15260095 | BA44: =$F44*'POI Fisico'!BL43 -> 0 | BB44: =IF(OR(AZ44="",AZ44=0),0,BA44/AZ44) -> 0 | BD44: =$F44*'POI Fisico'!BP43 -> 15260095 | BE44: =$F44*'POI Fisico'!BQ43 -> 0 | BF44: =IF(OR(BD44="",BD44=0),0,BE44/BD44) -> 0 | BH44: =$F44*'POI Fisico'!BU43 -> 0 | BI44: =$F44*'POI Fisico'!BV43 -> 0 | BJ44: =IF(OR(BH44="",BH44=0),0,BI44/BH44) -> 0 | BL44: =H44+L44+P44+T44+X44+AB44+AF44+AJ44+AN44+AR44+AV44+AZ44+BD44+BH44 -> 91560569 | BM44: =I44+M44+Q44+U44+Y44+AC44+AG44+AK44+AO44+AS44+AW44+BA44+BE44+BI44 -> 0 | BN44: =IF(OR(BL44="",BL44=0),0,BM44/BL44) -> 0
A45: ='POI Fisico'!B44 -> 5.3 | B45: ='POI Fisico'!C44 -> Actividad 5.3 | C45: ='POI Fisico'!D44 -> Transporte promotores (uno por comunidad de consulta previa) y profesionales (2) a encuentros | D45: ='POI Fisico'!F44 -> Viaje | E45: ='POI Fisico'!E44 -> 12 | F45: =IFERROR(G45/E45,0) -> 5406234.9 | G45: ='Calculo de valores unitarios'!N30 -> 64874819 | H45: =$F45*'POI Fisico'!H44 -> 0 | I45: =$F45*'POI Fisico'!I44 -> 0 | J45: =IF(OR(H45="",H45=0),0,I45/H45) -> 0 | L45: =$F45*'POI Fisico'!M44 -> 0 | M45: =$F45*'POI Fisico'!N44 -> 0 | N45: =IF(OR(L45="",L45=0),0,M45/L45) -> 0 | P45: =$F45*'POI Fisico'!R44 -> 0 | Q45: =$F45*'POI Fisico'!S44 -> 0 | R45: =IF(OR(P45="",P45=0),0,Q45/P45) -> 0 | T45: =$F45*'POI Fisico'!W44 -> 10812470 | U45: =$F45*'POI Fisico'!X44 -> 0 | V45: =IF(OR(T45="",T45=0),0,U45/T45) -> 0 | X45: =$F45*'POI Fisico'!AB44 -> 10812470 | Y45: =$F45*'POI Fisico'!AC44 -> 0 | Z45: =IF(OR(X45="",X45=0),0,Y45/X45) -> 0 | AB45: =$F45*'POI Fisico'!AG44 -> 0 | AC45: =$F45*'POI Fisico'!AH44 -> 0 | AD45: =IF(OR(AB45="",AB45=0),0,AC45/AB45) -> 0 | AF45: =$F45*'POI Fisico'!AL44 -> 0 | AG45: =$F45*'POI Fisico'!AM44 -> 0 | AH45: =IF(OR(AF45="",AF45=0),0,AG45/AF45) -> 0 | AJ45: =$F45*'POI Fisico'!AQ44 -> 0 | AK45: =$F45*'POI Fisico'!AR44 -> 0 | AL45: =IF(OR(AJ45="",AJ45=0),0,AK45/AJ45) -> 0 | AN45: =$F45*'POI Fisico'!AV44 -> 10812470 | AO45: =$F45*'POI Fisico'!AW44 -> 0 | AP45: =IF(OR(AN45="",AN45=0),0,AO45/AN45) -> 0 | AR45: =$F45*'POI Fisico'!BA44 -> 10812470 | AS45: =$F45*'POI Fisico'!BB44 -> 0 | AT45: =IF(OR(AR45="",AR45=0),0,AS45/AR45) -> 0 | AV45: =$F45*'POI Fisico'!BF44 -> 0 | AW45: =$F45*'POI Fisico'!BG44 -> 0 | AX45: =IF(OR(AV45="",AV45=0),0,AW45/AV45) -> 0 | AZ45: =$F45*'POI Fisico'!BK44 -> 10812470 | BA45: =$F45*'POI Fisico'!BL44 -> 0 | BB45: =IF(OR(AZ45="",AZ45=0),0,BA45/AZ45) -> 0 | BD45: =$F45*'POI Fisico'!BP44 -> 10812470 | BE45: =$F45*'POI Fisico'!BQ44 -> 0 | BF45: =IF(OR(BD45="",BD45=0),0,BE45/BD45) -> 0 | BH45: =$F45*'POI Fisico'!BU44 -> 0 | BI45: =$F45*'POI Fisico'!BV44 -> 0 | BJ45: =IF(OR(BH45="",BH45=0),0,BI45/BH45) -> 0 | BL45: =H45+L45+P45+T45+X45+AB45+AF45+AJ45+AN45+AR45+AV45+AZ45+BD45+BH45 -> 64874819 | BM45: =I45+M45+Q45+U45+Y45+AC45+AG45+AK45+AO45+AS45+AW45+BA45+BE45+BI45 -> 0 | BN45: =IF(OR(BL45="",BL45=0),0,BM45/BL45) -> 0
B46: ='POI Fisico'!C41 -> ALCANCE 5 | G46: =SUM(G43:G45) -> 2.0055819e+08 | H46: =SUM(H43:H45) -> 44122802 | I46: =SUM(I43:I45) -> 0 | J46: =IFERROR(IF(H46="",0,I46/H46),0) -> 0 | K46: =SUM(K43:K45) -> 0 | L46: =SUM(L43:L45) -> 0 | M46: =SUM(M43:M45) -> 0 | N46: =IFERROR(IF(L46="",0,M46/L46),0) -> 0 | O46: =SUM(O43:O45) -> 0 | P46: =SUM(P43:P45) -> 0 | Q46: =SUM(Q43:Q45) -> 0 | R46: =IFERROR(IF(P46="",0,Q46/P46),0) -> 0 | S46: =SUM(S43:S45) -> 0 | T46: =SUM(T43:T45) -> 26072565 | U46: =SUM(U43:U45) -> 0 | V46: =IFERROR(IF(T46="",0,U46/T46),0) -> 0 | W46: =SUM(W43:W45) -> 0 | X46: =SUM(X43:X45) -> 26072565 | Y46: =SUM(Y43:Y45) -> 0 | Z46: =IFERROR(IF(X46="",0,Y46/X46),0) -> 0 | AA46: =SUM(AA43:AA45) -> 0 | AB46: =SUM(AB43:AB45) -> 0 | AC46: =SUM(AC43:AC45) -> 0 | AD46: =IFERROR(IF(AB46="",0,AC46/AB46),0) -> 0 | AE46: =SUM(AE43:AE45) -> 0 | AF46: =SUM(AF43:AF45) -> 0 | AG46: =SUM(AG43:AG45) -> 0 | AH46: =IFERROR(IF(AF46="",0,AG46/AF46),0) -> 0 | AI46: =SUM(AI43:AI45) -> 0 | AJ46: =SUM(AJ43:AJ45) -> 0 | AK46: =SUM(AK43:AK45) -> 0 | AL46: =IFERROR(IF(AJ46="",0,AK46/AJ46),0) -> 0 | AM46: =SUM(AM43:AM45) -> 0 | AN46: =SUM(AN43:AN45) -> 26072565 | AO46: =SUM(AO43:AO45) -> 0 | AP46: =IFERROR(IF(AN46="",0,AO46/AN46),0) -> 0 | AQ46: =SUM(AQ43:AQ45) -> 0 | AR46: =SUM(AR43:AR45) -> 26072565 | AS46: =SUM(AS43:AS45) -> 0 | AT46: =IFERROR(IF(AR46="",0,AS46/AR46),0) -> 0 | AU46: =SUM(AU43:AU45) -> 0 | AV46: =SUM(AV43:AV45) -> 0 | AW46: =SUM(AW43:AW45) -> 0 | AX46: =IFERROR(IF(AV46="",0,AW46/AV46),0) -> 0 | AY46: =SUM(AY43:AY45) -> 0 | AZ46: =SUM(AZ43:AZ45) -> 26072565 | BA46: =SUM(BA43:BA45) -> 0 | BB46: =IFERROR(IF(AZ46="",0,BA46/AZ46),0) -> 0 | BC46: =SUM(BC43:BC45) -> 0 | BD46: =SUM(BD43:BD45) -> 26072565 | BE46: =SUM(BE43:BE45) -> 0 | BF46: =IFERROR(IF(BD46="",0,BE46/BD46),0) -> 0 | BG46: =SUM(BG43:BG45) -> 0 | BH46: =SUM(BH43:BH45) -> 0 | BI46: =SUM(BI43:BI45) -> 0 | BJ46: =IFERROR(IF(BH46="",0,BI46/BH46),0) -> 0 | BK46: =SUM(BK43:BK45) -> 0 | BL46: =SUM(BL43:BL45) -> 2.0055819e+08 | BM46: =SUM(BM43:BM45) -> 0 | BN46: =IFERROR(IF(BL46="",0,BM46/BL46),0) -> 0
A47: 6 | C47: ='POI Fisico'!D46 -> PLAN DE COMUNICACIONES Y PLAN DE MEDIOS
A48: 6.1 | B48: ='POI Fisico'!C47 -> Actividad 6.1 | C48: ='POI Fisico'!D47 -> Formular la estrategía de comunicaciones | D48: ='POI Fisico'!F47 -> Documento | E48: ='POI Fisico'!E47 -> 1 | F48: =IFERROR(G48/E48,0) -> 15857631 | G48: ='Calculo de valores unitarios'!N33 -> 15857631 | H48: =$F48*'POI Fisico'!H47 -> 1219817.7 | I48: =$F48*'POI Fisico'!I47 -> 0 | J48: =IF(OR(H48="",H48=0),0,I48/H48) -> 0 | L48: =$F48*'POI Fisico'!M47 -> 1219817.7 | M48: =$F48*'POI Fisico'!N47 -> 0 | N48: =IF(OR(L48="",L48=0),0,M48/L48) -> 0 | P48: =$F48*'POI Fisico'!R47 -> 1219817.7 | Q48: =$F48*'POI Fisico'!S47 -> 0 | R48: =IF(OR(P48="",P48=0),0,Q48/P48) -> 0 | T48: =$F48*'POI Fisico'!W47 -> 1219817.7 | U48: =$F48*'POI Fisico'!X47 -> 0 | V48: =IF(OR(T48="",T48=0),0,U48/T48) -> 0 | X48: =$F48*'POI Fisico'!AB47 -> 1219817.7 | Y48: =$F48*'POI Fisico'!AC47 -> 0 | Z48: =IF(OR(X48="",X48=0),0,Y48/X48) -> 0 | AB48: =$F48*'POI Fisico'!AG47 -> 1219817.7 | AC48: =$F48*'POI Fisico'!AH47 -> 0 | AD48: =IF(OR(AB48="",AB48=0),0,AC48/AB48) -> 0 | AF48: =$F48*'POI Fisico'!AL47 -> 1219817.7 | AG48: =$F48*'POI Fisico'!AM47 -> 0 | AH48: =IF(OR(AF48="",AF48=0),0,AG48/AF48) -> 0 | AJ48: =$F48*'POI Fisico'!AQ47 -> 1219817.7 | AK48: =$F48*'POI Fisico'!AR47 -> 0 | AL48: =IF(OR(AJ48="",AJ48=0),0,AK48/AJ48) -> 0 | AN48: =$F48*'POI Fisico'!AV47 -> 1219817.7 | AO48: =$F48*'POI Fisico'!AW47 -> 0 | AP48: =IF(OR(AN48="",AN48=0),0,AO48/AN48) -> 0 | AR48: =$F48*'POI Fisico'!BA47 -> 1219817.7 | AS48: =$F48*'POI Fisico'!BB47 -> 0 | AT48: =IF(OR(AR48="",AR48=0),0,AS48/AR48) -> 0 | AV48: =$F48*'POI Fisico'!BF47 -> 1219817.7 | AW48: =$F48*'POI Fisico'!BG47 -> 0 | AX48: =IF(OR(AV48="",AV48=0),0,AW48/AV48) -> 0 | AZ48: =$F48*'POI Fisico'!BK47 -> 1219817.7 | BA48: =$F48*'POI Fisico'!BL47 -> 0 | BB48: =IF(OR(AZ48="",AZ48=0),0,BA48/AZ48) -> 0 | BD48: =$F48*'POI Fisico'!BP47 -> 1219817.7 | BE48: =$F48*'POI Fisico'!BQ47 -> 0 | BF48: =IF(OR(BD48="",BD48=0),0,BE48/BD48) -> 0 | BH48: =$F48*'POI Fisico'!BU47 -> 0 | BI48: =$F48*'POI Fisico'!BV47 -> 0 | BJ48: =IF(OR(BH48="",BH48=0),0,BI48/BH48) -> 0 | BL48: =H48+L48+P48+T48+X48+AB48+AF48+AJ48+AN48+AR48+AV48+AZ48+BD48+BH48 -> 15857631 | BM48: =I48+M48+Q48+U48+Y48+AC48+AG48+AK48+AO48+AS48+AW48+BA48+BE48+BI48 -> 0 | BN48: =IF(OR(BL48="",BL48=0),0,BM48/BL48) -> 0
A49: 6.2 | B49: ='POI Fisico'!C48 -> Actividad 6.2 | C49: ='POI Fisico'!D48 -> Plan de medios | D49: ='POI Fisico'!F48 -> Documento | E49: ='POI Fisico'!E48 -> 1 | F49: =IFERROR(G49/E49,0) -> 15314473 | G49: ='Calculo de valores unitarios'!N34 -> 15314473 | H49: =$F49*'POI Fisico'!H48 -> 1178036.4 | I49: =$F49*'POI Fisico'!I48 -> 0 | J49: =IF(OR(H49="",H49=0),0,I49/H49) -> 0 | L49: =$F49*'POI Fisico'!M48 -> 1178036.4 | M49: =$F49*'POI Fisico'!N48 -> 0 | N49: =IF(OR(L49="",L49=0),0,M49/L49) -> 0 | P49: =$F49*'POI Fisico'!R48 -> 1178036.4 | Q49: =$F49*'POI Fisico'!S48 -> 0 | R49: =IF(OR(P49="",P49=0),0,Q49/P49) -> 0 | T49: =$F49*'POI Fisico'!W48 -> 1178036.4 | U49: =$F49*'POI Fisico'!X48 -> 0 | V49: =IF(OR(T49="",T49=0),0,U49/T49) -> 0 | X49: =$F49*'POI Fisico'!AB48 -> 1178036.4 | Y49: =$F49*'POI Fisico'!AC48 -> 0 | Z49: =IF(OR(X49="",X49=0),0,Y49/X49) -> 0 | AB49: =$F49*'POI Fisico'!AG48 -> 1178036.4 | AC49: =$F49*'POI Fisico'!AH48 -> 0 | AD49: =IF(OR(AB49="",AB49=0),0,AC49/AB49) -> 0 | AF49: =$F49*'POI Fisico'!AL48 -> 1178036.4 | AG49: =$F49*'POI Fisico'!AM48 -> 0 | AH49: =IF(OR(AF49="",AF49=0),0,AG49/AF49) -> 0 | AJ49: =$F49*'POI Fisico'!AQ48 -> 1178036.4 | AK49: =$F49*'POI Fisico'!AR48 -> 0 | AL49: =IF(OR(AJ49="",AJ49=0),0,AK49/AJ49) -> 0 | AN49: =$F49*'POI Fisico'!AV48 -> 1178036.4 | AO49: =$F49*'POI Fisico'!AW48 -> 0 | AP49: =IF(OR(AN49="",AN49=0),0,AO49/AN49) -> 0 | AR49: =$F49*'POI Fisico'!BA48 -> 1178036.4 | AS49: =$F49*'POI Fisico'!BB48 -> 0 | AT49: =IF(OR(AR49="",AR49=0),0,AS49/AR49) -> 0 | AV49: =$F49*'POI Fisico'!BF48 -> 1178036.4 | AW49: =$F49*'POI Fisico'!BG48 -> 0 | AX49: =IF(OR(AV49="",AV49=0),0,AW49/AV49) -> 0 | AZ49: =$F49*'POI Fisico'!BK48 -> 1178036.4 | BA49: =$F49*'POI Fisico'!BL48 -> 0 | BB49: =IF(OR(AZ49="",AZ49=0),0,BA49/AZ49) -> 0 | BD49: =$F49*'POI Fisico'!BP48 -> 1178036.4 | BE49: =$F49*'POI Fisico'!BQ48 -> 0 | BF49: =IF(OR(BD49="",BD49=0),0,BE49/BD49) -> 0 | BH49: =$F49*'POI Fisico'!BU48 -> 0 | BI49: =$F49*'POI Fisico'!BV48 -> 0 | BJ49: =IF(OR(BH49="",BH49=0),0,BI49/BH49) -> 0 | BL49: =H49+L49+P49+T49+X49+AB49+AF49+AJ49+AN49+AR49+AV49+AZ49+BD49+BH49 -> 15314473 | BM49: =I49+M49+Q49+U49+Y49+AC49+AG49+AK49+AO49+AS49+AW49+BA49+BE49+BI49 -> 0 | BN49: =IF(OR(BL49="",BL49=0),0,BM49/BL49) -> 0
A50: 6.3 | B50: ='POI Fisico'!C49 -> Actividad 6.3 | C50: ='POI Fisico'!D49 -> Entregar distintivos al equipo consultor | D50: ='POI Fisico'!F49 -> Kit Distintivos | E50: ='POI Fisico'!E49 -> 26 | F50: =IFERROR(G50/E50,0) -> 131097.04 | G50: ='Calculo de valores unitarios'!N35 -> 3408523 | H50: =$F50*'POI Fisico'!H49 -> 3408523 | I50: =$F50*'POI Fisico'!I49 -> 0 | J50: =IF(OR(H50="",H50=0),0,I50/H50) -> 0 | L50: =$F50*'POI Fisico'!M49 -> 0 | M50: =$F50*'POI Fisico'!N49 -> 0 | N50: =IF(OR(L50="",L50=0),0,M50/L50) -> 0 | P50: =$F50*'POI Fisico'!R49 -> 0 | Q50: =$F50*'POI Fisico'!S49 -> 0 | R50: =IF(OR(P50="",P50=0),0,Q50/P50) -> 0 | T50: =$F50*'POI Fisico'!W49 -> 0 | U50: =$F50*'POI Fisico'!X49 -> 0 | V50: =IF(OR(T50="",T50=0),0,U50/T50) -> 0 | X50: =$F50*'POI Fisico'!AB49 -> 0 | Y50: =$F50*'POI Fisico'!AC49 -> 0 | Z50: =IF(OR(X50="",X50=0),0,Y50/X50) -> 0 | AB50: =$F50*'POI Fisico'!AG49 -> 0 | AC50: =$F50*'POI Fisico'!AH49 -> 0 | AD50: =IF(OR(AB50="",AB50=0),0,AC50/AB50) -> 0 | AF50: =$F50*'POI Fisico'!AL49 -> 0 | AG50: =$F50*'POI Fisico'!AM49 -> 0 | AH50: =IF(OR(AF50="",AF50=0),0,AG50/AF50) -> 0 | AJ50: =$F50*'POI Fisico'!AQ49 -> 0 | AK50: =$F50*'POI Fisico'!AR49 -> 0 | AL50: =IF(OR(AJ50="",AJ50=0),0,AK50/AJ50) -> 0 | AN50: =$F50*'POI Fisico'!AV49 -> 0 | AO50: =$F50*'POI Fisico'!AW49 -> 0 | AP50: =IF(OR(AN50="",AN50=0),0,AO50/AN50) -> 0 | AR50: =$F50*'POI Fisico'!BA49 -> 0 | AS50: =$F50*'POI Fisico'!BB49 -> 0 | AT50: =IF(OR(AR50="",AR50=0),0,AS50/AR50) -> 0 | AV50: =$F50*'POI Fisico'!BF49 -> 0 | AW50: =$F50*'POI Fisico'!BG49 -> 0 | AX50: =IF(OR(AV50="",AV50=0),0,AW50/AV50) -> 0 | AZ50: =$F50*'POI Fisico'!BK49 -> 0 | BA50: =$F50*'POI Fisico'!BL49 -> 0 | BB50: =IF(OR(AZ50="",AZ50=0),0,BA50/AZ50) -> 0 | BD50: =$F50*'POI Fisico'!BP49 -> 0 | BE50: =$F50*'POI Fisico'!BQ49 -> 0 | BF50: =IF(OR(BD50="",BD50=0),0,BE50/BD50) -> 0 | BH50: =$F50*'POI Fisico'!BU49 -> 0 | BI50: =$F50*'POI Fisico'!BV49 -> 0 | BJ50: =IF(OR(BH50="",BH50=0),0,BI50/BH50) -> 0 | BL50: =H50+L50+P50+T50+X50+AB50+AF50+AJ50+AN50+AR50+AV50+AZ50+BD50+BH50 -> 3408523 | BM50: =I50+M50+Q50+U50+Y50+AC50+AG50+AK50+AO50+AS50+AW50+BA50+BE50+BI50 -> 0 | BN50: =IF(OR(BL50="",BL50=0),0,BM50/BL50) -> 0
B51: ='POI Fisico'!C50 -> Total PLAN | G51: =SUM(G48:G50) -> 34580627 | H51: =SUM(H48:H50) -> 5806377.2 | I51: =SUM(I48:I50) -> 0 | J51: =IFERROR(IF(H51="",0,I51/H51),0) -> 0 | L51: =SUM(L48:L50) -> 2397854.1 | M51: =SUM(M48:M50) -> 0 | N51: =IFERROR(IF(L51="",0,M51/L51),0) -> 0 | P51: =SUM(P48:P50) -> 2397854.1 | Q51: =SUM(Q48:Q50) -> 0 | R51: =IFERROR(IF(P51="",0,Q51/P51),0) -> 0 | T51: =SUM(T48:T50) -> 2397854.1 | U51: =SUM(U48:U50) -> 0 | V51: =IFERROR(IF(T51="",0,U51/T51),0) -> 0 | X51: =SUM(X48:X50) -> 2397854.1 | Y51: =SUM(Y48:Y50) -> 0 | Z51: =IFERROR(IF(X51="",0,Y51/X51),0) -> 0 | AB51: =SUM(AB48:AB50) -> 2397854.1 | AC51: =SUM(AC48:AC50) -> 0 | AD51: =IFERROR(IF(AB51="",0,AC51/AB51),0) -> 0 | AF51: =SUM(AF48:AF50) -> 2397854.1 | AG51: =SUM(AG48:AG50) -> 0 | AH51: =IFERROR(IF(AF51="",0,AG51/AF51),0) -> 0 | AJ51: =SUM(AJ48:AJ50) -> 2397854.1 | AK51: =SUM(AK48:AK50) -> 0 | AL51: =IFERROR(IF(AJ51="",0,AK51/AJ51),0) -> 0 | AN51: =SUM(AN48:AN50) -> 2397854.1 | AO51: =SUM(AO48:AO50) -> 0 | AP51: =IFERROR(IF(AN51="",0,AO51/AN51),0) -> 0 | AR51: =SUM(AR48:AR50) -> 2397854.1 | AS51: =SUM(AS48:AS50) -> 0 | AT51: =IFERROR(IF(AR51="",0,AS51/AR51),0) -> 0 | AV51: =SUM(AV48:AV50) -> 2397854.1 | AW51: =SUM(AW48:AW50) -> 0 | AX51: =IFERROR(IF(AV51="",0,AW51/AV51),0) -> 0 | AZ51: =SUM(AZ48:AZ50) -> 2397854.1 | BA51: =SUM(BA48:BA50) -> 0 | BB51: =IFERROR(IF(AZ51="",0,BA51/AZ51),0) -> 0 | BD51: =SUM(BD48:BD50) -> 2397854.1 | BE51: =SUM(BE48:BE50) -> 0 | BF51: =IFERROR(IF(BD51="",0,BE51/BD51),0) -> 0 | BH51: =SUM(BH48:BH50) -> 0 | BI51: =SUM(BI48:BI50) -> 0 | BJ51: =IFERROR(IF(BH51="",0,BI51/BH51),0) -> 0 | BL51: =SUM(BL48:BL50) -> 34580627 | BM51: =SUM(BM48:BM50) -> 0 | BN51: =IFERROR(IF(BL51="",0,BM51/BL51),0) -> 0
B52: TOTALES DEL CONTRATO | G52: =G51+G46+G41+G35+G28+G22 -> 1.2999819e+09 | H52: =H51+H46+H41+H35+H28+H22 -> 3.0479243e+08 | I52: =I51+I46+I41+I35+I28+I22 -> 0 | L52: =L51+L46+L41+L35+L28+L22 -> 87532439 | M52: =M51+M46+M41+M35+M28+M22 -> 0 | P52: =P51+P46+P41+P35+P28+P22 -> 1.1198806e+08 | Q52: =Q51+Q46+Q41+Q35+Q28+Q22 -> 0 | T52: =T51+T46+T41+T35+T28+T22 -> 1.6864336e+08 | U52: =U51+U46+U41+U35+U28+U22 -> 0 | X52: =X51+X46+X41+X35+X28+X22 -> 85711314 | Y52: =Y51+Y46+Y41+Y35+Y28+Y22 -> 0 | AB52: =AB51+AB46+AB41+AB35+AB28+AB22 -> 44953391 | AC52: =AC51+AC46+AC41+AC35+AC28+AC22 -> 0 | AF52: =AF51+AF46+AF41+AF35+AF28+AF22 -> 30768212 | AG52: =AG51+AG46+AG41+AG35+AG28+AG22 -> 0 | AJ52: =AJ51+AJ46+AJ41+AJ35+AJ28+AJ22 -> 2397854.1 | AK52: =AK51+AK46+AK41+AK35+AK28+AK22 -> 0 | AN52: =AN51+AN46+AN41+AN35+AN28+AN22 -> 28470419 | AO52: =AO51+AO46+AO41+AO35+AO28+AO22 -> 0 | AR52: =AR51+AR46+AR41+AR35+AR28+AR22 -> 65122247 | AS52: =AS51+AS46+AS41+AS35+AS28+AS22 -> 0 | AV52: =AV51+AV46+AV41+AV35+AV28+AV22 -> 1.3193672e+08 | AW52: =AW51+AW46+AW41+AW35+AW28+AW22 -> 0 | AZ52: =AZ51+AZ46+AZ41+AZ35+AZ28+AZ22 -> 1.3914361e+08 | BA52: =BA51+BA46+BA41+BA35+BA28+BA22 -> 0 | BD52: =BD51+BD46+BD41+BD35+BD28+BD22 -> 28470419 | BE52: =BE51+BE46+BE41+BE35+BE28+BE22 -> 0 | BH52: =BH51+BH46+BH41+BH35+BH28+BH22 -> 70051457 | BI52: =BI51+BI46+BI41+BI35+BI28+BI22 -> 0 | BL52: =BL51+BL46+BL41+BL35+BL28+BL22 -> 1.2999819e+09 | BM52: =BM51+BM46+BM41+BM35+BM28+BM22 -> 0
G53: Corte | H53: =H52/$G$52 -> 0.23445898 | L53: =L52/$G$52 -> 0.067333581 | P53: =P52/$G$52 -> 0.086145857 | T53: =T52/$G$52 -> 0.12972746 | X53: =X52/$G$52 -> 0.065932697 | AB53: =AB52/$G$52 -> 0.034580013 | AF53: =AF52/$G$52 -> 0.023668185 | AJ53: =AJ52/$G$52 -> 0.0018445288 | AN53: =AN52/$G$52 -> 0.021900627 | AR53: =AR52/$G$52 -> 0.050094733 | AV53: =AV52/$G$52 -> 0.1014912 | AZ53: =AZ52/$G$52 -> 0.10703503 | BD53: =BD52/$G$52 -> 0.021900627 | BH53: =BH52/$G$52 -> 0.053886485 | BL53: =BL52/$G$52 -> 1
G54: Acumulado | H54: =H53 -> 0.23445898 | L54: =H54+L53 -> 0.30179256 | P54: =L54+P53 -> 0.38793842 | T54: =P54+T53 -> 0.51766588 | X54: =T54+X53 -> 0.58359857 | AB54: =X54+AB53 -> 0.61817859 | AF54: =AB54+AF53 -> 0.64184677 | AJ54: =AF54+AJ53 -> 0.6436913 | AN54: =AJ54+AN53 -> 0.66559193 | AR54: =AN54+AR53 -> 0.71568666 | AV54: =AR54+AV53 -> 0.81717786 | AZ54: =AV54+AZ53 -> 0.92421289 | BD54: =AZ54+BD53 -> 0.94611351 | BH54: =BD54+BH53 -> 1
BL55: TOTAL PAGADO A LA FECHA DE CORTE

Sheet Calculo de valores unitarios
A1: Descripción | D1: Cantidad | E1: Producto | F1: % de Importancia | G1: Neto
A3: 1 | B3: ALCANCE 1 | C3: FASE DE DECLARATORIA | F3: 0.1 | G3: Mano de Obra | H3: Refrigerios | I3: Gastos de Recorrido | J3: Transporte | K3: Subtotal | L3: Au | M3: IVA | N3: Total
A4: 1.1 | B4: Actividad 1.1 | C4: Realizar la Declaratoria en ordenamient de las corrientes R. Dolores, R. Yarumalito, Q. La Noque, Q. Sbaleta Trinidad y Q. La vívora | D4: 5 | E4: Doumentos acto administrativo | F4: 0.3 | G4: =('C. B - Alcance 1 Declaratoria'!$H$29/3) -> 25577733 | K4: =SUM(G4:J4) -> 25577733 | L4: =K4*0.15 -> 3836659.9 | M4: =(K4+L4)*0.19 -> 5588734.6 | N4: =SUM(K4:M4) -> 35003128
A5: 1.2 | B5: Actividad 1.2 | C5: Socialización del proyecto y diligenciamiento del RURH (Incluye 100 refrigerios, gatos de viaje, transporte de tres personas) | D5: 7 | E5: Talleres | F5: 0.1 | G5: ='C. B - Alcance 1 Declaratoria'!H28-'Calculo de valores unitarios'!G4-'Calculo de valores unitarios'!G6 -> 12788866 | H5: ='C. B - Alcance 1 Declaratoria'!G36 -> 1000000 | I5: =SUM('C. B - Alcance 1 Declaratoria'!G37:G43) -> 1890000 | J5: =SUM('C. B - Alcance 1 Declaratoria'!G52:G58) -> 1470000 | K5: =SUM(G5:J5) -> 17148866 | L5: =K5*0.15 -> 2572330 | M5: =(K5+L5)*0.19 -> 3747027.3 | N5: =SUM(K5:M5) -> 23468224
A6: 1.3 | B6: Actividad 1.3 | C6: Primer acercamiento y diligenciamiento del RURH (incluye gastos de viaje, transporte urbano, transporte rural de dos personas del equipo). | D6: 100 | E6: Recorridos | F6: 0.5 | G6: =F6*'C. B - Alcance 1 Declaratoria'!H29 -> 38366599 | I6: =SUM('C. B - Alcance 1 Declaratoria'!G44:G48) -> 9000000 | J6: =SUM('C. B - Alcance 1 Declaratoria'!G59:G70) -> 8960000 | K6: =SUM(G6:J6) -> 56326599 | L6: =K6*0.15 -> 8448989.9 | M6: =(K6+L6)*0.19 -> 12307362 | N6: =SUM(K6:M6) -> 77082951
N7: =SUM(N4:N6) -> 1.355543e+08 | O7: ='Cuadro C'!G10 -> 135554303 | P7: =N7-O7 -> -0.36939579
A8: 2 | B8: ALCANCE 2 | C8: FASE DE DIAGNÓSTICO | F8: 0.25 | G8: Mano de Obra | H8: Refrigerios | I8: Gastos de Recorrido | J8: Transporte | K8: Subtotal | L8: AI | M8: IVA | N8: Total
A9: 2.1 | B9: Actividad 2.1 | C9: Presentar documento de metodología del Diagnóstico | D9: 5 | E9: Documentos | F9: 0.22 | G9: ='Cuadro C'!C11*F9 -> 51476809 | K9: =SUM(G9:J9) -> 51476809 | L9: =K9*0.15 -> 7721521.4 | M9: =(K9+L9)*0.19 -> 11247683 | N9: =SUM(K9:M9) -> 70446014
C10: Realizar el Diagnóstico Participativo (1 taller por Cuerpo de agua por 3 profesionales incluye gastos de viaje) | D10: 15 | E10: Viajes | F10: 0.3 | G10: =('C. B - Alcance 2 Diagnostico'!$H$29-$G$9)/3 -> 50092896 | H10: ='C. B - Alcance 2 Diagnostico'!G36 -> 1000000 | I10: =SUM('C. B - Alcance 2 Diagnostico'!G37:G41) -> 1350000 | J10: =SUM('C. B - Alcance 2 Diagnostico'!G50:G56) -> 1470000 | K10: =SUM(G10:J10) -> 53912896 | L10: =K10*0.15 -> 8086934.4 | M10: =(K10+L10)*0.19 -> 11779968 | N10: =SUM(K10:M10) -> 73779798
A11: 2.2 | B11: Actividad 2.2 | C11: Realizar recorridos de diagnostico, Visita a usuarios, estructuras y demás aspectos del diagnóstico por municipio (10 días por cuerpo de agua por 3 profesionales) (Incluye Gastos de viaje , transporte rural y urbano) | D11: 150 | E11: Recorridos | F11: 0.4 | G11: =('C. B - Alcance 2 Diagnostico'!$H$29-$G$9)/3 -> 50092896 | I11: =SUM('C. B - Alcance 2 Diagnostico'!G42:G46) -> 13500000 | J11: =SUM('C. B - Alcance 2 Diagnostico'!G57:G68) -> 14910000 | K11: =SUM(G11:J11) -> 78502896 | L11: =K11*0.15 -> 11775434 | M11: =(K11+L11)*0.19 -> 17152883 | N11: =SUM(K11:M11) -> 1.0743121e+08
C12: Entrega documento Diagnostico | D12: 5 | E12: Documentos | F12: 0.1 | G12: =('C. B - Alcance 2 Diagnostico'!$H$29-$G$9)/3 -> 50092896 | K12: =SUM(G12:J12) -> 50092896 | L12: =K12*0.15 -> 7513934.4 | M12: =(K12+L12)*0.19 -> 10945298 | N12: =SUM(K12:M12) -> 68552128
N13: =SUM(N9:N12) -> 3.2020915e+08 | O13: ='Cuadro C'!G11 -> 320209154 | P13: =N13-O13 -> -0.39754999
A14: 3 | B14: ALCANCE 3 | C14: FASE DE IDENTIFICACIÓN DE LOS USOS POTENCIALES DEL RECURSO. | E14: Documento | F14: 0.25 | G14: Mano de Obra | H14: Refrigerios | I14: Gastos de Recorrido | J14: Transporte | K14: Subtotal | L14: AI | M14: IVA | N14: Total
A15: 3.1 | B15: Actividad 3.1 | C15: Presentar documento de metodología de la fase de identificación de los usos potenciales | D15: 5 | E15: Documentos | F15: 0.22 | G15: ='Cuadro C'!C12*F15 -> 49725609 | K15: =SUM(G15:J15) -> 49725609 | L15: =K15*0.15 -> 7458841.4 | M15: =(K15+L15)*0.19 -> 10865046 | N15: =SUM(K15:M15) -> 68049497
C16: Fortalecimiento en modelción y Planificacion - Capacitación en modelación (5 talleres de dos dias por cuerpo de agua, se ajustará presupuestos con otras actividades para la logística, incluye kit del taller, memorias, 4 refrigerios y dos almuerzo para 20 personas en cada cuenca ) | D16: 10 | E16: Talleres | F16: 0.1 | G16: =('C. B - Alcance 3 Usos'!$H$29-$G$15)/4 -> 38007472 | H16: ='C. B - Alcance 3 Usos'!G40 -> 5730000 | J16: ='C. B - Alcance 3 Usos'!G55 -> 900000 | K16: =SUM(G16:J16) -> 44637472 | L16: =K16*0.15 -> 6695620.8 | M16: =(K16+L16)*0.19 -> 9753287.6 | N16: =SUM(K16:M16) -> 61086381
A17: 3.2 | B17: Actividad 3.2 | C17: Definición de usos actuales y potenciales participativo - Creación de las Mesas temáticas (un taller por cuerpo de agua)(Incluye gastos de viaje y de transporte de tres profesionales) | D17: 15 | E17: Talleres | F17: 0.2 | G17: =('C. B - Alcance 3 Usos'!$H$29-$G$15)/4 -> 38007472 | H17: ='C. B - Alcance 3 Usos'!G49 -> 1000000 | I17: =SUM('C. B - Alcance 3 Usos'!G50:G54) -> 1350000 | J17: =SUM('C. B - Alcance 3 Usos'!G64:G70) -> 1470000 | K17: =SUM(G17:J17) -> 41827472 | L17: =K17*0.15 -> 6274120.8 | M17: =(K17+L17)*0.19 -> 9139302.6 | N17: =SUM(K17:M17) -> 57240896
A18: 3.3 | B18: Actividad 3.3 | C18: Recorridos por Cuerpo de agua (cinco días, de tres profesionales, incluye gastos de viaje y transporte urbano y rural) | D18: 75 | E18: Recorridos | F18: 0.4 | G18: =('C. B - Alcance 3 Usos'!$H$29-$G$15)/4 -> 38007472 | I18: =SUM('C. B - Alcance 3 Usos'!G56:G60) -> 6750000 | J18: =SUM('C. B - Alcance 3 Usos'!G71:G87) -> 7070000 | K18: =SUM(G18:J18) -> 51827472 | L18: =K18*0.15 -> 7774120.8 | M18: =(K18+L18)*0.19 -> 11324303 | N18: =SUM(K18:M18) -> 70925896
A19: 3.4 | B19: Actividad 3.4 | C19: Entrega del Documento de Definición de usos | D19: 5 | E19: Documentos | F19: 0.1 | G19: =('C. B - Alcance 3 Usos'!$H$29-$G$15)/4 -> 38007472 | K19: =SUM(G19:J19) -> 38007472 | L19: =K19*0.15 -> 5701120.8 | M19: =(K19+L19)*0.19 -> 8304632.6 | N19: =SUM(K19:M19) -> 52013226
N20: =SUM(N15:N19) -> 3.0931589e+08 | O20: ='Cuadro C'!G12 -> 309315894 | P20: =N20-O20 -> -0.39754999
A21: 4 | B21: ALCANCE 4 | C21: FASE DE FORMULACIÓN | D21: 5 | F21: 0.22 | G21: Mano de Obra | H21: Refrigerios | I21: Gastos de Recorrido | J21: Transporte | K21: Subtotal | L21: AI | M21: IVA | N21: Total
A22: 4.1 | B22: Actividad 4.1 | C22: Presentar documento de metodología de la fase de Formulación | D22: 5 | E22: Documentos | F22: 0.22 | G22: ='Cuadro C'!C13*F22 -> 48190009 | K22: =SUM(G22:J22) -> 48190009 | L22: =K22*0.15 -> 7228501.4 | M22: =(K22+L22)*0.19 -> 10529517 | N22: =SUM(K22:M22) -> 65948028
C23: Realizar la fase de Formulación Participativa por cuerpo de agua (un taller por cuerpo de agua Ficha T pag 41, incluye refrigerios y gastos de 3 profesionales) | D23: 5 | E23: Talleres | F23: 0.1 | G23: =('C. B - Alcance 4 Elaboración'!$H$29-'Calculo de valores unitarios'!$G$22)/3 -> 51188496 | H23: ='C. B - Alcance 4 Elaboración'!G36 -> 1000000 | I23: =SUM('C. B - Alcance 4 Elaboración'!G37:G41) -> 1350000 | J23: =SUM('C. B - Alcance 4 Elaboración'!G50:G56) -> 1470000 | K23: =SUM(G23:J23) -> 55008496 | L23: =K23*0.15 -> 8251274.4 | M23: =(K23+L23)*0.19 -> 12019356 | N23: =SUM(K23:M23) -> 75279127
A24: 4.2 | B24: Actividad 4.2 | C24: Recorridos (incluyen gastos de viaje de 3 profesionales por 5 dias, recorridos urbanos y rurales) | D24: 75 | E24: Recorridos | F24: 0.5 | G24: =('C. B - Alcance 4 Elaboración'!$H$29-'Calculo de valores unitarios'!$G$22)/3 -> 51188496 | I24: =SUM('C. B - Alcance 4 Elaboración'!G42:G46) -> 6750000 | J24: =SUM('C. B - Alcance 4 Elaboración'!G57:G68) -> 6720000 | K24: =SUM(G24:J24) -> 64658496 | L24: =K24*0.15 -> 9698774.4 | M24: =(K24+L24)*0.19 -> 14127881 | N24: =SUM(K24:M24) -> 88485152
A25: 4.3 | B25: Actividad 4.3 | C25: Entregar documento de fase de formulación y PORH | D25: 5 | E25: Documentos | F25: 0.2 | G25: =('C. B - Alcance 4 Elaboración'!$H$29-'Calculo de valores unitarios'!$G$22)/3 -> 51188496 | K25: =SUM(G25:J25) -> 51188496 | L25: =K25*0.15 -> 7678274.4 | M25: =(K25+L25)*0.19 -> 11184686 | N25: =SUM(K25:M25) -> 70051457
N26: =SUM(N22:N25) -> 2.9976376e+08 | O26: ='Cuadro C'!G13 -> 299763764 | P26: =N26-O26 -> -0.39754993
A27: 5 | B27: ALCANCE 5 | C27: CONSULTA PREVIA | F27: 0.15 | G27: Mano de Obra | H27: Refrigerios | I27: Gastos de Recorrido | J27: Transporte | K27: Subtotal | L27: AI | M27: IVA | N27: Total
A28: 5.1 | B28: Actividad 5.1 | C28: Presentar documento propuesta de ruta metodológica y diseño de la Consulta previa | D28: 1 | E28: Documento | F28: 0.22 | G28: ='Cuadro C'!C14*$F$28 -> 32241726 | K28: =SUM(G28:J28) -> 32241726 | L28: =K28*0.15 -> 4836258.9 | M28: =(K28+L28)*0.19 -> 7044817.1 | N28: =SUM(K28:M28) -> 44122802
A29: 5.2 | B29: Actividad 5.2 | C29: Desarrolar y acompañar el proceso de consulta previa (incluye 240 alimentaciones, 6 registros audivisulaes, 12 gastos de logística, y 12 viajes al garante) | D29: 12 | E29: Encuentro | F29: 0.8 | G29: =('C. B - Alcance 5 Consulta Prev.'!$M$29-'Calculo de valores unitarios'!$G$28)/2 -> 44405786 | H29: ='C. B - Alcance 5 Consulta Prev.'!L41 -> 22500000 | K29: =SUM(G29:J29) -> 66905786 | L29: =K29*0.15 -> 10035868 | M29: =(K29+L29)*0.19 -> 14618914 | N29: =SUM(K29:M29) -> 91560569
A30: 5.3 | B30: Actividad 5.3 | C30: Transporte promotores (uno por comunidad de consulta previa) y profesionales (2) a encuentros | D30: 12 | E30: Viaje | F30: 0.1 | G30: =('C. B - Alcance 5 Consulta Prev.'!$M$29-'Calculo de valores unitarios'!$G$28)/2 -> 44405786 | J30: ='C. B - Alcance 5 Consulta Prev.'!L46 -> 3000000 | K30: =SUM(G30:J30) -> 47405786 | L30: =K30*0.15 -> 7110868 | M30: =(K30+L30)*0.19 -> 10358164 | N30: =SUM(K30:M30) -> 64874819
N31: =SUM(N28:N30) -> 2.0055819e+08 | O31: ='Cuadro C'!G14 -> 200558189 | P31: =N31-O31 -> 0.16147
C32: PLAN DE COMUNICACIONES Y PLAN DE MEDIOS | F32: 0.03 | G32: Mano de Obra | H32: Plan | K32: Subtotal | L32: AI | M32: IVA | N32: Total
A33: 6.1 | B33: Actividad 6.1 | C33: Formular la estrategía de comunicaciones | D33: 1 | E33: Documento | F33: 0.4 | G33: ='C. B - Plan de Comunicaciones'!$H$10*'Calculo de valores unitarios'!F33 -> 1587600.1 | H33: ='C. B - Plan de Comunicaciones'!E17 -> 10000000 | K33: =SUM(G33:J33) -> 11587600 | L33: =K33*0.15 -> 1738140 | M33: =(K33+L33)*0.19 -> 2531890.6 | N33: =SUM(K33:M33) -> 15857631
A34: 6.2 | B34: Actividad 6.2 | C34: Plan de medios | D34: 1 | E34: Documento | F34: 0.3 | G34: ='C. B - Plan de Comunicaciones'!$H$10*'Calculo de valores unitarios'!F34 -> 1190700.1 | H34: ='C. B - Plan de Comunicaciones'!E21 -> 10000000 | K34: =SUM(G34:J34) -> 11190700 | L34: =K34*0.15 -> 1678605 | M34: =(K34+L34)*0.19 -> 2445168 | N34: =SUM(K34:M34) -> 15314473
A35: 6.3 | B35: Actividad 6.3 | C35: Entregar distintivos al equipo consultor | D35: 26 | E35: Kit Distintivos | F35: 0.3 | G35: ='C. B - Plan de Comunicaciones'!$H$10*'Calculo de valores unitarios'!F35 -> 1190700.1 | H35: ='C. B - Plan de Comunicaciones'!E25 -> 1300000 | K35: =SUM(G35:J35) -> 2490700.1 | L35: =K35*0.15 -> 373605.01 | M35: =(K35+L35)*0.19 -> 544217.96 | N35: =SUM(K35:M35) -> 3408523
N36: =SUM(N33:N35) -> 34580627 | O36: ='Cuadro C'!G15 -> 34580627 | P36: =N36-O36 -> -0.1896242

Sheet Cuadro A - Presupuesto
B2: Formato Propuesta Económica Concurso de Méritos No. 110-CM2008-7
B3: Objeto: “Formulación de los Planes de Ordenamiento del Recurso Hídrico en cuerpos de agua priorizados por la Corporación”
B5: CUADRO A - PROPUESTA ECONÓMICA
B7: 1. COSTOS DE PERSONAL
B8: ÍTEM | C8: CANTIDAD | D8: DEDICACION (%) | E8: UNIDAD DE MEDIDA | F8: CANTIDAD UNIDAD DE MEDIDA | G8: VALOR UNITARIO | H8: FACTOR PRESTACIONAL | I8: VALOR TOTAL
B9: Mano de Obra Calificada
B10: Profesional con experiencia en el área ambiental – Coordinador de Proyectos | C10: 1 | D10: 1 | E10: Mes | F10: 14 | G10: 3987342 | H10: 1.58 | I10: =+C10*D10*F10*G10*H10 -> 88200005
B11: Profesional especialista socio -ambiental | C11: 1 | D11: 1 | E11: Mes | F11: 14 | G11: 3322785 | H11: 1.58 | I11: =+C11*D11*F11*G11*H11 -> 73500004
B12: Profesional especialista en hidrología | C12: 1 | D12: 0.5 | E12: Mes | F12: 14 | G12: 3322785 | H12: 1.58 | I12: =+C12*D12*F12*G12*H12 -> 36750002
B13: Profesional especialista en calidad y cantidad del agua | C13: 1 | D13: 0.5 | E13: Mes | F13: 14 | G13: 3322785 | H13: 1.58 | I13: =+C13*D13*F13*G13*H13 -> 36750002
B14: Profesional especialista en modelación | C14: 1 | D14: 0.5 | E14: Mes | F14: 14 | G14: 3322785 | H14: 1.58 | I14: =+C14*D14*F14*G14*H14 -> 36750002
B15: Profesional con experiencia en instrumentos económicos | C15: 1 | D15: 0.5 | E15: Mes | F15: 5 | G15: 3322785 | H15: 1.58 | I15: =+C15*D15*F15*G15*H15 -> 13125001
B16: Tecnólogos ambientales | C16: 5 | D16: 1 | E16: Mes | F16: 10 | G16: 2120253 | H16: 1.58 | I16: =+C16*D16*F16*G16*H16 -> 167499987
B17: Tecnólogo sin experiencia | C17: 2 | D17: 1 | E17: Mes | F17: 6 | G17: 1827848 | H17: 1.58 | I17: =+C17*D17*F17*G17*H17 -> 34655998
B18: Profesionales con experiencia en hidrobiología | C18: 1 | D18: 0.5 | E18: Mes | F18: 7 | G18: 3322785 | H18: 1.58 | I18: =+C18*D18*F18*G18*H18 -> 18375001
B19: Profesional en el área social | C19: 1 | D19: 0.5 | E19: Mes | F19: 14 | G19: 3322785 | H19: 1.58 | I19: =+C19*D19*F19*G19*H19 -> 36750002
B20: Profesional en el área de comunicaciones y diseño grafico | C20: 1 | D20: 0.5 | E20: Mes | F20: 14 | G20: 3322785 | H20: 1.58 | I20: =+C20*D20*F20*G20*H20 -> 36750002
B21: Profesional en SIG | C21: 1 | D21: 0.5 | E21: Mes | F21: 14 | G21: 3322785 | H21: 1.58 | I21: =+C21*D21*F21*G21*H21 -> 36750002
... B30: Bachiller promotor sin experiencia cuerpo de agua Q. Sabaletas T | C30: 1 | D30: 1 | E30: Mes | F30: 10 | G30: 1003030 | H30: 1.65 | I30: =+C30*D30*F30*G30*H30 -> 16549995
B31: Subtotal Mano de Obra calificada | I31: =SUM(I10:I30) -> 8.0702199e+08
B32: SUBTOTAL PERSONAL (Mano de Obra Calificada ) | I32: =I31 -> 8.0702199e+08
B34: 2. COSTOS DIRECTOS
B35: ÍTEM | E35: UNIDAD DE MEDIDA | G35: CANTIDAD UNIDAD DE MEDIDA | H35: VALOR UNITARIO | I35: VALOR TOTAL
B36: =+'C. B - Alcance 1 Declaratoria'!A35 -> Actividad 1.1 Socialización, acercamiento y diligenciamiento RURH | E36: Jornadas | G36: =+'C. B - Alcance 1 Declaratoria'!C50 -> 57 | H36: =+'C. B - Alcance 1 Declaratoria'!G50 -> 208596.49 | I36: =+G36*H36 -> 11890000
B37: =+'C. B - Alcance 1 Declaratoria'!A51 -> Actividad 1.2 Recorridos para socialización y diligenciamiento RURH | E37: =+'C. B - Alcance 1 Declaratoria'!B69 -> Viaje | G37: =+'C. B - Alcance 1 Declaratoria'!C72 -> 71 | H37: =+'C. B - Alcance 1 Declaratoria'!G72 -> 146901.41 | I37: =+G37*H37 -> 10430000
B38: =+'C. B - Alcance 2 Diagnostico'!A35 -> Actividad 2.1 Realización de diagnóstico participativo | E38: Jornadas | G38: =+'C. B - Alcance 2 Diagnostico'!C48 -> 5 | H38: =+'C. B - Alcance 2 Diagnostico'!G48 -> 3170000 | I38: =+G38*H38 -> 15850000
B39: =+'C. B - Alcance 2 Diagnostico'!A49 -> Actividad 2.2 Visitas a usuarios, estructuras y demas aspectos relacionados con el diagnóstico | E39: Viaje | G39: =+'C. B - Alcance 2 Diagnostico'!C70 -> 78 | H39: =+'C. B - Alcance 2 Diagnostico'!G70 -> 210000 | I39: =+G39*H39 -> 16380000
B40: =+'C. B - Alcance 3 Usos'!A35 -> Actividad 3.1 Fortalecimiento en modelación y planificación | E40: Talleres | G40: =+'C. B - Alcance 3 Usos'!C41 -> 10 | H40: =+'C. B - Alcance 3 Usos'!G41 -> 573000 | I40: =+G40*H40 -> 5730000
B41: =+'C. B - Alcance 3 Usos'!A48 -> Actividad 3.2 Definición de usos actuales y potenciales participativo | E41: Jornadas | G41: =+'C. B - Alcance 3 Usos'!C62 -> 5 | H41: =+'C. B - Alcance 3 Usos'!G62 -> 2000000 | I41: =+G41*H41 -> 10000000
B42: =+'C. B - Alcance 3 Usos'!A63 -> Actividad 3.3 Transporte a municipios para definición de usos actuales y potenciales | E42: Viajes | G42: =+'C. B - Alcance 3 Usos'!C89 -> 44 | H42: =+'C. B - Alcance 3 Usos'!G89 -> 194090.91 | I42: =+G42*H42 -> 8540000
B43: =+'C. B - Alcance 4 Elaboración'!A35 -> Actividad 4.1 fase de formulación participativa | E43: Jornadas | G43: =+'C. B - Alcance 4 Elaboración'!C48 -> 5 | H43: =+'C. B - Alcance 4 Elaboración'!G48 -> 1820000 | I43: =+G43*H43 -> 9100000
B44: =+'C. B - Alcance 4 Elaboración'!A49 -> Actividad 4.2 Transporte a municipios para fase de formulación | E44: Viaje | G44: =+'C. B - Alcance 4 Elaboración'!C70 -> 39 | H44: =+'C. B - Alcance 4 Elaboración'!G70 -> 210000 | I44: =+G44*H44 -> 8190000
B45: =+'C. B - Alcance 5 Consulta Prev.'!F36 -> Actividad 5.1 Encuentros Proceso de Consulta Previa | E45: Encuentros | G45: =+'C. B - Alcance 5 Consulta Prev.'!H42 -> 6 | H45: =+'C. B - Alcance 5 Consulta Prev.'!L42 -> 3750000 | I45: =+G45*H45 -> 22500000
B46: =+'C. B - Alcance 5 Consulta Prev.'!F43 -> Actividad 5.2 Transporte proceso Consulta Previa | E46: Viaje | G46: =+'C. B - Alcance 5 Consulta Prev.'!H47 -> 6 | H46: =+'C. B - Alcance 5 Consulta Prev.'!L47 -> 500000 | I46: =+G46*H46 -> 3000000
B47: ='C. B - Plan de Comunicaciones'!B15 -> Estrategia de comunicaciones y plan de medios | E47: Plan | G47: =+'C. B - Plan de Comunicaciones'!B23 -> 1 | H47: =+'C. B - Plan de Comunicaciones'!E28 -> 21300000 | I47: =+G47*H47 -> 21300000
B48: SUBTOTAL COSTOS DIRECTOS | I48: =SUM(I36:I47) -> 142910000
B49: SUBTOTAL (Costos Personal + Costos Directos) | I49: =I31+I48 -> 9.4993199e+08
B50: AU | H50: 0.15 | I50: =ROUND(I49*H50,0) -> 142489799
B51: Subtotal antes de IVA | I51: =SUM(I49:I50) -> 1.0924218e+09
B52: IVA | H52: 0.19 | I52: =ROUND(I51*H52,0) -> 207560140
B53: TOTAL | I53: =+I51+I52 -> 1.2999819e+09
B56: OSCAR HERNANDO SUAREZ AREVALO
B57: C.C. No 79.531.170 de Bogotá D.C
B58: Representante Legal
B59: CONSORCIO PORH 2020

Sheet Cuadro C
A2: CUADRO C - SÍNTISIS DE LOS ALCANCES
A4: En los siguientes cuadros se deben costear los alcances en que consiste el objeto contractual, de tal forma que el total cuadro B, coincida con el total del cuadro C, síntesis de los alcances.
A8: Objeto: “Formulación de los Planes de Ordenamiento del Recurso Hídrico en cuerpos de agua priorizados por la Corporación”
A9: ALCANCE | B9: DENOMINACIÓN | C9: SUBTOTAL (Costos Personal + Costos Directos) ($) | D9: AU 15% ($) | E9: SUBTOTAL ANTES DE IVA ($) | F9: IVA 19% ($) | G9: TOTAL ALCANCE ($)
A10: Alcance 1 | B10: Elaborar la fase de Declaratoria en Ordenamiento de los siguientes cuerpos de agua: Las quebradas La Noque, Sabaletas Trinidad, La Viborita, Yarumalito y el río Dolores. | C10: =+'C. B - Alcance 1 Declaratoria'!G75 -> 99053199 | D10: =C10*'Cuadro A - Presupuesto'!$H$50 -> 14857980 | E10: =SUM(C10:D10) -> 1.1391118e+08 | F10: =E10*'Cuadro A - Presupuesto'!$H$52 -> 21643124 | G10: =ROUND(SUM(E10:F10),0) -> 135554303
A11: Alcance 2 | B11: Realizar el diagnóstico de cada uno de los cuerpos de agua teniendo en cuenta sus aspectos sociales, físicos, bióticos y antrópicos. | C11: =+'C. B - Alcance 2 Diagnostico'!G73 -> 2.339855e+08 | D11: =C11*'Cuadro A - Presupuesto'!$H$50 -> 35097825 | E11: =SUM(C11:D11) -> 2.6908332e+08 | F11: =E11*'Cuadro A - Presupuesto'!$H$52 -> 51125831 | G11: =ROUND(SUM(E11:F11),0) -> 320209154
A12: Alcance 3 | B12: Identificar los usos actuales y potenciales del recurso hídrico. | C12: =+'C. B - Alcance 3 Usos'!G92 -> 2.260255e+08 | D12: =C12*'Cuadro A - Presupuesto'!$H$50 -> 33903825 | E12: =SUM(C12:D12) -> 2.5992932e+08 | F12: =E12*'Cuadro A - Presupuesto'!$H$52 -> 49386571 | G12: =ROUND(SUM(E12:F12),0) -> 309315894
A13: Alcance 4 | B13: Elaborar los Planes de Ordenamiento del Recurso Hídrico – PORH de las quebradas La Noque, Sabaletas Trinidad, La Viborita, Yarumalito y el río Dolores. | C13: =+'C. B - Alcance 4 Elaboración'!G73 -> 2.190455e+08 | D13: =C13*'Cuadro A - Presupuesto'!$H$50 -> 32856825 | E13: =SUM(C13:D13) -> 2.5190232e+08 | F13: =E13*'Cuadro A - Presupuesto'!$H$52 -> 47861441 | G13: =ROUND(SUM(E13:F13),0) -> 299763764
A14: Alcance 5 | B14: Desarrollar y acompañar el proceso de consulta previa con las comunidades étnicas presentes en las cuencas. | C14: =+'C. B - Alcance 5 Consulta Prev.'!L50 -> 1.465533e+08 | D14: =C14*'Cuadro A - Presupuesto'!$H$50 -> 21982995 | E14: =SUM(C14:D14) -> 1.6853629e+08 | F14: =E14*'Cuadro A - Presupuesto'!$H$52 -> 32021896 | G14: =ROUND(SUM(E14:F14),0) -> 200558189
A15: Plan de Comunicaciones | B15: Estrategia de comunicaciones y plan de medios. | C15: ='C. B - Plan de Comunicaciones'!E30 -> 25269000 | D15: =C15*'Cuadro A - Presupuesto'!$H$50 -> 3790350 | E15: =SUM(C15:D15) -> 29059350 | F15: =E15*'Cuadro A - Presupuesto'!$H$52 -> 5521276.5 | G15: =ROUND(SUM(E15:F15),0) -> 34580627
A16: TOTAL | C16: =SUM(C10:C15) -> 9.4993199e+08 | D16: =ROUND(SUM(D10:D15),0) -> 142489799 | E16: =SUM(E10:E15) -> 1.0924218e+09 | F16: =ROUND(SUM(F10:F15),0) -> 207560140 | G16: =SUM(G10:G15) -> 1299981931

Sheet C. B - Alcance 1 Declaratoria
A2: Cuadro B - Alcance 1
A4: 1. COSTOS DE PERSONAL
A5: ÍTEM | B5: CANTIDAD | C5: DEDICACION (%) | D5: UNIDAD DE MEDIDA | E5: CANTIDAD UNIDAD DE MEDIDA | F5: VALOR UNITARIO | G5: FACTOR PRESTACIONAL | H5: VALOR TOTAL
A6: Mano de Obra Calificada
A7: =+'Cuadro A - Presupuesto'!B10 -> Profesional con experiencia en el área ambiental – Coordinador de Proyectos | B7: 1 | C7: 0.08 | D7: Mes | E7: =+'Cuadro A - Presupuesto'!F10 -> 14 | F7: =+'Cuadro A - Presupuesto'!G10 -> 3987342 | G7: 1.58 | H7: =+B7*C7*E7*F7*G7 -> 7056000.4
A8: =+'Cuadro A - Presupuesto'!B11 -> Profesional especialista socio -ambiental | B8: 1 | C8: =+'Cuadro A - Presupuesto'!D11*0.1 -> 0.1 | D8: Mes | E8: =+'Cuadro A - Presupuesto'!F11 -> 14 | F8: =+'Cuadro A - Presupuesto'!G11 -> 3322785 | G8: 1.58 | H8: =+B8*C8*E8*F8*G8 -> 7350000.4
A9: =+'Cuadro A - Presupuesto'!B12 -> Profesional especialista en hidrología | B9: 1 | C9: =+'Cuadro A - Presupuesto'!D12*0.1 -> 0.05 | D9: Mes | E9: =+'Cuadro A - Presupuesto'!F12 -> 14 | F9: =+'Cuadro A - Presupuesto'!G12 -> 3322785 | G9: 1.58 | H9: =+B9*C9*E9*F9*G9 -> 3675000.2
A10: =+'Cuadro A - Presupuesto'!B13 -> Profesional especialista en calidad y cantidad del agua | B10: 1 | C10: =+'Cuadro A - Presupuesto'!D13*0.1 -> 0.05 | D10: Mes | E10: =+'Cuadro A - Presupuesto'!F13 -> 14 | F10: =+'Cuadro A - Presupuesto'!G13 -> 3322785 | G10: 1.58 | H10: =+B10*C10*E10*F10*G10 -> 3675000.2
A11: =+'Cuadro A - Presupuesto'!B14 -> Profesional especialista en modelación | B11: 1 | C11: =+'Cuadro A - Presupuesto'!D14*0.1 -> 0.05 | D11: Mes | E11: =+'Cuadro A - Presupuesto'!F14 -> 14 | F11: =+'Cuadro A - Presupuesto'!G14 -> 3322785 | G11: 1.58 | H11: =+B11*C11*E11*F11*G11 -> 3675000.2
A12: =+'Cuadro A - Presupuesto'!B15 -> Profesional con experiencia en instrumentos económicos | B12: 1 | C12: =+'Cuadro A - Presupuesto'!D15*0.1 -> 0.05 | D12: Mes | E12: =+'Cuadro A - Presupuesto'!F15 -> 5 | F12: =+'Cuadro A - Presupuesto'!G15 -> 3322785 | G12: 1.58 | H12: =+B12*C12*E12*F12*G12 -> 1312500.1
A13: =+'Cuadro A - Presupuesto'!B16 -> Tecnólogos ambientales | B13: 5 | C13: =+'Cuadro A - Presupuesto'!D16*0.1 -> 0.1 | D13: Mes | E13: =+'Cuadro A - Presupuesto'!F16 -> 10 | F13: =+'Cuadro A - Presupuesto'!G16 -> 2120253 | G13: 1.58 | H13: =+B13*C13*E13*F13*G13 -> 16749999
A14: =+'Cuadro A - Presupuesto'!B17 -> Tecnólogo sin experiencia | B14: 2 | C14: =+'Cuadro A - Presupuesto'!D17*0.1 -> 0.1 | D14: Mes | E14: =+'Cuadro A - Presupuesto'!F17 -> 6 | F14: =+'Cuadro A - Presupuesto'!G17 -> 1827848 | G14: 1.58 | H14: =+B14*C14*E14*F14*G14 -> 3465599.8
A15: =+'Cuadro A - Presupuesto'!B18 -> Profesionales con experiencia en hidrobiología | B15: 1 | C15: =+'Cuadro A - Presupuesto'!D18*0.1 -> 0.05 | D15: Mes | E15: =+'Cuadro A - Presupuesto'!F18 -> 7 | F15: =+'Cuadro A - Presupuesto'!G18 -> 3322785 | G15: 1.58 | H15: =+B15*C15*E15*F15*G15 -> 1837500.1
A16: =+'Cuadro A - Presupuesto'!B19 -> Profesional en el área social | B16: 1 | C16: =+'Cuadro A - Presupuesto'!D19*0.1 -> 0.05 | D16: Mes | E16: =+'Cuadro A - Presupuesto'!F19 -> 14 | F16: =+'Cuadro A - Presupuesto'!G19 -> 3322785 | G16: 1.58 | H16: =+B16*C16*E16*F16*G16 -> 3675000.2
A17: =+'Cuadro A - Presupuesto'!B20 -> Profesional en el área de comunicaciones y diseño grafico | B17: 1 | C17: 0.02 | D17: Mes | E17: =+'Cuadro A - Presupuesto'!F20 -> 14 | F17: =+'Cuadro A - Presupuesto'!G20 -> 3322785 | G17: 1.58 | H17: =+B17*C17*E17*F17*G17 -> 1470000.1
A18: =+'Cuadro A - Presupuesto'!B21 -> Profesional en SIG | B18: 1 | C18: =+'Cuadro A - Presupuesto'!D21*0.1 -> 0.05 | D18: Mes | E18: =+'Cuadro A - Presupuesto'!F21 -> 14 | F18: =+'Cuadro A - Presupuesto'!G21 -> 3322785 | G18: 1.58 | H18: =+B18*C18*E18*F18*G18 -> 3675000.2
A19: =+'Cuadro A - Presupuesto'!B22 -> Profesional especialista en planificación | B19: 1 | C19: =+'Cuadro A - Presupuesto'!D22*0.1 -> 0.05 | D19: Mes | E19: =+'Cuadro A - Presupuesto'!F22 -> 14 | F19: =+'Cuadro A - Presupuesto'!G22 -> 3322785 | G19: 1.58 | H19: =+B19*C19*E19*F19*G19 -> 3675000.2
A20: =+'Cuadro A - Presupuesto'!B23 -> Tecnólogo en área social, administrativa o ambiental (apoyo) | B20: 1 | C20: =+'Cuadro A - Presupuesto'!D23*0.1 -> 0.05 | D20: Mes | E20: =+'Cuadro A - Presupuesto'!F23 -> 14 | F20: =+'Cuadro A - Presupuesto'!G23 -> 1827848 | G20: 1.58 | H20: =+B20*C20*E20*F20*G20 -> 2021599.9
A21: =+'Cuadro A - Presupuesto'!B24 -> Profesional especialista obras hidráulica | B21: 1 | C21: =+'Cuadro A - Presupuesto'!D24*0.1 -> 0.05 | D21: Mes | E21: =+'Cuadro A - Presupuesto'!F24 -> 6 | F21: =+'Cuadro A - Presupuesto'!G24 -> 3322785 | G21: 1.58 | H21: =+B21*C21*E21*F21*G21 -> 1575000.1
A22: =+'Cuadro A - Presupuesto'!B25 -> Profesional en ingeniería sin experiencia | B22: 1 | C22: =+'Cuadro A - Presupuesto'!D25*0.1 -> 0.1 | D22: Mes | E22: =+'Cuadro A - Presupuesto'!F25 -> 10 | F22: =+'Cuadro A - Presupuesto'!G25 -> 2259494 | G22: 1.58 | H22: =+B22*C22*E22*F22*G22 -> 3570000.5
A23: =+'Cuadro A - Presupuesto'!B26 -> Bachiller promotor sin experiencia cuerpo de agua La Vibora | B23: 1 | C23: =+'Cuadro A - Presupuesto'!D26*0.1 -> 0.1 | D23: Mes | E23: =+'Cuadro A - Presupuesto'!F26 -> 10 | F23: =+'Cuadro A - Presupuesto'!G26 -> 1003030 | G23: 1.65 | H23: =+B23*C23*E23*F23*G23 -> 1654999.5
A24: =+'Cuadro A - Presupuesto'!B27 -> Bachiller promotor sin experiencia cuerpo de agua La Noque | B24: 1 | C24: =+'Cuadro A - Presupuesto'!D27*0.1 -> 0.1 | D24: Mes | E24: =+'Cuadro A - Presupuesto'!F27 -> 10 | F24: =+'Cuadro A - Presupuesto'!G27 -> 1003030 | G24: 1.65 | H24: =+B24*C24*E24*F24*G24 -> 1654999.5
A25: =+'Cuadro A - Presupuesto'!B28 -> Bachiller promotor sin experiencia cuerpo de agua Q. Yarumalito | B25: 1 | C25: =+'Cuadro A - Presupuesto'!D28*0.1 -> 0.1 | D25: Mes | E25: =+'Cuadro A - Presupuesto'!F28 -> 10 | F25: =+'Cuadro A - Presupuesto'!G28 -> 1003030 | G25: 1.65 | H25: =+B25*C25*E25*F25*G25 -> 1654999.5
A26: =+'Cuadro A - Presupuesto'!B29 -> Bachiller promotor sin experiencia cuerpo de agua R. Dolores | B26: 1 | C26: =+'Cuadro A - Presupuesto'!D29*0.1 -> 0.1 | D26: Mes | E26: =+'Cuadro A - Presupuesto'!F29 -> 10 | F26: =+'Cuadro A - Presupuesto'!G29 -> 1003030 | G26: 1.65 | H26: =+B26*C26*E26*F26*G26 -> 1654999.5
A27: =+'Cuadro A - Presupuesto'!B30 -> Bachiller promotor sin experiencia cuerpo de agua Q. Sabaletas T | B27: 1 | C27: =+'Cuadro A - Presupuesto'!D30*0.1 -> 0.1 | D27: Mes | E27: =+'Cuadro A - Presupuesto'!F30 -> 10 | F27: =+'Cuadro A - Presupuesto'!G30 -> 1003030 | G27: 1.65 | H27: =+B27*C27*E27*F27*G27 -> 1654999.5
A28: Subtotal Mano de Obra calificada | H28: =SUM(H7:H27) -> 76733199
A29: SUBTOTAL PERSONAL (Mano de Obra Calificada) | H29: =H28 -> 76733199
A31: 2. COSTOS DIRECTOS
A32: NOMBRE DEL COSTO DIRECTO | B32: Socialización, reconocimiento de cuerpos de agua y registro de usuarios del recurso hídrico
A33: UNIDAD DE MEDIDA PARA EL PRECIO UNITARIO | B33: Jornadas
A34: ESPECIFICACIÓN TÉCNICA PARA EL PRECIO UNITARIO | B34: Recorridos por los cuerpos de agua, interacción y reconocimiento de actores y registro de usuarios del recurso hídrico
A35: Actividad 1.1 Socialización, acercamiento y diligenciamiento RURH | B35: UNIDAD DE MEDIDA | C35: CANTIDAD ITEM | D35: PERSONAS ACOMPAÑANTE | E35: TOTAL ACTIVIDAD (CANTIDAD X PERSONAL) | F35: VALOR UNITARIO ($) | G35: VALOR TOTAL ($)
A36: Refrigerios (20 personas, 5 cuencas) | B36: Refrigerios | C36: =20*5 -> 100 | D36: NA | E36: =+C36 -> 100 | F36: 10000 | G36: =+F36*E36 -> 1000000
A37: Gastos de viaje para socialización del proyecto R. Dolores (Municipio de Angostura) | B37: Día | C37: 1 | D37: 3 | E37: =C37*D37 -> 3 | F37: 90000 | G37: =+F37*E37 -> 270000
A38: Gastos de viaje para socialización del proyecto Q. Yarumalito (Municipio de Yarumal) | B38: Día | C38: 1 | D38: 3 | E38: =C38*D38 -> 3 | F38: 90000 | G38: =+F38*E38 -> 270000
A39: Gastos de viaje para socialización del proyecto Q. La Noque (Municipio de Caicedo) | B39: Día | C39: 1 | D39: 3 | E39: =C39*D39 -> 3 | F39: 90000 | G39: =+F39*E39 -> 270000
A40: Gastos de viaje para socialización del proyecto Q. Sabaletas Trinidad (Municipio Montebello) | B40: Día | C40: 1 | D40: 3 | E40: =C40*D40 -> 3 | F40: 90000 | G40: =+F40*E40 -> 270000
A41: Gastos de viaje para socialización del proyecto Q. Sabaletas Trinidad (Municipio Santa Barbará) | B41: Día | C41: 1 | D41: 3 | E41: =C41*D41 -> 3 | F41: 90000 | G41: =+F41*E41 -> 270000
A42: Gastos de viaje para socialización del proyecto Q. Vibora (Municipio de Anorí) | B42: Día | C42: 1 | D42: 3 | E42: =C42*D42 -> 3 | F42: 90000 | G42: =+F42*E42 -> 270000
A43: Gastos de viaje para socialización del proyecto Q. Vibora (Municipio de Amalfi) | B43: Día | C43: 1 | D43: 3 | E43: =C43*D43 -> 3 | F43: 90000 | G43: =+F43*E43 -> 270000
A44: Gastos de viaje - Primer Acercamiento y diligenciamiento RURH - R. Dolores (Municipio de Angostura) | B44: Día | C44: 10 | D44: 2 | E44: =C44*D44 -> 20 | F44: 90000 | G44: =+F44*E44 -> 1800000
A45: Gastos de viaje Primer acercamiento y diligenciamiento RURH - Q. Yarumalito (Municipio de Yarumal) | B45: Día | C45: 10 | D45: 2 | E45: =C45*D45 -> 20 | F45: 90000 | G45: =+F45*E45 -> 1800000
A46: Gastos de viaje - Primer acercamiento y diligenciamiento RURH - Q. La Noque (Municipio de Caicedo) | B46: Día | C46: 10 | D46: 2 | E46: =C46*D46 -> 20 | F46: 90000 | G46: =+F46*E46 -> 1800000
A47: Gastos de viaje - Primer acercamiento y diligenciamiento RURH - Q. Sabaletas Trinidad (Municipio Montebello y Santa Barbará) | B47: Día | C47: 10 | D47: 2 | E47: =C47*D47 -> 20 | F47: 90000 | G47: =+F47*E47 -> 1800000
A48: Gastos de viaje - Primer acercamiento y diligenciamiento RURH - Q. Vibora (Municipio de Anorí y Amalfi) | B48: Día | C48: 10 | D48: 2 | E48: =C48*D48 -> 20 | F48: 90000 | G48: =+F48*E48 -> 1800000
A49: VALOR COSTO TOTAL ACTIVIDAD 1.1 | G49: =SUM(G36:G48) -> 11890000
A50: VALOR COSTO UNITARIO ACTIVIDAD | B50: CANTIDAD | C50: =SUM(C37:C48) -> 57 | F50: V/U x ACTIVIDAD | G50: =+G49/C50 -> 208596.49
A51: Actividad 1.2 Recorridos para socialización y diligenciamiento RURH | B51: UNIDAD DE MEDIDA | C51: CANTIDAD ITEM | D51: PERSONAS ACOMPAÑANTE | E51: TOTAL ACTIVIDAD (CANTIDAD X PERSONAL) | F51: VALOR UNITARIO ($) | G51: VALOR TOTAL ($)
A52: Transporte para socialización R. Dolores (Municipio de Angostura) | B52: Viaje | C52: 1 | D52: 3 | E52: =C52*D52 -> 3 | F52: 70000 | G52: =+F52*E52 -> 210000
A53: Transporte para socialización Q. Yarumalito (Municipio de Yarumal) | B53: Viaje | C53: 1 | D53: 3 | E53: =C53*D53 -> 3 | F53: 70000 | G53: =+F53*E53 -> 210000
A54: Transporte para socialización Q. La Noque (Municipio Caicedo) | B54: Viaje | C54: 1 | D54: 3 | E54: =C54*D54 -> 3 | F54: 70000 | G54: =+F54*E54 -> 210000
A55: Transporte para socialización -Q. Sabaletas Trinidad (Municipio Montebello) | B55: Viaje | C55: 1 | D55: 3 | E55: =C55*D55 -> 3 | F55: 70000 | G55: =+F55*E55 -> 210000
A56: Transporte para socialización -Q. Sabaletas Trinidad (Municipio Santa Barbará) | B56: Viaje | C56: 1 | D56: 3 | E56: =C56*D56 -> 3 | F56: 70000 | G56: =+F56*E56 -> 210000
A57: Transporte para socialización Q. Vibora (Municipio de Anorí) | B57: Viaje | C57: 1 | D57: 3 | E57: =C57*D57 -> 3 | F57: 70000 | G57: =+F57*E57 -> 210000
A58: Transporte para socialización Q. Vibora (Municipio de Amalfi) | B58: Viaje | C58: 1 | D58: 3 | E58: =C58*D58 -> 3 | F58: 70000 | G58: =+F58*E58 -> 210000
A59: Transporte para recorridos rurales R. Dolores (Municipio de Angostura) | B59: Viaje | C59: =+C44 -> 10 | D59: =+D44 -> 2 | E59: =C59*D59 -> 20 | F59: 70000 | G59: =+F59*E59 -> 1400000
A60: Transporte para recorridos rurales Q. Yarumalito (Municipio de Yarumal) | B60: Viaje | C60: =+C45 -> 10 | D60: =+D45 -> 2 | E60: =C60*D60 -> 20 | F60: 70000 | G60: =+F60*E60 -> 1400000
A61: Transporte para recorridos rurales Q. La Noque (Municipio Caicedo) | B61: Viaje | C61: =+C46 -> 10 | D61: =+D46 -> 2 | E61: =C61*D61 -> 20 | F61: 70000 | G61: =+F61*E61 -> 1400000
A62: Transporte para recorridos rurales -Q. Sabaletas Trinidad (Municipio Montebello y Santa Barbará) | B62: Viaje | C62: =+C47 -> 10 | D62: =+D47 -> 2 | E62: =C62*D62 -> 20 | F62: 70000 | G62: =+F62*E62 -> 1400000
A63: Transporte para recorridos rurales Q. Vibora (Municipio de Anorí y Amalfi) | B63: Viaje | C63: =+C48 -> 10 | D63: =+D48 -> 2 | E63: =C63*D63 -> 20 | F63: 70000 | G63: =+F63*E63 -> 1400000
A64: Transporte medellín a municipios y recorridos urbanos-R. Dolores (Municipio de Angostura) | B64: Viaje | C64: 2 | D64: 2 | E64: =C64*D64 -> 4 | F64: 70000 | G64: =+F64*E64 -> 280000
A65: Transporte medellín a municipios y recorridos urbanos- Q. Yarumalito (Municipio de Yarumal) | B65: Viaje | C65: 2 | D65: 2 | E65: =C65*D65 -> 4 | F65: 70000 | G65: =+F65*E65 -> 280000
A66: Transporte medellín a municipios y recorridos urbanos-Q. La Noque (Municipio de Caicedo) | B66: Viaje | C66: 2 | D66: 2 | E66: =C66*D66 -> 4 | F66: 70000 | G66: =+F66*E66 -> 280000
A67: Transporte medellín a municipios y recorridos urbanos-Q. Sabaletas Trinidad (Municipio Montebello ) | B67: Viaje | C67: 2 | D67: 2 | E67: =C67*D67 -> 4 | F67: 70000 | G67: =+F67*E67 -> 280000
A68: Transporte medellín a municipios y recorridos urbanos-Q. Sabaletas Trinidad (Municipio Santa Barbará) | B68: Viaje | C68: 2 | D68: 2 | E68: =C68*D68 -> 4 | F68: 70000 | G68: =+F68*E68 -> 280000
A69: Transporte medellín a municipios y recorridos urbanos-Q. Vibora (Municipio de Anorí) | B69: Viaje | C69: 2 | D69: 2 | E69: =C69*D69 -> 4 | F69: 70000 | G69: =+F69*E69 -> 280000
A70: Transporte medellín a municipios y recorridos urbanos-Q. Vibora (Municipio de Amalfi) | B70: Viaje | C70: 2 | D70: 2 | E70: =C70*D70 -> 4 | F70: 70000 | G70: =+F70*E70 -> 280000
A71: VALOR COSTO TOTAL ACTIVIDAD 1.2 | G71: =SUM(G52:G70) -> 10430000
A72: VALOR COSTO UNITARIO ACTIVIDAD | B72: CANTIDAD | C72: =SUM(C52:C70) -> 71 | F72: V/U x ACTIVIDAD | G72: =G71/C72 -> 146901.41
A73: VALOR TOTAL COSTOS DIRECTOS | G73: =+G71+G49 -> 22320000
A75: VALOR TOTAL ALCANCE 1 | G75: =G73+H29 -> 99053199
A80: OSCAR HERNANDO SUAREZ AREVALO
A81: C.C. No 79.531.170 de Bogotá D.C
A82: Representante Legal
A83: CONSORCIO PORH 2020

Sheet C. B - Alcance 2 Diagnostico
A2: Cuadro B - Alcance 2
A4: 1. COSTOS DE PERSONAL
A5: ÍTEM | B5: CANTIDAD | C5: DEDICACION (%) | D5: UNIDAD DE MEDIDA | E5: CANTIDAD UNIDAD DE MEDIDA | F5: VALOR UNITARIO | G5: FACTOR PRESTACIONAL | H5: VALOR TOTAL
A6: Mano de Obra Calificada
A7: =+'Cuadro A - Presupuesto'!B10 -> Profesional con experiencia en el área ambiental – Coordinador de Proyectos | B7: 1 | C7: =+'Cuadro A - Presupuesto'!D10*0.25 -> 0.25 | D7: Mes | E7: =+'Cuadro A - Presupuesto'!F10 -> 14 | F7: =+'Cuadro A - Presupuesto'!G10 -> 3987342 | G7: 1.58 | H7: =+B7*C7*E7*F7*G7 -> 22050001
A8: =+'Cuadro A - Presupuesto'!B11 -> Profesional especialista socio -ambiental | B8: 1 | C8: =+'Cuadro A - Presupuesto'!D11*0.25 -> 0.25 | D8: Mes | E8: =+'Cuadro A - Presupuesto'!F11 -> 14 | F8: =+'Cuadro A - Presupuesto'!G11 -> 3322785 | G8: 1.58 | H8: =+B8*C8*E8*F8*G8 -> 18375001
A9: =+'Cuadro A - Presupuesto'!B12 -> Profesional especialista en hidrología | B9: 1 | C9: =+'Cuadro A - Presupuesto'!D12*0.25 -> 0.125 | D9: Mes | E9: =+'Cuadro A - Presupuesto'!F12 -> 14 | F9: =+'Cuadro A - Presupuesto'!G12 -> 3322785 | G9: 1.58 | H9: =+B9*C9*E9*F9*G9 -> 9187500.5
A10: =+'Cuadro A - Presupuesto'!B13 -> Profesional especialista en calidad y cantidad del agua | B10: 1 | C10: =+'Cuadro A - Presupuesto'!D13*0.25 -> 0.125 | D10: Mes | E10: =+'Cuadro A - Presupuesto'!F13 -> 14 | F10: =+'Cuadro A - Presupuesto'!G13 -> 3322785 | G10: 1.58 | H10: =+B10*C10*E10*F10*G10 -> 9187500.5
A11: =+'Cuadro A - Presupuesto'!B14 -> Profesional especialista en modelación | B11: 1 | C11: =+'Cuadro A - Presupuesto'!D14*0.25 -> 0.125 | D11: Mes | E11: =+'Cuadro A - Presupuesto'!F14 -> 14 | F11: =+'Cuadro A - Presupuesto'!G14 -> 3322785 | G11: 1.58 | H11: =+B11*C11*E11*F11*G11 -> 9187500.5
A12: =+'Cuadro A - Presupuesto'!B15 -> Profesional con experiencia en instrumentos económicos | B12: 1 | C12: =+'Cuadro A - Presupuesto'!D15*0.25 -> 0.125 | D12: Mes | E12: =+'Cuadro A - Presupuesto'!F15 -> 5 | F12: =+'Cuadro A - Presupuesto'!G15 -> 3322785 | G12: 1.58 | H12: =+B12*C12*E12*F12*G12 -> 3281250.2
A13: =+'Cuadro A - Presupuesto'!B16 -> Tecnólogos ambientales | B13: 5 | C13: =+'Cuadro A - Presupuesto'!D16*0.25 -> 0.25 | D13: Mes | E13: =+'Cuadro A - Presupuesto'!F16 -> 10 | F13: =+'Cuadro A - Presupuesto'!G16 -> 2120253 | G13: 1.58 | H13: =+B13*C13*E13*F13*G13 -> 41874997
A14: =+'Cuadro A - Presupuesto'!B17 -> Tecnólogo sin experiencia | B14: 2 | C14: =+'Cuadro A - Presupuesto'!D17*0.25 -> 0.25 | D14: Mes | E14: =+'Cuadro A - Presupuesto'!F17 -> 6 | F14: =+'Cuadro A - Presupuesto'!G17 -> 1827848 | G14: 1.58 | H14: =+B14*C14*E14*F14*G14 -> 8663999.5
A15: =+'Cuadro A - Presupuesto'!B18 -> Profesionales con experiencia en hidrobiología | B15: 1 | C15: =+'Cuadro A - Presupuesto'!D18*0.25 -> 0.125 | D15: Mes | E15: =+'Cuadro A - Presupuesto'!F18 -> 7 | F15: =+'Cuadro A - Presupuesto'!G18 -> 3322785 | G15: 1.58 | H15: =+B15*C15*E15*F15*G15 -> 4593750.3
A16: =+'Cuadro A - Presupuesto'!B19 -> Profesional en el área social | B16: 1 | C16: =+'Cuadro A - Presupuesto'!D19*0.25 -> 0.125 | D16: Mes | E16: =+'Cuadro A - Presupuesto'!F19 -> 14 | F16: =+'Cuadro A - Presupuesto'!G19 -> 3322785 | G16: 1.58 | H16: =+B16*C16*E16*F16*G16 -> 9187500.5
A17: =+'Cuadro A - Presupuesto'!B20 -> Profesional en el área de comunicaciones y diseño grafico | B17: 1 | C17: =+'Cuadro A - Presupuesto'!D20*0.25 -> 0.125 | D17: Mes | E17: =+'Cuadro A - Presupuesto'!F20 -> 14 | F17: =+'Cuadro A - Presupuesto'!G20 -> 3322785 | G17: 1.58 | H17: =+B17*C17*E17*F17*G17 -> 9187500.5
A18: =+'Cuadro A - Presupuesto'!B21 -> Profesional en SIG | B18: 1 | C18: =+'Cuadro A - Presupuesto'!D21*0.25 -> 0.125 | D18: Mes | E18: =+'Cuadro A - Presupuesto'!F21 -> 14 | F18: =+'Cuadro A - Presupuesto'!G21 -> 3322785 | G18: 1.58 | H18: =+B18*C18*E18*F18*G18 -> 9187500.5
... A27: =+'Cuadro A - Presupuesto'!B30 -> Bachiller promotor sin experiencia cuerpo de agua Q. Sabaletas T | B27: 1 | C27: =+'Cuadro A - Presupuesto'!D30*0.25 -> 0.25 | D27: Mes | E27: =+'Cuadro A - Presupuesto'!F30 -> 10 | F27: =+'Cuadro A - Presupuesto'!G30 -> 1003030 | G27: 1.65 | H27: =+B27*C27*E27*F27*G27 -> 4137498.8
A28: Subtotal Mano de Obra calificada | H28: =SUM(H7:H27) -> 2.017555e+08
A29: SUBTOTAL PERSONAL (Mano de Obra Calificada ) | H29: =H28 -> 2.017555e+08
A31: COSTOS DIRECTOS
A32: NOMBRE DEL COSTO DIRECTO | B32: Proceso participativo para elaboración del Diagnóstico (Entes territoriales, sectores y comunidad en general)
A33: UNIDAD DE MEDIDA PARA EL PRECIO UNITARIO | B33: Jornadas
A34: ESPECIFICACIÓN TÉCNICA PARA EL PRECIO UNITARIO | B34: Realización de jornadas
A35: Actividad 2.1 Realización de diagnóstico participativo | B35: UNIDAD DE MEDIDA | C35: CANTIDAD ITEM | D35: PERSONAS POR ACTIVIDAD | E35: TOTAL ACTIVIDAD (CANTIDAD X PERSONAL) | F35: VALOR UNITARIO ($) | G35: VALOR TOTAL ($)
A36: =+'C. B - Alcance 1 Declaratoria'!A36 -> Refrigerios (20 personas, 5 cuencas) | B36: =+'C. B - Alcance 1 Declaratoria'!B36 -> Refrigerios | C36: =+'C. B - Alcance 1 Declaratoria'!C36 -> 100 | D36: =+'C. B - Alcance 1 Declaratoria'!D36 -> NA | E36: =+'C. B - Alcance 1 Declaratoria'!E36 -> 100 | F36: =+'C. B - Alcance 1 Declaratoria'!F36 -> 10000 | G36: =+E36*F36 -> 1000000
A37: Gastos de viaje para diagnóstico del proyecto R. Dolores (Municipio de Angostura) | B37: Jornadas | C37: =+'C. B - Alcance 1 Declaratoria'!C37 -> 1 | D37: =+'C. B - Alcance 1 Declaratoria'!D37 -> 3 | E37: =+'C. B - Alcance 1 Declaratoria'!E37 -> 3 | F37: =+'C. B - Alcance 1 Declaratoria'!F37 -> 90000 | G37: =+F37*E37 -> 270000
A38: Gastos de viaje para diagnóstico del proyecto Q. Yarumalito (Municipio de Yarumal) | B38: Jornadas | C38: =+'C. B - Alcance 1 Declaratoria'!C38 -> 1 | D38: =+'C. B - Alcance 1 Declaratoria'!D38 -> 3 | E38: =+'C. B - Alcance 1 Declaratoria'!E38 -> 3 | F38: =+'C. B - Alcance 1 Declaratoria'!F38 -> 90000 | G38: =+F38*E38 -> 270000
A39: Gastos de viaje para diagnóstico del proyecto Q. La Noque (Municipio de Caicedo) | B39: Jornadas | C39: =+'C. B - Alcance 1 Declaratoria'!C39 -> 1 | D39: =+'C. B - Alcance 1 Declaratoria'!D39 -> 3 | E39: =+'C. B - Alcance 1 Declaratoria'!E39 -> 3 | F39: =+'C. B - Alcance 1 Declaratoria'!F39 -> 90000 | G39: =+F39*E39 -> 270000
A40: Gastos de viaje para diagnóstico del proyecto Q. Sabaletas Trinidad (Municipio Montebello y Santa Barbará) | B40: Jornadas | C40: =+'C. B - Alcance 1 Declaratoria'!C40 -> 1 | D40: =+'C. B - Alcance 1 Declaratoria'!D40 -> 3 | E40: =+'C. B - Alcance 1 Declaratoria'!E40 -> 3 | F40: =+'C. B - Alcance 1 Declaratoria'!F40 -> 90000 | G40: =+F40*E40 -> 270000
A41: Gastos de viaje para diagnóstico del proyecto Q. Vibora (Municipio de Anorí y Amalfi) | B41: Jornadas | C41: =+'C. B - Alcance 1 Declaratoria'!C42 -> 1 | D41: =+'C. B - Alcance 1 Declaratoria'!D42 -> 3 | E41: =+'C. B - Alcance 1 Declaratoria'!E42 -> 3 | F41: =+'C. B - Alcance 1 Declaratoria'!F42 -> 90000 | G41: =+F41*E41 -> 270000
A42: Gastos de viaje - diagnostico RURH - R. Dolores (Municipio de Angostura) | B42: Día | C42: 10 | D42: =+'C. B - Alcance 1 Declaratoria'!D43 -> 3 | E42: =C42*D42 -> 30 | F42: =+'C. B - Alcance 1 Declaratoria'!F44 -> 90000 | G42: =+F42*E42 -> 2700000
A43: Gastos de viaje diagnóstico - Q. Yarumalito (Municipio de Yarumal) | B43: Día | C43: 10 | D43: 3 | E43: =C43*D43 -> 30 | F43: =+'C. B - Alcance 1 Declaratoria'!F45 -> 90000 | G43: =+F43*E43 -> 2700000
A44: Gastos de viaje - diagnóstico - Q. La Noque (Municipio de Caicedo) | B44: Día | C44: 10 | D44: 3 | E44: =C44*D44 -> 30 | F44: =+'C. B - Alcance 1 Declaratoria'!F46 -> 90000 | G44: =+F44*E44 -> 2700000
A45: Gastos de viaje -diagnóstico - Q. Sabaletas Trinidad (Municipio Montebello y Santa Barbará) | B45: Día | C45: 10 | D45: 3 | E45: =C45*D45 -> 30 | F45: =+'C. B - Alcance 1 Declaratoria'!F47 -> 90000 | G45: =+F45*E45 -> 2700000
A46: Gastos de viaje - diagnóstico - Q. Vibora (Municipio de Anorí y Amalfi) | B46: Día | C46: 10 | D46: 3 | E46: =C46*D46 -> 30 | F46: =+'C. B - Alcance 1 Declaratoria'!F48 -> 90000 | G46: =+F46*E46 -> 2700000
A47: VALOR COSTO TOTAL ACTIVIDAD 2.1 | G47: =SUM(G36:G46) -> 15850000
A48: VALOR COSTO UNITARIO ACTIVIDAD | B48: CANTIDAD | C48: =SUM(C37:C41) -> 5 | F48: V/U x ACTIVIDAD | G48: =G47/C48 -> 3170000
A49: Actividad 2.2 Visitas a usuarios, estructuras y demas aspectos relacionados con el diagnóstico | B49: UNIDAD DE MEDIDA | C49: CANTIDAD ITEM | D49: PERSONAS ACOMPAÑANTE | E49: TOTAL ACTIVIDAD (CANTIDAD X PERSONAL) | F49: VALOR UNITARIO ($) | G49: VALOR TOTAL ($)
A50: Transporte para diagnóstico R. Dolores (Municipio de Angostura) | B50: Viaje | C50: 1 | D50: 3 | E50: =C50*D50 -> 3 | F50: =+'C. B - Alcance 1 Declaratoria'!F52 -> 70000 | G50: =+F50*E50 -> 210000
A51: Transporte para diagnóstico Q. Yarumalito (Municipio de Yarumal) | B51: Viaje | C51: 1 | D51: 3 | E51: =C51*D51 -> 3 | F51: =+'C. B - Alcance 1 Declaratoria'!F53 -> 70000 | G51: =+F51*E51 -> 210000
A52: Transporte para diagnóstico Q. La Noque (Municipio Caicedo) | B52: Viaje | C52: 1 | D52: 3 | E52: =C52*D52 -> 3 | F52: =+'C. B - Alcance 1 Declaratoria'!F54 -> 70000 | G52: =+F52*E52 -> 210000
A53: Transporte para diagnóstico -Q. Sabaletas Trinidad (Municipio Montebello) | B53: Viaje | C53: 1 | D53: 3 | E53: =C53*D53 -> 3 | F53: =+'C. B - Alcance 1 Declaratoria'!F55 -> 70000 | G53: =+F53*E53 -> 210000
A54: Transporte para diagnóstico -Q. Sabaletas Trinidad (Municipio Santa Barbará) | B54: Viaje | C54: 1 | D54: 3 | E54: =C54*D54 -> 3 | F54: =+'C. B - Alcance 1 Declaratoria'!F56 -> 70000 | G54: =+F54*E54 -> 210000
A55: Transporte para diagnóstico Q. Vibora (Municipio de Anorí) | B55: Viaje | C55: 1 | D55: 3 | E55: =C55*D55 -> 3 | F55: =+'C. B - Alcance 1 Declaratoria'!F57 -> 70000 | G55: =+F55*E55 -> 210000
A56: Transporte para diagnóstico Q. Vibora (Municipio de Amalfi) | B56: Viaje | C56: 1 | D56: 3 | E56: =C56*D56 -> 3 | F56: =+'C. B - Alcance 1 Declaratoria'!F58 -> 70000 | G56: =+F56*E56 -> 210000
A57: Transporte para recorridos rurales R. Dolores (Municipio de Angostura) | B57: Viaje | C57: 10 | D57: =+D37 -> 3 | E57: =C57*D57 -> 30 | F57: =+'C. B - Alcance 1 Declaratoria'!F59 -> 70000 | G57: =+F57*E57 -> 2100000
A58: Transporte para recorridos rurales Q. Yarumalito (Municipio de Yarumal) | B58: Viaje | C58: 10 | D58: =+D38 -> 3 | E58: =C58*D58 -> 30 | F58: =+'C. B - Alcance 1 Declaratoria'!F60 -> 70000 | G58: =+F58*E58 -> 2100000
A59: Transporte para recorridos rurales Q. La Noque (Municipio Caicedo) | B59: Viaje | C59: 10 | D59: =+D39 -> 3 | E59: =C59*D59 -> 30 | F59: =+'C. B - Alcance 1 Declaratoria'!F61 -> 70000 | G59: =+F59*E59 -> 2100000
A60: Transporte para recorridos rurales -Q. Sabaletas Trinidad (Municipio Montebello y Santa Barbará) | B60: Viaje | C60: 10 | D60: =+D40 -> 3 | E60: =C60*D60 -> 30 | F60: =+'C. B - Alcance 1 Declaratoria'!F62 -> 70000 | G60: =+F60*E60 -> 2100000
A61: Transporte para recorridos rurales Q. Vibora (Municipio de Anorí y Amalfi) | B61: Viaje | C61: 10 | D61: =+D41 -> 3 | E61: =C61*D61 -> 30 | F61: =+'C. B - Alcance 1 Declaratoria'!F63 -> 70000 | G61: =+F61*E61 -> 2100000
A62: Transporte medellín a municipios y recorridos urbanos-R. Dolores (Municipio de Angostura) | B62: Viaje | C62: 3 | D62: 3 | E62: =C62*D62 -> 9 | F62: =+'C. B - Alcance 1 Declaratoria'!F64 -> 70000 | G62: =+F62*E62 -> 630000
A63: Transporte medellín a municipios y recorridos urbanos- Q. Yarumalito (Municipio de Yarumal) | B63: Viaje | C63: 3 | D63: 3 | E63: =C63*D63 -> 9 | F63: =+'C. B - Alcance 1 Declaratoria'!F65 -> 70000 | G63: =+F63*E63 -> 630000
A64: Transporte medellín a municipios y recorridos urbanos-Q. La Noque (Municipio de Caicedo) | B64: Viaje | C64: 3 | D64: 3 | E64: =C64*D64 -> 9 | F64: =+'C. B - Alcance 1 Declaratoria'!F66 -> 70000 | G64: =+F64*E64 -> 630000
A65: Transporte medellín a municipios y recorridos urbanos-Q. Sabaletas Trinidad (Municipio Montebello) | B65: Viaje | C65: 3 | D65: 3 | E65: =C65*D65 -> 9 | F65: =+'C. B - Alcance 1 Declaratoria'!F67 -> 70000 | G65: =+F65*E65 -> 630000
A66: Transporte medellín a municipios y recorridos urbanos-Q. Sabaletas Trinidad (Municipio Santa Barbará) | B66: Viaje | C66: 3 | D66: 3 | E66: =C66*D66 -> 9 | F66: =+'C. B - Alcance 1 Declaratoria'!F68 -> 70000 | G66: =+F66*E66 -> 630000
A67: Transporte medellín a municipios y recorridos urbanos-Q. Vibora (Municipio de Anorí) | B67: Viaje | C67: 3 | D67: 3 | E67: =C67*D67 -> 9 | F67: =+'C. B - Alcance 1 Declaratoria'!F69 -> 70000 | G67: =+F67*E67 -> 630000
A68: Transporte medellín a municipios y recorridos urbanos-Q. Vibora (Municipio de Amalfi) | B68: Viaje | C68: 3 | D68: 3 | E68: =C68*D68 -> 9 | F68: =+'C. B - Alcance 1 Declaratoria'!F70 -> 70000 | G68: =+F68*E68 -> 630000
A69: VALOR COSTO TOTAL ACTIVIDAD 2.2 | G69: =SUM(G50:G68) -> 16380000
A70: VALOR COSTO UNITARIO ACTIVIDAD | B70: CANTIDAD | C70: =SUM(C50:C68) -> 78 | F70: V/U x ACTIVIDAD | G70: =G69/C70 -> 210000
A71: VALOR TOTAL COSTOS DIRECTOS | G71: =+G69+G47 -> 32230000
A73: VALOR TOTAL ALCANCE 2 | G73: =G71+H29 -> 2.339855e+08

Sheet C. B - Alcance 3 Usos
A2: Cuadro B - Alcance 3
A4: 1. COSTOS DE PERSONAL
A5: ÍTEM | B5: CANTIDAD | C5: DEDICACION (%) | D5: UNIDAD DE MEDIDA | E5: CANTIDAD UNIDAD DE MEDIDA | F5: VALOR UNITARIO | G5: FACTOR PRESTACIONAL | H5: VALOR TOTAL
A6: Mano de Obra Calificada
A7: =+'Cuadro A - Presupuesto'!B10 -> Profesional con experiencia en el área ambiental – Coordinador de Proyectos | B7: 1 | C7: =+'Cuadro A - Presupuesto'!D10*0.25 -> 0.25 | D7: Mes | E7: =+'Cuadro A - Presupuesto'!F10 -> 14 | F7: =+'Cuadro A - Presupuesto'!G10 -> 3987342 | G7: 1.58 | H7: =+B7*C7*E7*F7*G7 -> 22050001
A8: =+'Cuadro A - Presupuesto'!B11 -> Profesional especialista socio -ambiental | B8: 1 | C8: =+'Cuadro A - Presupuesto'!D11*0.25 -> 0.25 | D8: Mes | E8: =+'Cuadro A - Presupuesto'!F11 -> 14 | F8: =+'Cuadro A - Presupuesto'!G11 -> 3322785 | G8: 1.58 | H8: =+B8*C8*E8*F8*G8 -> 18375001
A9: =+'Cuadro A - Presupuesto'!B12 -> Profesional especialista en hidrología | B9: 1 | C9: =+'Cuadro A - Presupuesto'!D12*0.25 -> 0.125 | D9: Mes | E9: =+'Cuadro A - Presupuesto'!F12 -> 14 | F9: =+'Cuadro A - Presupuesto'!G12 -> 3322785 | G9: 1.58 | H9: =+B9*C9*E9*F9*G9 -> 9187500.5
A10: =+'Cuadro A - Presupuesto'!B13 -> Profesional especialista en calidad y cantidad del agua | B10: 1 | C10: =+'Cuadro A - Presupuesto'!D13*0.25 -> 0.125 | D10: Mes | E10: =+'Cuadro A - Presupuesto'!F13 -> 14 | F10: =+'Cuadro A - Presupuesto'!G13 -> 3322785 | G10: 1.58 | H10: =+B10*C10*E10*F10*G10 -> 9187500.5
A11: =+'Cuadro A - Presupuesto'!B14 -> Profesional especialista en modelación | B11: 1 | C11: =+'Cuadro A - Presupuesto'!D14*0.25 -> 0.125 | D11: Mes | E11: =+'Cuadro A - Presupuesto'!F14 -> 14 | F11: =+'Cuadro A - Presupuesto'!G14 -> 3322785 | G11: 1.58 | H11: =+B11*C11*E11*F11*G11 -> 9187500.5
A12: =+'Cuadro A - Presupuesto'!B15 -> Profesional con experiencia en instrumentos económicos | B12: 1 | C12: =+'Cuadro A - Presupuesto'!D15*0.25 -> 0.125 | D12: Mes | E12: =+'Cuadro A - Presupuesto'!F15 -> 5 | F12: =+'Cuadro A - Presupuesto'!G15 -> 3322785 | G12: 1.58 | H12: =+B12*C12*E12*F12*G12 -> 3281250.2
A13: =+'Cuadro A - Presupuesto'!B16 -> Tecnólogos ambientales | B13: 5 | C13: =+'Cuadro A - Presupuesto'!D16*0.25 -> 0.25 | D13: Mes | E13: =+'Cuadro A - Presupuesto'!F16 -> 10 | F13: =+'Cuadro A - Presupuesto'!G16 -> 2120253 | G13: 1.58 | H13: =+B13*C13*E13*F13*G13 -> 41874997
A14: =+'Cuadro A - Presupuesto'!B17 -> Tecnólogo sin experiencia | B14: 2 | C14: =+'Cuadro A - Presupuesto'!D17*0.25 -> 0.25 | D14: Mes | E14: =+'Cuadro A - Presupuesto'!F17 -> 6 | F14: =+'Cuadro A - Presupuesto'!G17 -> 1827848 | G14: 1.58 | H14: =+B14*C14*E14*F14*G14 -> 8663999.5
A15: =+'Cuadro A - Presupuesto'!B18 -> Profesionales con experiencia en hidrobiología | B15: 1 | C15: =+'Cuadro A - Presupuesto'!D18*0.25 -> 0.125 | D15: Mes | E15: =+'Cuadro A - Presupuesto'!F18 -> 7 | F15: =+'Cuadro A - Presupuesto'!G18 -> 3322785 | G15: 1.58 | H15: =+B15*C15*E15*F15*G15 -> 4593750.3
A16: =+'Cuadro A - Presupuesto'!B19 -> Profesional en el área social | B16: 1 | C16: =+'Cuadro A - Presupuesto'!D19*0.25 -> 0.125 | D16: Mes | E16: =+'Cuadro A - Presupuesto'!F19 -> 14 | F16: =+'Cuadro A - Presupuesto'!G19 -> 3322785 | G16: 1.58 | H16: =+B16*C16*E16*F16*G16 -> 9187500.5
A17: =+'Cuadro A - Presupuesto'!B20 -> Profesional en el área de comunicaciones y diseño grafico | B17: 1 | C17: =+'Cuadro A - Presupuesto'!D20*0.25 -> 0.125 | D17: Mes | E17: =+'Cuadro A - Presupuesto'!F20 -> 14 | F17: =+'Cuadro A - Presupuesto'!G20 -> 3322785 | G17: 1.58 | H17: =+B17*C17*E17*F17*G17 -> 9187500.5
A18: =+'Cuadro A - Presupuesto'!B21 -> Profesional en SIG | B18: 1 | C18: =+'Cuadro A - Presupuesto'!D21*0.25 -> 0.125 | D18: Mes | E18: =+'Cuadro A - Presupuesto'!F21 -> 14 | F18: =+'Cuadro A - Presupuesto'!G21 -> 3322785 | G18: 1.58 | H18: =+B18*C18*E18*F18*G18 -> 9187500.5
... A27: =+'Cuadro A - Presupuesto'!B30 -> Bachiller promotor sin experiencia cuerpo de agua Q. Sabaletas T | B27: 1 | C27: =+'Cuadro A - Presupuesto'!D30*0.25 -> 0.25 | D27: Mes | E27: =+'Cuadro A - Presupuesto'!F30 -> 10 | F27: =+'Cuadro A - Presupuesto'!G30 -> 1003030 | G27: 1.65 | H27: =+B27*C27*E27*F27*G27 -> 4137498.8
A28: Subtotal Mano de Obra calificada | H28: =SUM(H7:H27) -> 2.017555e+08
A29: SUBTOTAL PERSONAL (Mano de Obra Calificada) | H29: =H28 -> 2.017555e+08
A31: 2. COSTOS DIRECTOS
A32: NOMBRE DEL COSTO DIRECTO | B32: Talleres modelacion
A33: UNIDAD DE MEDIDA PARA EL PRECIO UNITARIO | B33: Jornadas de capacitación
A34: ESPECIFICACIÓN TÉCNICA PARA EL PRECIO UNITARIO | B34: Realización de talleres
A35: Actividad 3.1 Fortalecimiento en modelación y planificación | B35: UNIDAD DE MEDIDA | C35: CANTIDAD ITEM | D35: PERSONAS POR ACTIVIDAD | E35: TOTAL ACTIVIDAD (CANTIDAD X PERSONAL) | F35: VALOR UNITARIO ($) | G35: VALOR TOTAL ($)
A36: Memorias | B36: Unidad | C36: 1 | D36: 100 | E36: =C36*D36 -> 100 | F36: 12300 | G36: =E36*F36 -> 1230000
A37: Kit academico (cuaderno+lapicero) | B37: Kit | C37: 1 | D37: 100 | E37: =C37*D37 -> 100 | F37: 5000 | G37: =E37*F37 -> 500000
A38: Refrigerios | B38: refrigerio/día | C38: 2 | D38: 100 | E38: =C38*D38 -> 200 | F38: 10000 | G38: =E38*F38 -> 2000000
A39: Almuerzo | B39: Almuerzo/día | C39: 1 | D39: 100 | E39: =C39*D39 -> 100 | F39: 20000 | G39: =E39*F39 -> 2000000
A40: VALOR COSTO TOTAL ACTIVIDAD 3.1 | G40: =SUM(G36:G39) -> 5730000
A41: VALOR COSTO UNITARIO ACTIVIDAD | B41: CANTIDAD | C41: 10 | F41: V/U x ACTIVIDAD | G41: =G40/C41 -> 573000
A42: VALOR TOTAL COSTOS DIRECTOS | G42: =G40 -> 5730000
A44: 2. COSTOS DIRECTOS
A45: NOMBRE DEL COSTO DIRECTO | B45: Proceso participativo para definición de usos actuales y potenciales
A46: UNIDAD DE MEDIDA PARA EL PRECIO UNITARIO | B46: Talleres
A47: ESPECIFICACIÓN TÉCNICA PARA EL PRECIO UNITARIO | B47: Realización de talleres
A48: Actividad 3.2 Definición de usos actuales y potenciales participativo | B48: UNIDAD DE MEDIDA | C48: CANTIDAD ITEM | D48: PERSONAS POR ACTIVIDAD | E48: TOTAL ACTIVIDAD (CANTIDAD X PERSONAL) | F48: VALOR UNITARIO ($) | G48: VALOR TOTAL ($)
A49: =+'C. B - Alcance 1 Declaratoria'!A36 -> Refrigerios (20 personas, 5 cuencas) | B49: =+'C. B - Alcance 1 Declaratoria'!B36 -> Refrigerios | C49: =+'C. B - Alcance 1 Declaratoria'!C36 -> 100 | D49: =+'C. B - Alcance 1 Declaratoria'!D36 -> NA | E49: =+'C. B - Alcance 1 Declaratoria'!E36 -> 100 | F49: =+'C. B - Alcance 1 Declaratoria'!F36 -> 10000 | G49: =+E49*F49 -> 1000000
A50: Gastos de viaje para definición usos del proyecto R. Dolores (Municipio de Angostura) | B50: Jornadas | C50: =+'C. B - Alcance 1 Declaratoria'!C37 -> 1 | D50: =+'C. B - Alcance 1 Declaratoria'!D37 -> 3 | E50: =+'C. B - Alcance 1 Declaratoria'!E37 -> 3 | F50: =+'C. B - Alcance 1 Declaratoria'!F37 -> 90000 | G50: =+E50*F50 -> 270000
A51: Gastos de viaje para definición usos del proyecto Q. Yarumalito (Municipio de Yarumal) | B51: Jornadas | C51: =+'C. B - Alcance 1 Declaratoria'!C38 -> 1 | D51: =+'C. B - Alcance 1 Declaratoria'!D38 -> 3 | E51: =+'C. B - Alcance 1 Declaratoria'!E38 -> 3 | F51: =+'C. B - Alcance 1 Declaratoria'!F38 -> 90000 | G51: =+E51*F51 -> 270000
A52: Gastos de viaje para definición usos del proyecto Q. La Noque (Municipio de Caicedo) | B52: Jornadas | C52: =+'C. B - Alcance 1 Declaratoria'!C39 -> 1 | D52: =+'C. B - Alcance 1 Declaratoria'!D39 -> 3 | E52: =+'C. B - Alcance 1 Declaratoria'!E39 -> 3 | F52: =+'C. B - Alcance 1 Declaratoria'!F39 -> 90000 | G52: =+E52*F52 -> 270000
A53: Gastos de viaje para definición usos del proyecto Q. Sabaletas Trinidad (Municipio Montebello y Santa Barbará) | B53: Jornadas | C53: =+'C. B - Alcance 1 Declaratoria'!C40 -> 1 | D53: =+'C. B - Alcance 1 Declaratoria'!D40 -> 3 | E53: =+'C. B - Alcance 1 Declaratoria'!E40 -> 3 | F53: =+'C. B - Alcance 1 Declaratoria'!F40 -> 90000 | G53: =+E53*F53 -> 270000
A54: Gastos de viaje para definición usos del proyecto Q. Vibora (Municipio de Anorí y Amalfi) | B54: Jornadas | C54: =+'C. B - Alcance 1 Declaratoria'!C42 -> 1 | D54: =+'C. B - Alcance 1 Declaratoria'!D42 -> 3 | E54: =+'C. B - Alcance 1 Declaratoria'!E42 -> 3 | F54: =+'C. B - Alcance 1 Declaratoria'!F42 -> 90000 | G54: =+E54*F54 -> 270000
A55: Gastos de viaje para talleres modelación | B55: Jornadas | C55: 10 | D55: 1 | E55: =+C55*D55 -> 10 | F55: =+F56 -> 90000 | G55: =+E55*F55 -> 900000
A56: Gastos de viaje - recorridos Usos- R. Dolores (Municipio de Angostura) | B56: Día | C56: 5 | D56: 3 | E56: =C56*D56 -> 15 | F56: =+'C. B - Alcance 2 Diagnostico'!F42 -> 90000 | G56: =+F56*E56 -> 1350000
A57: Gastos de viaje recorridos Usos - Q. Yarumalito (Municipio de Yarumal) | B57: Día | C57: 5 | D57: 3 | E57: =C57*D57 -> 15 | F57: =+'C. B - Alcance 2 Diagnostico'!F43 -> 90000 | G57: =+F57*E57 -> 1350000
A58: Gastos de viaje - recorridos Usos - Q. La Noque (Municipio de Caicedo) | B58: Día | C58: 5 | D58: 3 | E58: =C58*D58 -> 15 | F58: =+'C. B - Alcance 2 Diagnostico'!F44 -> 90000 | G58: =+F58*E58 -> 1350000
A59: Gastos de viaje - recorridos Usos- Q. Sabaletas Trinidad (Municipio Montebello y Santa Barbará) | B59: Día | C59: 5 | D59: 3 | E59: =C59*D59 -> 15 | F59: =+'C. B - Alcance 2 Diagnostico'!F45 -> 90000 | G59: =+F59*E59 -> 1350000
A60: Gastos de viaje - P recorridos Usos - Q. Vibora (Municipio de Anorí y Amalfi) | B60: Día | C60: 5 | D60: 3 | E60: =C60*D60 -> 15 | F60: =+'C. B - Alcance 2 Diagnostico'!F46 -> 90000 | G60: =+F60*E60 -> 1350000
A61: VALOR COSTO TOTAL ACTIVIDAD 3.2 | G61: =SUM(G49:G60) -> 10000000
A62: VALOR COSTO UNITARIO ACTIVIDAD | B62: CANTIDAD | C62: 5 | F62: V/U x ACTIVIDAD | G62: =G61/C62 -> 2000000
A63: Actividad 3.3 Transporte a municipios para definición de usos actuales y potenciales | B63: UNIDAD DE MEDIDA | C63: CANTIDAD ITEM | D63: PERSONAS ACOMPAÑANTE | E63: TOTAL ACTIVIDAD (CANTIDAD X PERSONAL) | F63: VALOR UNITARIO ($) | G63: VALOR TOTAL ($)
A64: Transporte para definición usos R. Dolores (Municipio de Angostura) | B64: Viaje | C64: 1 | D64: 3 | E64: =C64*D64 -> 3 | F64: =+'C. B - Alcance 1 Declaratoria'!F52 -> 70000 | G64: =+F64*E64 -> 210000
A65: Transporte para definición usos Q. Yarumalito (Municipio de Yarumal) | B65: Viaje | C65: 1 | D65: 3 | E65: =C65*D65 -> 3 | F65: =+'C. B - Alcance 1 Declaratoria'!F53 -> 70000 | G65: =+F65*E65 -> 210000
A66: Transporte para definición usos Q. La Noque (Municipio Caicedo) | B66: Viaje | C66: 1 | D66: 3 | E66: =C66*D66 -> 3 | F66: =+'C. B - Alcance 1 Declaratoria'!F54 -> 70000 | G66: =+F66*E66 -> 210000
A67: Transporte para definición usos -Q. Sabaletas Trinidad (Municipio Montebello) | B67: Viaje | C67: 1 | D67: 3 | E67: =C67*D67 -> 3 | F67: =+'C. B - Alcance 1 Declaratoria'!F55 -> 70000 | G67: =+F67*E67 -> 210000
A68: Transporte para definición usos -Q. Sabaletas Trinidad (Municipio Santa Barbará) | B68: Viaje | C68: 1 | D68: 3 | E68: =C68*D68 -> 3 | F68: =+'C. B - Alcance 1 Declaratoria'!F56 -> 70000 | G68: =+F68*E68 -> 210000
A69: Transporte para definición usos Q. Vibora (Municipio de Anorí) | B69: Viaje | C69: 1 | D69: 3 | E69: =C69*D69 -> 3 | F69: =+'C. B - Alcance 1 Declaratoria'!F57 -> 70000 | G69: =+F69*E69 -> 210000
A70: Transporte para definición usos Q. Vibora (Municipio de Amalfi) | B70: Viaje | C70: 1 | D70: 3 | E70: =C70*D70 -> 3 | F70: =+'C. B - Alcance 1 Declaratoria'!F58 -> 70000 | G70: =+F70*E70 -> 210000
A71: Transporte para modelación R. Dolores (Municipio de Angostura) | B71: Viaje | C71: 1 | D71: 1 | E71: =C71*D71 -> 1 | F71: =+F64 -> 70000 | G71: =+F71*E71 -> 70000
A72: Transporte para modelación usos Q. Yarumalito (Municipio de Yarumal) | B72: Viaje | C72: 1 | D72: 1 | E72: =C72*D72 -> 1 | F72: =+F65 -> 70000 | G72: =+F72*E72 -> 70000
A73: Transporte para modelación usos Q. La Noque (Municipio Caicedo) | B73: Viaje | C73: 1 | D73: 1 | E73: =C73*D73 -> 1 | F73: =+F66 -> 70000 | G73: =+F73*E73 -> 70000
A74: Transporte para modelación usos -Q. Sabaletas Trinidad (Municipio Montebello) | B74: Viaje | C74: 1 | D74: 1 | E74: =C74*D74 -> 1 | F74: =+F67 -> 70000 | G74: =+F74*E74 -> 70000
A75: Transporte para modelación usos Q. Vibora (Municipio de Amalfi) | B75: Viaje | C75: 1 | D75: 1 | E75: =C75*D75 -> 1 | F75: =+'C. B - Alcance 1 Declaratoria'!F65 -> 70000 | G75: =+F75*E75 -> 70000
A76: Transporte para recorridos rurales R. Dolores (Municipio de Angostura) | B76: Viaje | C76: 5 | D76: =+D50 -> 3 | E76: =C76*D76 -> 15 | F76: =+'C. B - Alcance 1 Declaratoria'!F59 -> 70000 | G76: =+F76*E76 -> 1050000
A77: Transporte para recorridos rurales Q. Yarumalito (Municipio de Yarumal) | B77: Viaje | C77: 5 | D77: =+D51 -> 3 | E77: =C77*D77 -> 15 | F77: =+'C. B - Alcance 1 Declaratoria'!F60 -> 70000 | G77: =+F77*E77 -> 1050000
A78: Transporte para recorridos rurales Q. La Noque (Municipio Caicedo) | B78: Viaje | C78: 5 | D78: =+D52 -> 3 | E78: =C78*D78 -> 15 | F78: =+'C. B - Alcance 1 Declaratoria'!F61 -> 70000 | G78: =+F78*E78 -> 1050000
A79: Transporte para recorridos rurales -Q. Sabaletas Trinidad (Municipio Montebello y Santa Barbará) | B79: Viaje | C79: 5 | D79: =+D53 -> 3 | E79: =C79*D79 -> 15 | F79: =+'C. B - Alcance 1 Declaratoria'!F62 -> 70000 | G79: =+F79*E79 -> 1050000
A80: Transporte para recorridos rurales Q. Vibora (Municipio de Anorí y Amalfi) | B80: Viaje | C80: 5 | D80: =+D54 -> 3 | E80: =C80*D80 -> 15 | F80: =+'C. B - Alcance 1 Declaratoria'!F63 -> 70000 | G80: =+F80*E80 -> 1050000
A81: Transporte medellín a municipios y recorridos urbanos-R. Dolores (Municipio de Angostura) | B81: Viaje | C81: 1 | D81: 3 | E81: =C81*D81 -> 3 | F81: =+'C. B - Alcance 1 Declaratoria'!F64 -> 70000 | G81: =+F81*E81 -> 210000
A82: Transporte medellín a municipios y recorridos urbanos- Q. Yarumalito (Municipio de Yarumal) | B82: Viaje | C82: 1 | D82: 3 | E82: =C82*D82 -> 3 | F82: =+'C. B - Alcance 1 Declaratoria'!F65 -> 70000 | G82: =+F82*E82 -> 210000
A83: Transporte medellín a municipios y recorridos urbanos-Q. La Noque (Municipio de Caicedo) | B83: Viaje | C83: 1 | D83: 3 | E83: =C83*D83 -> 3 | F83: =+'C. B - Alcance 1 Declaratoria'!F66 -> 70000 | G83: =+F83*E83 -> 210000
A84: Transporte medellín a municipios y recorridos urbanos-Q. Sabaletas Trinidad (Municipio Montebello) | B84: Viaje | C84: 1 | D84: 3 | E84: =C84*D84 -> 3 | F84: =+'C. B - Alcance 1 Declaratoria'!F67 -> 70000 | G84: =+F84*E84 -> 210000
A85: Transporte medellín a municipios y recorridos urbanos-Q. Sabaletas Trinidad (Municipio Santa Barbará) | B85: Viaje | C85: 1 | D85: 3 | E85: =C85*D85 -> 3 | F85: =+'C. B - Alcance 1 Declaratoria'!F68 -> 70000 | G85: =+F85*E85 -> 210000
A86: Transporte medellín a municipios y recorridos urbanos-Q. Vibora (Municipio de Anorí) | B86: Viaje | C86: 1 | D86: 3 | E86: =C86*D86 -> 3 | F86: =+'C. B - Alcance 1 Declaratoria'!F69 -> 70000 | G86: =+F86*E86 -> 210000
A87: Transporte medellín a municipios y recorridos urbanos-Q. Vibora (Municipio de Amalfi) | B87: Viaje | C87: 1 | D87: 3 | E87: =C87*D87 -> 3 | F87: =+'C. B - Alcance 1 Declaratoria'!F70 -> 70000 | G87: =+F87*E87 -> 210000
A88: VALOR COSTO TOTAL ACTIVIDAD 3.3 | G88: =SUM(G64:G87) -> 8540000
A89: VALOR COSTO UNITARIO ACTIVIDAD | B89: CANTIDAD | C89: =SUM(C64:C87) -> 44 | F89: V/U x ACTIVIDAD | G89: =G88/C89 -> 194090.91
A90: VALOR TOTAL COSTOS DIRECTOS | G90: =+G88+G61+G42 -> 24270000
A92: VALOR TOTAL ALCANCE 3 | G92: =G90+H29 -> 2.260255e+08
A98: OSCAR HERNANDO SUAREZ AREVALO
A99: C.C. No 79.531.170 de Bogotá D.C
A100: Representante Legal
A101: CONSORCIO PORH 2020

Sheet C. B - Alcance 4 Elaboración
A2: Cuadro B - Alcance 4
A4: 1. COSTOS DE PERSONAL
A5: ÍTEM | B5: CANTIDAD | C5: DEDICACION (%) | D5: UNIDAD DE MEDIDA | E5: CANTIDAD UNIDAD DE MEDIDA | F5: VALOR UNITARIO | G5: FACTOR PRESTACIONAL | H5: VALOR TOTAL
A6: Mano de Obra Calificada
A7: =+'Cuadro A - Presupuesto'!B10 -> Profesional con experiencia en el área ambiental – Coordinador de Proyectos | B7: 1 | C7: =+'Cuadro A - Presupuesto'!D10*0.25 -> 0.25 | D7: Mes | E7: ='Cuadro A - Presupuesto'!F10 -> 14 | F7: =+'Cuadro A - Presupuesto'!G10 -> 3987342 | G7: 1.58 | H7: =+B7*C7*E7*F7*G7 -> 22050001
A8: =+'Cuadro A - Presupuesto'!B11 -> Profesional especialista socio -ambiental | B8: 1 | C8: =+'Cuadro A - Presupuesto'!D11*0.25 -> 0.25 | D8: Mes | E8: ='Cuadro A - Presupuesto'!F11 -> 14 | F8: =+'Cuadro A - Presupuesto'!G11 -> 3322785 | G8: 1.58 | H8: =+B8*C8*E8*F8*G8 -> 18375001
A9: =+'Cuadro A - Presupuesto'!B12 -> Profesional especialista en hidrología | B9: 1 | C9: =+'Cuadro A - Presupuesto'!D12*0.25 -> 0.125 | D9: Mes | E9: ='Cuadro A - Presupuesto'!F12 -> 14 | F9: =+'Cuadro A - Presupuesto'!G12 -> 3322785 | G9: 1.58 | H9: =+B9*C9*E9*F9*G9 -> 9187500.5
A10: =+'Cuadro A - Presupuesto'!B13 -> Profesional especialista en calidad y cantidad del agua | B10: 1 | C10: =+'Cuadro A - Presupuesto'!D13*0.25 -> 0.125 | D10: Mes | E10: ='Cuadro A - Presupuesto'!F13 -> 14 | F10: =+'Cuadro A - Presupuesto'!G13 -> 3322785 | G10: 1.58 | H10: =+B10*C10*E10*F10*G10 -> 9187500.5
A11: =+'Cuadro A - Presupuesto'!B14 -> Profesional especialista en modelación | B11: 1 | C11: =+'Cuadro A - Presupuesto'!D14*0.25 -> 0.125 | D11: Mes | E11: ='Cuadro A - Presupuesto'!F14 -> 14 | F11: =+'Cuadro A - Presupuesto'!G14 -> 3322785 | G11: 1.58 | H11: =+B11*C11*E11*F11*G11 -> 9187500.5
A12: =+'Cuadro A - Presupuesto'!B15 -> Profesional con experiencia en instrumentos económicos | B12: 1 | C12: =+'Cuadro A - Presupuesto'!D15*0.25 -> 0.125 | D12: Mes | E12: ='Cuadro A - Presupuesto'!F15 -> 5 | F12: =+'Cuadro A - Presupuesto'!G15 -> 3322785 | G12: 1.58 | H12: =+B12*C12*E12*F12*G12 -> 3281250.2
A13: =+'Cuadro A - Presupuesto'!B16 -> Tecnólogos ambientales | B13: 5 | C13: =+'Cuadro A - Presupuesto'!D16*0.25 -> 0.25 | D13: Mes | E13: ='Cuadro A - Presupuesto'!F16 -> 10 | F13: =+'Cuadro A - Presupuesto'!G16 -> 2120253 | G13: 1.58 | H13: =+B13*C13*E13*F13*G13 -> 41874997
A14: =+'Cuadro A - Presupuesto'!B17 -> Tecnólogo sin experiencia | B14: 2 | C14: =+'Cuadro A - Presupuesto'!D17*0.25 -> 0.25 | D14: Mes | E14: ='Cuadro A - Presupuesto'!F17 -> 6 | F14: =+'Cuadro A - Presupuesto'!G17 -> 1827848 | G14: 1.58 | H14: =+B14*C14*E14*F14*G14 -> 8663999.5
A15: =+'Cuadro A - Presupuesto'!B18 -> Profesionales con experiencia en hidrobiología | B15: 1 | C15: =+'Cuadro A - Presupuesto'!D18*0.25 -> 0.125 | D15: Mes | E15: ='Cuadro A - Presupuesto'!F18 -> 7 | F15: =+'Cuadro A - Presupuesto'!G18 -> 3322785 | G15: 1.58 | H15: =+B15*C15*E15*F15*G15 -> 4593750.3
A16: =+'Cuadro A - Presupuesto'!B19 -> Profesional en el área social | B16: 1 | C16: =+'Cuadro A - Presupuesto'!D19*0.25 -> 0.125 | D16: Mes | E16: ='Cuadro A - Presupuesto'!F19 -> 14 | F16: =+'Cuadro A - Presupuesto'!G19 -> 3322785 | G16: 1.58 | H16: =+B16*C16*E16*F16*G16 -> 9187500.5
A17: =+'Cuadro A - Presupuesto'!B20 -> Profesional en el área de comunicaciones y diseño grafico | B17: 1 | C17: =+'Cuadro A - Presupuesto'!D20*0.25 -> 0.125 | D17: Mes | E17: ='Cuadro A - Presupuesto'!F20 -> 14 | F17: =+'Cuadro A - Presupuesto'!G20 -> 3322785 | G17: 1.58 | H17: =+B17*C17*E17*F17*G17 -> 9187500.5
A18: =+'Cuadro A - Presupuesto'!B21 -> Profesional en SIG | B18: 1 | C18: =+'Cuadro A - Presupuesto'!D21*0.25 -> 0.125 | D18: Mes | E18: ='Cuadro A - Presupuesto'!F21 -> 14 | F18: =+'Cuadro A - Presupuesto'!G21 -> 3322785 | G18: 1.58 | H18: =+B18*C18*E18*F18*G18 -> 9187500.5
... A27: =+'Cuadro A - Presupuesto'!B30 -> Bachiller promotor sin experiencia cuerpo de agua Q. Sabaletas T | B27: 1 | C27: =+'Cuadro A - Presupuesto'!D30*0.25 -> 0.25 | D27: Mes | E27: ='Cuadro A - Presupuesto'!F30 -> 10 | F27: =+'Cuadro A - Presupuesto'!G30 -> 1003030 | G27: 1.65 | H27: =+B27*C27*E27*F27*G27 -> 4137498.8
A28: Subtotal Mano de Obra calificada | H28: =SUM(H7:H27) -> 2.017555e+08
A29: SUBTOTAL PERSONAL (Mano de Obra Calificada) | H29: =H28 -> 2.017555e+08
A31: 2. COSTOS DIRECTOS
A32: NOMBRE DEL COSTO DIRECTO | B32: Proceso participativo para fase de formulación
A33: UNIDAD DE MEDIDA PARA EL PRECIO UNITARIO | B33: Talleres
A34: ESPECIFICACIÓN TÉCNICA PARA EL PRECIO UNITARIO | B34: Realización de talleres
A35: Actividad 4.1 fase de formulación participativa | B35: UNIDAD DE MEDIDA | C35: CANTIDAD ITEM | D35: PERSONAS POR ACTIVIDAD | E35: TOTAL ACTIVIDAD (CANTIDAD X PERSONAL) | F35: VALOR UNITARIO ($) | G35: VALOR TOTAL ($)
A36: =+'C. B - Alcance 3 Usos'!A49 -> Refrigerios (20 personas, 5 cuencas) | B36: =+'C. B - Alcance 3 Usos'!B49 -> Refrigerios | C36: =+'C. B - Alcance 3 Usos'!C49 -> 100 | D36: =+'C. B - Alcance 3 Usos'!D49 -> NA | E36: =+'C. B - Alcance 3 Usos'!E49 -> 100 | F36: =+'C. B - Alcance 3 Usos'!F49 -> 10000 | G36: =+'C. B - Alcance 3 Usos'!G49 -> 1000000
A37: Gastos de viaje para elaboración del plan del proyecto R. Dolores (Municipio de Angostura) | B37: =+'C. B - Alcance 3 Usos'!B50 -> Jornadas | C37: =+'C. B - Alcance 3 Usos'!C50 -> 1 | D37: =+'C. B - Alcance 3 Usos'!D50 -> 3 | E37: =+'C. B - Alcance 3 Usos'!E50 -> 3 | F37: =+'C. B - Alcance 3 Usos'!F50 -> 90000 | G37: =+'C. B - Alcance 3 Usos'!G50 -> 270000
A38: Gastos de viaje para elaboración del plan del proyecto Q. Yarumalito (Municipio de Yarumal) | B38: =+'C. B - Alcance 3 Usos'!B51 -> Jornadas | C38: =+'C. B - Alcance 3 Usos'!C51 -> 1 | D38: =+'C. B - Alcance 3 Usos'!D51 -> 3 | E38: =+'C. B - Alcance 3 Usos'!E51 -> 3 | F38: =+'C. B - Alcance 3 Usos'!F51 -> 90000 | G38: =+'C. B - Alcance 3 Usos'!G51 -> 270000
A39: Gastos de viaje para elaboración del plan del proyecto Q. La Noque (Municipio de Caicedo) | B39: =+'C. B - Alcance 3 Usos'!B52 -> Jornadas | C39: =+'C. B - Alcance 3 Usos'!C52 -> 1 | D39: =+'C. B - Alcance 3 Usos'!D52 -> 3 | E39: =+'C. B - Alcance 3 Usos'!E52 -> 3 | F39: =+'C. B - Alcance 3 Usos'!F52 -> 90000 | G39: =+'C. B - Alcance 3 Usos'!G52 -> 270000
A40: Gastos de viaje para elaboración del plan del proyecto Q. Sabaletas Trinidad (Municipio Montebello y Santa Barbará) | B40: =+'C. B - Alcance 3 Usos'!B53 -> Jornadas | C40: =+'C. B - Alcance 3 Usos'!C53 -> 1 | D40: =+'C. B - Alcance 3 Usos'!D53 -> 3 | E40: =+'C. B - Alcance 3 Usos'!E53 -> 3 | F40: =+'C. B - Alcance 3 Usos'!F53 -> 90000 | G40: =+'C. B - Alcance 3 Usos'!G53 -> 270000
A41: Gastos de viaje para elaboración del plan del proyecto Q. Vibora (Municipio de Anorí y Amalfi) | B41: =+'C. B - Alcance 3 Usos'!B54 -> Jornadas | C41: =+'C. B - Alcance 3 Usos'!C54 -> 1 | D41: =+'C. B - Alcance 3 Usos'!D54 -> 3 | E41: =+'C. B - Alcance 3 Usos'!E54 -> 3 | F41: =+'C. B - Alcance 3 Usos'!F54 -> 90000 | G41: =+'C. B - Alcance 3 Usos'!G54 -> 270000
A42: Gastos de viaje - recorridos (Municipio de Angostura) | B42: Día | C42: 5 | D42: 3 | E42: =C42*D42 -> 15 | F42: =+'C. B - Alcance 1 Declaratoria'!F44 -> 90000 | G42: =+F42*E42 -> 1350000
A43: Gastos de viaje recorridos - Q. Yarumalito (Municipio de Yarumal) | B43: Día | C43: 5 | D43: 3 | E43: =C43*D43 -> 15 | F43: =+'C. B - Alcance 1 Declaratoria'!F45 -> 90000 | G43: =+F43*E43 -> 1350000
A44: Gastos de viaje - recorridos - Q. La Noque (Municipio de Caicedo) | B44: Día | C44: 5 | D44: 3 | E44: =C44*D44 -> 15 | F44: =+'C. B - Alcance 1 Declaratoria'!F46 -> 90000 | G44: =+F44*E44 -> 1350000
A45: Gastos de viaje -recorridos - Q. Sabaletas Trinidad (Municipio Montebello y Santa Barbará) | B45: Día | C45: 5 | D45: 3 | E45: =C45*D45 -> 15 | F45: =+'C. B - Alcance 1 Declaratoria'!F47 -> 90000 | G45: =+F45*E45 -> 1350000
A46: Gastos de viaje - recorridos - Q. Vibora (Municipio de Anorí y Amalfi) | B46: Día | C46: 5 | D46: 3 | E46: =C46*D46 -> 15 | F46: =+'C. B - Alcance 1 Declaratoria'!F48 -> 90000 | G46: =+F46*E46 -> 1350000
A47: VALOR COSTO TOTAL ACTIVIDAD 4.1 | G47: =SUM(G36:G46) -> 9100000
A48: VALOR COSTO UNITARIO ACTIVIDAD | B48: CANTIDAD | C48: 5 | F48: V/U x ACTIVIDAD | G48: =G47/C48 -> 1820000
A49: Actividad 4.2 Transporte a municipios para fase de formulación | B49: UNIDAD DE MEDIDA | C49: CANTIDAD ITEM | D49: PERSONAS ACOMPAÑANTE | E49: TOTAL ACTIVIDAD (CANTIDAD X PERSONAL) | F49: VALOR UNITARIO ($) | G49: VALOR TOTAL ($)
A50: Transporte para elaboración del plan R. Dolores (Municipio de Angostura) | B50: Viaje | C50: 1 | D50: 3 | E50: =C50*D50 -> 3 | F50: =+'C. B - Alcance 3 Usos'!F64 -> 70000 | G50: =+F50*E50 -> 210000
A51: Transporte para elaboración del plan Q. Yarumalito (Municipio de Yarumal) | B51: Viaje | C51: 1 | D51: 3 | E51: =C51*D51 -> 3 | F51: =+'C. B - Alcance 3 Usos'!F65 -> 70000 | G51: =+F51*E51 -> 210000
A52: Transporte para elaboración del plan Q. La Noque (Municipio Caicedo) | B52: Viaje | C52: 1 | D52: 3 | E52: =C52*D52 -> 3 | F52: =+'C. B - Alcance 3 Usos'!F66 -> 70000 | G52: =+F52*E52 -> 210000
A53: Transporte para elaboración del plan -Q. Sabaletas Trinidad (Municipio Montebello ) | B53: Viaje | C53: 1 | D53: 3 | E53: =C53*D53 -> 3 | F53: =+'C. B - Alcance 3 Usos'!F67 -> 70000 | G53: =+F53*E53 -> 210000
A54: Transporte para elaboración del plan -Q. Sabaletas Trinidad (Municipio Santa Barbará) | B54: Viaje | C54: 1 | D54: 3 | E54: =C54*D54 -> 3 | F54: =+'C. B - Alcance 3 Usos'!F68 -> 70000 | G54: =+F54*E54 -> 210000
A55: Transporte para elaboración del plan Q. Vibora (Municipio de Anorí) | B55: Viaje | C55: 1 | D55: 3 | E55: =C55*D55 -> 3 | F55: =+'C. B - Alcance 3 Usos'!F69 -> 70000 | G55: =+F55*E55 -> 210000
A56: Transporte para elaboración del plan Q. Vibora (Municipio de Amalfi) | B56: Viaje | C56: 1 | D56: 3 | E56: =C56*D56 -> 3 | F56: =+'C. B - Alcance 3 Usos'!F70 -> 70000 | G56: =+F56*E56 -> 210000
A57: Transporte para recorridos elaboración del plan rurales R. Dolores (Municipio de Angostura) | B57: Viaje | C57: 5 | D57: =+D37 -> 3 | E57: =C57*D57 -> 15 | F57: =+'C. B - Alcance 1 Declaratoria'!F59 -> 70000 | G57: =+F57*E57 -> 1050000
A58: Transporte para recorridos elaboración del plan rurales Q. Yarumalito (Municipio de Yarumal) | B58: Viaje | C58: 5 | D58: =+D38 -> 3 | E58: =C58*D58 -> 15 | F58: =+'C. B - Alcance 1 Declaratoria'!F60 -> 70000 | G58: =+F58*E58 -> 1050000
A59: Transporte para recorridos elaboración del planrurales Q. La Noque (Municipio Caicedo) | B59: Viaje | C59: 5 | D59: =+D39 -> 3 | E59: =C59*D59 -> 15 | F59: =+'C. B - Alcance 1 Declaratoria'!F61 -> 70000 | G59: =+F59*E59 -> 1050000
A60: Transporte para recorridos elaboración del plan rurales -Q. Sabaletas Trinidad (Municipio Montebello y Santa Barbará) | B60: Viaje | C60: 5 | D60: =+D40 -> 3 | E60: =C60*D60 -> 15 | F60: =+'C. B - Alcance 1 Declaratoria'!F62 -> 70000 | G60: =+F60*E60 -> 1050000
A61: Transporte para recorridos elaboración del plan rurales Q. Vibora (Municipio de Anorí y Amalfi) | B61: Viaje | C61: 5 | D61: =+D41 -> 3 | E61: =C61*D61 -> 15 | F61: =+'C. B - Alcance 1 Declaratoria'!F63 -> 70000 | G61: =+F61*E61 -> 1050000
A62: Transporte medellín a municipios y recorridos urbanos-R. Dolores (Municipio de Angostura) | B62: Viaje | C62: 1 | D62: 3 | E62: =C62*D62 -> 3 | F62: =+'C. B - Alcance 1 Declaratoria'!F64 -> 70000 | G62: =+F62*E62 -> 210000
A63: Transporte medellín a municipios y recorridos urbanos- Q. Yarumalito (Municipio de Yarumal) | B63: Viaje | C63: 1 | D63: 3 | E63: =C63*D63 -> 3 | F63: =+'C. B - Alcance 1 Declaratoria'!F65 -> 70000 | G63: =+F63*E63 -> 210000
A64: Transporte medellín a municipios y recorridos urbanos-Q. La Noque (Municipio de Caicedo) | B64: Viaje | C64: 1 | D64: 3 | E64: =C64*D64 -> 3 | F64: =+'C. B - Alcance 1 Declaratoria'!F66 -> 70000 | G64: =+F64*E64 -> 210000
A65: Transporte medellín a municipios y recorridos urbanos-Q. Sabaletas Trinidad (Municipio Montebello) | B65: Viaje | C65: 1 | D65: 3 | E65: =C65*D65 -> 3 | F65: =+'C. B - Alcance 1 Declaratoria'!F67 -> 70000 | G65: =+F65*E65 -> 210000
A66: Transporte medellín a municipios y recorridos urbanos-Q. Sabaletas Trinidad (Municipio Santa Barbará) | B66: Viaje | C66: 1 | D66: 3 | E66: =C66*D66 -> 3 | F66: =+'C. B - Alcance 1 Declaratoria'!F68 -> 70000 | G66: =+F66*E66 -> 210000
A67: Transporte medellín a municipios y recorridos urbanos-Q. Vibora (Municipio de Anorí) | B67: Viaje | C67: 1 | D67: 3 | E67: =C67*D67 -> 3 | F67: =+'C. B - Alcance 1 Declaratoria'!F69 -> 70000 | G67: =+F67*E67 -> 210000
A68: Transporte medellín a municipios y recorridos urbanos-Q. Vibora (Municipio de Amalfi) | B68: Viaje | C68: 1 | D68: 3 | E68: =C68*D68 -> 3 | F68: =+'C. B - Alcance 1 Declaratoria'!F70 -> 70000 | G68: =+F68*E68 -> 210000
A69: VALOR COSTO TOTAL ACTIVIDAD 4.2 | G69: =SUM(G50:G68) -> 8190000
A70: VALOR COSTO UNITARIO ACTIVIDAD | B70: CANTIDAD | C70: =SUM(C50:C68) -> 39 | F70: V/U x ACTIVIDAD | G70: =G69/C70 -> 210000
A71: VALOR TOTAL COSTOS DIRECTOS | G71: =+G47+G69 -> 17290000
A73: VALOR TOTAL ALCANCE 4 | G73: =G71+H29 -> 2.190455e+08
A78: OSCAR HERNANDO SUAREZ AREVALO
A79: C.C. No 79.531.170 de Bogotá D.C
A80: Representante Legal
